Workbook
Name _\a: #REF!
Name _\b: #REF!
Name _\c: #REF!
Name _\eliminar: [1]RESUM96!#REF!
Name _\eliminar1: [1]RESUM96!#REF!
Name _\m: #REF!
Name _\q: #REF!
Name _\w: #N/A
Name _\z: #REF!
Name __\a: #REF!
Name __\b: #REF!
Name __\eliminar: [1]RESUM96!#REF!
Name __\eliminar1: [1]RESUM96!#REF!
Name __\q: #REF!
Name ___\a: #REF!
Name ___\b: #REF!
Name ___\eliminar: [1]RESUM96!#REF!
Name ___\eliminar1: [1]RESUM96!#REF!
Name ___\q: #REF!
Name ____\a: #REF!
Name ____\b: #REF!
Name ____\eliminar: [1]RESUM96!#REF!
Name ____\eliminar1: [1]RESUM96!#REF!
Name ____\q: #REF!
Name ___________________l9001: '[2]Plan auditoría'!#REF!
Name __________________l9001: '[2]Plan auditoría'!#REF!
Name ________________A16403: #REF!
Name ________________l9001: '[2]Plan auditoría'!#REF!
Name _______________A164063: #REF!
Name _______________EST1: #REF!
Name _______________EST10: #REF!
Name _______________EST11: #REF!
Name _______________EST12: #REF!
Name _______________EST13: #REF!
Name _______________EST14: #REF!
Name _______________EST15: #REF!
Name _______________EST16: #REF!
Name _______________EST17: #REF!
Name _______________EST18: #REF!
Name _______________EST19: #REF!
Name _______________EST2: #REF!
Name _______________EST3: #REF!
Name _______________EST4: #REF!
Name _______________EST5: #REF!
Name _______________EST6: #REF!
Name _______________EST7: #REF!
Name _______________EST8: #REF!
Name _______________EST9: #REF!
Name _______________EXC1: #REF!
Name _______________EXC10: #REF!
Name _______________EXC11: #REF!
Name _______________EXC12: #REF!
Name _______________EXC2: #REF!
Name _______________EXC3: #REF!
Name _______________EXC4: #REF!
Name _______________EXC5: #REF!
Name _______________EXC6: #REF!
Name _______________EXC7: #REF!
Name _______________EXC8: #REF!
Name _______________EXC9: #REF!

Sheet PRESUPUESTO 
B4: PRESUPUESTO OFICIAL
B5: OBJETO: | E5: RECUPERACION Y CONSERVACIÓN DE ÁREAS DE IMPORTANCIA ESTRATEGICA DE LA ZONA DE INFLUENCIA DEL COMPLEJO CENAGOSO DE CASCALOA DE MAGANGUÉ, BOLÍVAR
B7: PRESUPUESTO DE CONSTRUCCION
B9: No. | C9: ÌTEM DE PAGO | D9: ESPECIFICACIONES | F9: Descripcion | G9: Unidad | H9: Cantidad | I9: Valor Unitario | J9: Valor parcial
D10: GENERAL 2022 | E10: PARTICULAR
B12: 1 | C12: PRELIMINARES Y COMPLEMENTARIAS
B13: =B12+0.1 -> 1.1 | F13: Realizar el desplazamiento del equipo al sitio de la obra | G13: UND | H13: ='1.1'!M26 -> 8 | I13: ='APU CAP 1 ITEM-1.1'!H59 -> 20000000 | J13: =+ROUND(H13*I13,3) -> 1.6e+08
B14: =B13+0.1 -> 1.2 | F14: Realizar trabajos topográficos y batimétricos para la localización, trazado y replanteo (2 recorridos) | G14: MES | H14: ='1.2'!M26 -> 8 | I14: ='APU CAP 1 ITEM-1.2'!H59 -> 16000000 | J14: =+ROUND(H14*I14,3) -> 1.28e+08
F15: =CONCATENATE("Subtotal Capitulo: ",B12) -> Subtotal Capitulo: 1 | J15: =ROUND(SUM(J13:J14),3) -> 2.88e+08
B17: 2 | C17: EXPLANACIONES
B18: =B17+0.1 -> 2.1 | C18: 200.2 | D18: 200-22 | F18: Retiro de especies invasivas de flora acuática área de caño y ciénaga | G18: M2 | H18: ='2.1'!M26 -> 339520 | I18: ='APU CAP 2 ITEM- 2.1'!H55 -> 8823.1 | J18: =+ROUND(H18*I18,3) -> 2995618912
B19: =B18+0.1 -> 2.2 | C19: 210.1.1 | D19: 210-22 | F19: Realizar la excavación con maquina en lecho de caños y Ciénegas priorizados para el complejo hídricos de Cascaloa (Magangué) | G19: M3 | H19: ='2.2'!M26 -> 545110.88 | I19: ='APU CAP 2 ITEM- 2.2'!H59 -> 40480.7 | J19: =+ROUND(H19*I19,3) -> 2.206647e+10
B20: =B19+0.1 -> 2.3 | C20: 220.1 | D20: 220-22 | F20: Realizar extendida de material de excavación con espesor de 0.50 m | G20: M2 | H20: ='2.3'!M26 -> 1090221.8 | I20: ='APU CAP 2 ITEM- 2.3'!H59 -> 2588.3 | J20: =+ROUND(H20*I20,3) -> 2.821821e+09
F21: =CONCATENATE("Subtotal Capitulo: ",B17) -> Subtotal Capitulo: 2 | J21: =ROUND(SUM(J18:J20),3) -> 2.788391e+10
B23: 3 | C23: SUBBASE,BASE Y AFIRMADOS
B24: =B23+0.1 -> 3.1 | C24: 320.3 | D24: 320-22 | F24: Realizar talleres de capacitación en educación ambiental y participación comunitaria | G24: UN | H24: ='3.1'!M26 -> 12 | I24: ='APU CAP 3 ITEM- 3.1'!H59 -> 5774100.8 | J24: =+ROUND(H24*I24,3) -> 69289210
F25: =CONCATENATE("Subtotal Capitulo: ",B23) -> Subtotal Capitulo: 3 | J25: =ROUND(SUM(J24:J24),3) -> 69289210
B29: COSTO TOTAL OBRA FISICA | J29: =+J21+J25+J15 -> 2.8241199e+10
B31: TOTAL COSTOS DIRECTOS | J31: =+J29/1.3 -> 2.1723999e+10
B32: ADMINISTRACIÓN | I32: 0.22 | J32: =+$J$31*I32 -> 4.7792798e+09
B33: IMPREVISTOS | I33: 0.05 | J33: =+$J$31*I33 -> 1.0862e+09
B34: UTILIDAD | I34: 0.03 | J34: =+$J$31*I34 -> 6.5171998e+08
B36: VALOR TORAL DEL PROYECTO | J36: =+J31+J32+J33+J34 -> 2.8241199e+10

Sheet 1.1
A1: MEMORIA DE CANTIDADES DE OBRAS
A2: RECUPERACION Y CONSERVACIÓN DE ÁREAS DE IMPORTANCIA ESTRATEGICA DE LA ZONA DE INFLUENCIA DEL COMPLEJO CENAGOSO DE CASCALOA DE MAGANGUÉ, BOLÍVAR
A5: OBJETO DEL PROYECTO | G5: CAPITULO | H5: ='PRESUPUESTO '!B12 -> 1 | I5: ITEM | J5: ='PRESUPUESTO '!B13 -> 1.1 | K5: ='PRESUPUESTO '!B18 -> 2.1 | M5: UNIDAD
A6: ='PRESUPUESTO '!E5 -> RECUPERACION Y CONSERVACIÓN DE ÁREAS DE IMPORTANCIA ESTRATEGICA DE LA ZONA DE INFLUENCIA DEL COMPLEJO CENAGOSO DE CASCALOA DE MAGANGUÉ, BOLÍVAR | G6: =VLOOKUP(H5,'PRESUPUESTO '!B12:K26,2) -> PRELIMINARES Y COMPLEMENTARIAS | I6: =VLOOKUP(J5,'PRESUPUESTO '!B12:K26,5) -> Realizar el desplazamiento del equipo al sitio de la obra | M6: =VLOOKUP(J5,'PRESUPUESTO '!B12:K26,6) -> UND
A8: LOCALIZACION | G8: DESCRIPCION / ELEMENTO / AREA | H8: UNIDAD | I8: CANTIDAD | J8: LONGITUD | K8: ANCHO | L8: ALTO | M8: SUB TOTAL
G9: TRANSPORE DE EQUIPOS AL SITIO | H9: =IF(G9="","",$M$6) -> UND | I9: 8 | M9: =PRODUCT(I9:L9) -> 8
H10: =IF(G10="","",$M$6) | M10: =PRODUCT(I10:L10) -> 0
H11: =IF(G11="","",$M$6) | M11: =PRODUCT(I11:L11) -> 0
H12: =IF(G12="","",$M$6) | M12: =PRODUCT(I12:L12) -> 0
H13: =IF(G13="","",$M$6) | M13: =PRODUCT(I13:L13) -> 0
H14: =IF(G14="","",$M$6) | M14: =PRODUCT(I14:L14) -> 0
H15: =IF(G15="","",$M$6) | M15: =PRODUCT(I15:L15) -> 0
H16: =IF(G16="","",$M$6) | M16: =PRODUCT(I16:L16) -> 0
H17: =IF(G17="","",$M$6) | M17: =PRODUCT(I17:L17) -> 0
H18: =IF(G18="","",$M$6) | M18: =PRODUCT(I18:L18) -> 0
H19: =IF(G19="","",$M$6) | M19: =PRODUCT(I19:L19) -> 0
H20: =IF(G20="","",$M$6) | M20: =PRODUCT(I20:L20) -> 0
H21: =IF(G21="","",$M$6) | M21: =PRODUCT(I21:L21) -> 0
... H23: =IF(G23="","",$M$6) | M23: =PRODUCT(I23:L23) -> 0
A24: GRAFICA / ESQUEMA | H24: =IF(G24="","",$M$6)
G26: TOTAL CANTIDAD | H26: =M6 -> UND | M26: =SUM(M9:M24) -> 8
G30: OBSERVACIONES;
G33: Planos:
G35: Informe: | H35: Diseño Geometrico

Sheet 1.2
A1: MEMORIA DE CANTIDADES DE OBRAS
A2: RECUPERACION Y CONSERVACIÓN DE ÁREAS DE IMPORTANCIA ESTRATEGICA DE LA ZONA DE INFLUENCIA DEL COMPLEJO CENAGOSO DE CASCALOA DE MAGANGUÉ, BOLÍVAR
A5: OBJETO DEL PROYECTO | G5: CAPITULO | H5: ='PRESUPUESTO '!B12 -> 1 | I5: ITEM | J5: ='PRESUPUESTO '!B14 -> 1.2 | K5: ='PRESUPUESTO '!B18 -> 2.1 | M5: UNIDAD
A6: ='PRESUPUESTO '!E5 -> RECUPERACION Y CONSERVACIÓN DE ÁREAS DE IMPORTANCIA ESTRATEGICA DE LA ZONA DE INFLUENCIA DEL COMPLEJO CENAGOSO DE CASCALOA DE MAGANGUÉ, BOLÍVAR | G6: =VLOOKUP(H5,'PRESUPUESTO '!B12:K26,2) -> PRELIMINARES Y COMPLEMENTARIAS | I6: =VLOOKUP(J5,'PRESUPUESTO '!B12:K26,5) -> Realizar trabajos topográficos y batimétricos para la localización, trazado y replanteo (2 recorridos) | M6: =VLOOKUP(J5,'PRESUPUESTO '!B12:K26,6) -> MES
A8: LOCALIZACION | G8: DESCRIPCION / ELEMENTO / AREA | H8: UNIDAD | I8: CANTIDAD | J8: LONGITUD | K8: ANCHO | L8: ALTO | M8: SUB TOTAL
G9: CONTROL TOPOGRAFICO | H9: =IF(G9="","",$M$6) -> MES | I9: 8 | M9: =PRODUCT(I9:L9) -> 8
H10: =IF(G10="","",$M$6) | M10: =PRODUCT(I10:L10) -> 0
H11: =IF(G11="","",$M$6) | M11: =PRODUCT(I11:L11) -> 0
H12: =IF(G12="","",$M$6) | M12: =PRODUCT(I12:L12) -> 0
H13: =IF(G13="","",$M$6) | M13: =PRODUCT(I13:L13) -> 0
H14: =IF(G14="","",$M$6) | M14: =PRODUCT(I14:L14) -> 0
H15: =IF(G15="","",$M$6) | M15: =PRODUCT(I15:L15) -> 0
H16: =IF(G16="","",$M$6) | M16: =PRODUCT(I16:L16) -> 0
H17: =IF(G17="","",$M$6) | M17: =PRODUCT(I17:L17) -> 0
H18: =IF(G18="","",$M$6) | M18: =PRODUCT(I18:L18) -> 0
H19: =IF(G19="","",$M$6) | M19: =PRODUCT(I19:L19) -> 0
H20: =IF(G20="","",$M$6) | M20: =PRODUCT(I20:L20) -> 0
H21: =IF(G21="","",$M$6) | M21: =PRODUCT(I21:L21) -> 0
... H23: =IF(G23="","",$M$6) | M23: =PRODUCT(I23:L23) -> 0
A24: GRAFICA / ESQUEMA | H24: =IF(G24="","",$M$6)
G26: TOTAL CANTIDAD | H26: =M6 -> MES | M26: =SUM(M9:M24) -> 8
G30: OBSERVACIONES;
G33: Planos:
G35: Informe:

Sheet 1.4
A1: MEMORIA DE CANTIDADES DE OBRAS
A2: DEPARTAMENTO DE BOLIVAR
A3: CORREGIMIENTO DE CAUSADO, JURISDICCION DEL MUNICIPIO DE MARGARITA
A5: OBJETO DEL PROYECTO | G5: CAPITULO | H5: ='PRESUPUESTO '!B12 -> 1 | I5: ITEM | J5: ='PRESUPUESTO '!#REF! -> #REF! | K5: ='PRESUPUESTO '!B18 -> 2.1 | M5: UNIDAD
A6: ='PRESUPUESTO '!E5 -> RECUPERACION Y CONSERVACIÓN DE ÁREAS DE IMPORTANCIA ESTRATEGICA DE LA ZONA DE INFLUENCIA DEL COMPLEJO CENAGOSO DE CASCALOA DE MAGANGUÉ, BOLÍVAR | G6: =VLOOKUP(H5,'PRESUPUESTO '!B12:K26,2) -> PRELIMINARES Y COMPLEMENTARIAS | I6: =VLOOKUP(J5,'PRESUPUESTO '!B12:K26,5) -> #REF! | M6: =VLOOKUP(J5,'PRESUPUESTO '!B12:K26,6) -> #REF!
A8: LOCALIZACION | G8: DESCRIPCION / ELEMENTO / AREA | H8: UNIDAD | I8: CANTIDAD | J8: LONGITUD | K8: ANCHO | L8: ALTO | M8: SUB TOTAL
H9: =IF(G9="","",$M$6) | M9: =PRODUCT(I9:L9) -> 0
H10: =IF(G10="","",$M$6) | M10: =PRODUCT(I10:L10) -> 0
H11: =IF(G11="","",$M$6) | M11: =PRODUCT(I11:L11) -> 0
H12: =IF(G12="","",$M$6) | M12: =PRODUCT(I12:L12) -> 0
H13: =IF(G13="","",$M$6) | M13: =PRODUCT(I13:L13) -> 0
H14: =IF(G14="","",$M$6) | M14: =PRODUCT(I14:L14) -> 0
H15: =IF(G15="","",$M$6) | M15: =PRODUCT(I15:L15) -> 0
H16: =IF(G16="","",$M$6) | M16: =PRODUCT(I16:L16) -> 0
H17: =IF(G17="","",$M$6) | M17: =PRODUCT(I17:L17) -> 0
H18: =IF(G18="","",$M$6) | M18: =PRODUCT(I18:L18) -> 0
H19: =IF(G19="","",$M$6) | M19: =PRODUCT(I19:L19) -> 0
H20: =IF(G20="","",$M$6) | M20: =PRODUCT(I20:L20) -> 0
... H23: =IF(G23="","",$M$6) | M23: =PRODUCT(I23:L23) -> 0
A24: GRAFICA / ESQUEMA | H24: =IF(G24="","",$M$6)
G26: TOTAL CANTIDAD | H26: =M6 -> #REF! | M26: =SUM(M9:M24) -> 0
G30: OBSERVACIONES;
G33: Planos:
G35: Informe:
G40: ='PRESUPUESTO '!B42 -> 0
G41: ='PRESUPUESTO '!B43 -> 0
G42: ='PRESUPUESTO '!B44 -> 0

Sheet 1.5
A1: MEMORIA DE CANTIDADES DE OBRAS
A2: DEPARTAMENTO DE BOLIVAR
A3: CORREGIMIENTO DE CAUSADO, JURISDICCION DEL MUNICIPIO DE MARGARITA
A5: OBJETO DEL PROYECTO | G5: CAPITULO | H5: ='PRESUPUESTO '!B12 -> 1 | I5: ITEM | J5: ='PRESUPUESTO '!#REF! -> #REF! | K5: ='PRESUPUESTO '!B18 -> 2.1 | M5: UNIDAD
A6: ='PRESUPUESTO '!E5 -> RECUPERACION Y CONSERVACIÓN DE ÁREAS DE IMPORTANCIA ESTRATEGICA DE LA ZONA DE INFLUENCIA DEL COMPLEJO CENAGOSO DE CASCALOA DE MAGANGUÉ, BOLÍVAR | G6: =VLOOKUP(H5,'PRESUPUESTO '!B12:K26,2) -> PRELIMINARES Y COMPLEMENTARIAS | I6: =VLOOKUP(J5,'PRESUPUESTO '!B12:K26,5) -> #REF! | M6: =VLOOKUP(J5,'PRESUPUESTO '!B12:K26,6) -> #REF!
A8: LOCALIZACION | G8: DESCRIPCION / ELEMENTO / AREA | H8: UNIDAD | I8: CANTIDAD | J8: LONGITUD | K8: ANCHO | L8: ALTO | M8: SUB TOTAL
H9: =IF(G9="","",$M$6) | M9: =PRODUCT(I9:L9) -> 0
H10: =IF(G10="","",$M$6) | M10: =PRODUCT(I10:L10) -> 0
H11: =IF(G11="","",$M$6) | M11: =PRODUCT(I11:L11) -> 0
H12: =IF(G12="","",$M$6) | M12: =PRODUCT(I12:L12) -> 0
H13: =IF(G13="","",$M$6) | M13: =PRODUCT(I13:L13) -> 0
H14: =IF(G14="","",$M$6) | M14: =PRODUCT(I14:L14) -> 0
H15: =IF(G15="","",$M$6) | M15: =PRODUCT(I15:L15) -> 0
H16: =IF(G16="","",$M$6) | M16: =PRODUCT(I16:L16) -> 0
H17: =IF(G17="","",$M$6) | M17: =PRODUCT(I17:L17) -> 0
H18: =IF(G18="","",$M$6) | M18: =PRODUCT(I18:L18) -> 0
H19: =IF(G19="","",$M$6) | M19: =PRODUCT(I19:L19) -> 0
H20: =IF(G20="","",$M$6) | M20: =PRODUCT(I20:L20) -> 0
... H23: =IF(G23="","",$M$6) | M23: =PRODUCT(I23:L23) -> 0
A24: GRAFICA / ESQUEMA | H24: =IF(G24="","",$M$6)
G26: TOTAL CANTIDAD | H26: =M6 -> #REF! | M26: =SUM(M9:M24) -> 0
G30: OBSERVACIONES;
G33: Planos:
G35: Informe:
G40: ='PRESUPUESTO '!B42 -> 0
G41: ='PRESUPUESTO '!B43 -> 0
G42: ='PRESUPUESTO '!B44 -> 0

Sheet 1.6
A1: MEMORIA DE CANTIDADES DE OBRAS
A2: DEPARTAMENTO DE BOLIVAR
A3: CORREGIMIENTO DE CAUSADO, JURISDICCION DEL MUNICIPIO DE MARGARITA
A5: OBJETO DEL PROYECTO | G5: CAPITULO | H5: ='PRESUPUESTO '!B12 -> 1 | I5: ITEM | J5: ='PRESUPUESTO '!#REF! -> #REF! | K5: ='PRESUPUESTO '!B18 -> 2.1 | M5: UNIDAD
A6: ='PRESUPUESTO '!E5 -> RECUPERACION Y CONSERVACIÓN DE ÁREAS DE IMPORTANCIA ESTRATEGICA DE LA ZONA DE INFLUENCIA DEL COMPLEJO CENAGOSO DE CASCALOA DE MAGANGUÉ, BOLÍVAR | G6: =VLOOKUP(H5,'PRESUPUESTO '!B12:K26,2) -> PRELIMINARES Y COMPLEMENTARIAS | I6: =VLOOKUP(J5,'PRESUPUESTO '!B12:K26,5) -> #REF! | M6: =VLOOKUP(J5,'PRESUPUESTO '!B12:K26,6) -> #REF!
A8: LOCALIZACION | G8: DESCRIPCION / ELEMENTO / AREA | H8: UNIDAD | I8: CANTIDAD | J8: LONGITUD | K8: ANCHO | L8: ALTO | M8: SUB TOTAL
H9: =IF(G9="","",$M$6) | M9: =PRODUCT(I9:L9) -> 0
H10: =IF(G10="","",$M$6) | M10: =PRODUCT(I10:L10) -> 0
H11: =IF(G11="","",$M$6) | M11: =PRODUCT(I11:L11) -> 0
H12: =IF(G12="","",$M$6) | M12: =PRODUCT(I12:L12) -> 0
H13: =IF(G13="","",$M$6) | M13: =PRODUCT(I13:L13) -> 0
H14: =IF(G14="","",$M$6) | M14: =PRODUCT(I14:L14) -> 0
H15: =IF(G15="","",$M$6) | M15: =PRODUCT(I15:L15) -> 0
H16: =IF(G16="","",$M$6) | M16: =PRODUCT(I16:L16) -> 0
H17: =IF(G17="","",$M$6) | M17: =PRODUCT(I17:L17) -> 0
H18: =IF(G18="","",$M$6) | M18: =PRODUCT(I18:L18) -> 0
H19: =IF(G19="","",$M$6) | M19: =PRODUCT(I19:L19) -> 0
H20: =IF(G20="","",$M$6) | M20: =PRODUCT(I20:L20) -> 0
... H23: =IF(G23="","",$M$6) | M23: =PRODUCT(I23:L23) -> 0
A24: GRAFICA / ESQUEMA | H24: =IF(G24="","",$M$6)
G26: TOTAL CANTIDAD | H26: =M6 -> #REF! | M26: =SUM(M9:M24) -> 0
G30: OBSERVACIONES;
G33: Planos:
G35: Informe:
G40: ='PRESUPUESTO '!B42 -> 0
G41: ='PRESUPUESTO '!B43 -> 0
G42: ='PRESUPUESTO '!B44 -> 0

Sheet 2.1
A1: MEMORIA DE CANTIDADES DE OBRAS
A2: RECUPERACION Y CONSERVACIÓN DE ÁREAS DE IMPORTANCIA ESTRATEGICA DE LA ZONA DE INFLUENCIA DEL COMPLEJO CENAGOSO DE CASCALOA DE MAGANGUÉ, BOLÍVAR
A5: OBJETO DEL PROYECTO | G5: CAPITULO | H5: ='PRESUPUESTO '!B17 -> 2 | I5: ITEM | J5: ='PRESUPUESTO '!B18 -> 2.1 | K5: ='PRESUPUESTO '!B18 -> 2.1 | M5: UNIDAD
A6: ='PRESUPUESTO '!E5 -> RECUPERACION Y CONSERVACIÓN DE ÁREAS DE IMPORTANCIA ESTRATEGICA DE LA ZONA DE INFLUENCIA DEL COMPLEJO CENAGOSO DE CASCALOA DE MAGANGUÉ, BOLÍVAR | G6: =VLOOKUP(H5,'PRESUPUESTO '!B12:K26,2) -> EXPLANACIONES | I6: =VLOOKUP(J5,'PRESUPUESTO '!B12:K26,5) -> Retiro de especies invasivas de flora acuática área de caño y ciénaga | M6: =VLOOKUP(J5,'PRESUPUESTO '!B12:K26,6) -> M2
A8: LOCALIZACION | G8: DESCRIPCION / ELEMENTO / AREA | H8: UNIDAD | I8: CANTIDAD | J8: LONGITUD | K8: ANCHO | L8: ALTO | M8: SUB TOTAL
G9: AREA | H9: =IF(G9="","",$M$6) -> M2 | I9: 1 | J9: 21220 | K9: 16 | M9: =PRODUCT(I9:L9) -> 339520
H10: =IF(G10="","",$M$6) | M10: =PRODUCT(I10:L10) -> 0
H11: =IF(G11="","",$M$6) | M11: =PRODUCT(I11:L11) -> 0
H12: =IF(G12="","",$M$6) | M12: =PRODUCT(I12:L12) -> 0
H13: =IF(G13="","",$M$6) | M13: =PRODUCT(I13:L13) -> 0
H14: =IF(G14="","",$M$6) | M14: =PRODUCT(I14:L14) -> 0
H15: =IF(G15="","",$M$6) | M15: =PRODUCT(I15:L15) -> 0
H16: =IF(G16="","",$M$6) | M16: =PRODUCT(I16:L16) -> 0
H17: =IF(G17="","",$M$6) | M17: =PRODUCT(I17:L17) -> 0
H18: =IF(G18="","",$M$6) | M18: =PRODUCT(I18:L18) -> 0
H19: =IF(G19="","",$M$6) | M19: =PRODUCT(I19:L19) -> 0
H20: =IF(G20="","",$M$6) | M20: =PRODUCT(I20:L20) -> 0
H21: =IF(G21="","",$M$6) | M21: =PRODUCT(I21:L21) -> 0
... H23: =IF(G23="","",$M$6) | M23: =PRODUCT(I23:L23) -> 0
A24: GRAFICA / ESQUEMA | H24: =IF(G24="","",$M$6)
G26: TOTAL CANTIDAD | H26: =M6 -> M2 | M26: =SUM(M9:M24) -> 339520
G30: OBSERVACIONES;
G33: Planos:
G35: Informe: | H35: Diseño Geometrico

Sheet 2.2
A1: MEMORIA DE CANTIDADES DE OBRAS
A2: RECUPERACION Y CONSERVACIÓN DE ÁREAS DE IMPORTANCIA ESTRATEGICA DE LA ZONA DE INFLUENCIA DEL COMPLEJO CENAGOSO DE CASCALOA DE MAGANGUÉ, BOLÍVAR
A5: OBJETO DEL PROYECTO | G5: CAPITULO | H5: ='PRESUPUESTO '!B17 -> 2 | I5: ITEM | J5: ='PRESUPUESTO '!B19 -> 2.2 | K5: ='PRESUPUESTO '!B18 -> 2.1 | M5: UNIDAD
A6: ='PRESUPUESTO '!E5 -> RECUPERACION Y CONSERVACIÓN DE ÁREAS DE IMPORTANCIA ESTRATEGICA DE LA ZONA DE INFLUENCIA DEL COMPLEJO CENAGOSO DE CASCALOA DE MAGANGUÉ, BOLÍVAR | G6: =VLOOKUP(H5,'PRESUPUESTO '!B12:K26,2) -> EXPLANACIONES | I6: =VLOOKUP(J5,'PRESUPUESTO '!B12:K26,5) -> Realizar la excavación con maquina en lecho de caños y Ciénegas priorizados para el complejo hídricos de Cascaloa (Magangué) | M6: =VLOOKUP(J5,'PRESUPUESTO '!B12:K26,6) -> M3
A8: LOCALIZACION | G8: DESCRIPCION / ELEMENTO / AREA | H8: UNIDAD | I8: CANTIDAD | J8: LONGITUD | K8: ANCHO | L8: ALTO | M8: SUB TOTAL
G9: Volumen de corte | H9: =IF(G9="","",$M$6) -> M3 | I9: 1 | J9: 545110.88 | M9: =PRODUCT(I9:L9) -> 545110.88
H10: =IF(G10="","",$M$6) | M10: =PRODUCT(I10:L10) -> 0
H11: =IF(G11="","",$M$6) | M11: =PRODUCT(I11:L11) -> 0
H12: =IF(G12="","",$M$6) | M12: =PRODUCT(I12:L12) -> 0
H13: =IF(G13="","",$M$6) | M13: =PRODUCT(I13:L13) -> 0
H14: =IF(G14="","",$M$6) | M14: =PRODUCT(I14:L14) -> 0
H15: =IF(G15="","",$M$6) | M15: =PRODUCT(I15:L15) -> 0
H16: =IF(G16="","",$M$6) | M16: =PRODUCT(I16:L16) -> 0
H17: =IF(G17="","",$M$6) | M17: =PRODUCT(I17:L17) -> 0
H18: =IF(G18="","",$M$6) | M18: =PRODUCT(I18:L18) -> 0
H19: =IF(G19="","",$M$6) | M19: =PRODUCT(I19:L19) -> 0
H20: =IF(G20="","",$M$6) | M20: =PRODUCT(I20:L20) -> 0
H21: =IF(G21="","",$M$6) | M21: =PRODUCT(I21:L21) -> 0
... H23: =IF(G23="","",$M$6) | M23: =PRODUCT(I23:L23) -> 0
A24: GRAFICA / ESQUEMA | H24: =IF(G24="","",$M$6)
G26: TOTAL CANTIDAD | H26: =M6 -> M3 | M26: =SUM(M9:M24) -> 545110.88
G30: OBSERVACIONES; | H30: De acuerdo con los volumenes de corte presentados en Planos
G33: Planos: | H33: PL-PLANTA PERFIL DISENO GEO
G35: Informe: | H35: Diseño Geometrico

Sheet 2.3
A1: MEMORIA DE CANTIDADES DE OBRAS
A2: RECUPERACION Y CONSERVACIÓN DE ÁREAS DE IMPORTANCIA ESTRATEGICA DE LA ZONA DE INFLUENCIA DEL COMPLEJO CENAGOSO DE CASCALOA DE MAGANGUÉ, BOLÍVAR
A5: OBJETO DEL PROYECTO | G5: CAPITULO | H5: ='PRESUPUESTO '!B17 -> 2 | I5: ITEM | J5: ='PRESUPUESTO '!B20 -> 2.3 | K5: ='PRESUPUESTO '!B18 -> 2.1 | M5: UNIDAD
A6: ='PRESUPUESTO '!E5 -> RECUPERACION Y CONSERVACIÓN DE ÁREAS DE IMPORTANCIA ESTRATEGICA DE LA ZONA DE INFLUENCIA DEL COMPLEJO CENAGOSO DE CASCALOA DE MAGANGUÉ, BOLÍVAR | G6: =VLOOKUP(H5,'PRESUPUESTO '!B12:K26,2) -> EXPLANACIONES | I6: =VLOOKUP(J5,'PRESUPUESTO '!B12:K26,5) -> Realizar extendida de material de excavación con espesor de 0.50 m | M6: =VLOOKUP(J5,'PRESUPUESTO '!B12:K26,6) -> M2
A8: LOCALIZACION | G8: DESCRIPCION / ELEMENTO / AREA | H8: UNIDAD | I8: CANTIDAD | J8: VOLUMEN | K8: ANCHO | L8: ALTO | M8: SUB TOTAL
G9: Area | H9: =IF(G9="","",$M$6) -> M2 | I9: 1 | J9: ='2.2'!M26 -> 545110.88 | L9: 0.5 | M9: =J9/L9 -> 1090221.8
M10: =PRODUCT(I10:L10) -> 0
H11: =IF(G11="","",$M$6) | M11: =PRODUCT(I11:L11) -> 0
H12: =IF(G12="","",$M$6) | M12: =PRODUCT(I12:L12) -> 0
H13: =IF(G13="","",$M$6) | M13: =PRODUCT(I13:L13) -> 0
H14: =IF(G14="","",$M$6) | M14: =PRODUCT(I14:L14) -> 0
H15: =IF(G15="","",$M$6) | M15: =PRODUCT(I15:L15) -> 0
H16: =IF(G16="","",$M$6) | M16: =PRODUCT(I16:L16) -> 0
H17: =IF(G17="","",$M$6) | M17: =PRODUCT(I17:L17) -> 0
H18: =IF(G18="","",$M$6) | M18: =PRODUCT(I18:L18) -> 0
H19: =IF(G19="","",$M$6) | M19: =PRODUCT(I19:L19) -> 0
H20: =IF(G20="","",$M$6) | M20: =PRODUCT(I20:L20) -> 0
H21: =IF(G21="","",$M$6) | M21: =PRODUCT(I21:L21) -> 0
H22: =IF(G22="","",$M$6) | M22: =PRODUCT(I22:L22) -> 0
H23: =IF(G23="","",$M$6) | M23: =PRODUCT(I23:L23) -> 0
A24: GRAFICA / ESQUEMA | H24: =IF(G24="","",$M$6)
G26: TOTAL CANTIDAD | H26: =M6 -> M2 | M26: =SUM(M9:M24) -> 1090221.8
G30: OBSERVACIONES; | H30: De acuerdo con los volumenes de corte presentados en el diseño Geometrico
G33: Planos: | H33: PL-PLANTA PERFIL DISENO GEO
G35: Informe: | H35: Diseño Geometrico

Sheet 2.4
A1: MEMORIA DE CANTIDADES DE OBRAS
A2: DEPARTAMENTO DE BOLIVAR
A3: CORREGIMIENTO DE CAUSADO, JURISDICCION DEL MUNICIPIO DE MARGARITA
A5: OBJETO DEL PROYECTO | G5: CAPITULO | H5: ='PRESUPUESTO '!B17 -> 2 | I5: ITEM | J5: ='PRESUPUESTO '!#REF! -> #REF! | K5: ='PRESUPUESTO '!B18 -> 2.1 | M5: UNIDAD
A6: ='PRESUPUESTO '!E5 -> RECUPERACION Y CONSERVACIÓN DE ÁREAS DE IMPORTANCIA ESTRATEGICA DE LA ZONA DE INFLUENCIA DEL COMPLEJO CENAGOSO DE CASCALOA DE MAGANGUÉ, BOLÍVAR | G6: =VLOOKUP(H5,'PRESUPUESTO '!B12:K26,2) -> EXPLANACIONES | I6: =VLOOKUP(J5,'PRESUPUESTO '!B12:K26,5) -> #REF! | M6: =VLOOKUP(J5,'PRESUPUESTO '!B12:K26,6) -> #REF!
A8: LOCALIZACION | G8: DESCRIPCION / ELEMENTO / AREA | H8: UNIDAD | I8: CANTIDAD | J8: LONGITUD | K8: ANCHO | L8: ALTO | M8: SUB TOTAL
H9: =IF(G9="","",$M$6) | M9: =PRODUCT(I9:L9) -> 0
H10: =IF(G10="","",$M$6) | M10: =PRODUCT(I10:L10) -> 0
H11: =IF(G11="","",$M$6) | M11: =PRODUCT(I11:L11) -> 0
H12: =IF(G12="","",$M$6) | M12: =PRODUCT(I12:L12) -> 0
H13: =IF(G13="","",$M$6) | M13: =PRODUCT(I13:L13) -> 0
H14: =IF(G14="","",$M$6) | M14: =PRODUCT(I14:L14) -> 0
H15: =IF(G15="","",$M$6) | M15: =PRODUCT(I15:L15) -> 0
H16: =IF(G16="","",$M$6) | M16: =PRODUCT(I16:L16) -> 0
H17: =IF(G17="","",$M$6) | M17: =PRODUCT(I17:L17) -> 0
H18: =IF(G18="","",$M$6) | M18: =PRODUCT(I18:L18) -> 0
H19: =IF(G19="","",$M$6) | M19: =PRODUCT(I19:L19) -> 0
H20: =IF(G20="","",$M$6) | M20: =PRODUCT(I20:L20) -> 0
... H23: =IF(G23="","",$M$6) | M23: =PRODUCT(I23:L23) -> 0
A24: GRAFICA / ESQUEMA | H24: =IF(G24="","",$M$6)
G26: TOTAL CANTIDAD | H26: =M6 -> #REF! | M26: =SUM(M9:M24) -> 0
G30: OBSERVACIONES;
G33: Planos:
G35: Informe:
G40: ='PRESUPUESTO '!B42 -> 0
G41: ='PRESUPUESTO '!B43 -> 0
G42: ='PRESUPUESTO '!B44 -> 0

Sheet 2.5
A1: MEMORIA DE CANTIDADES DE OBRAS
A2: DEPARTAMENTO DE BOLIVAR
A3: CORREGIMIENTO DE CAUSADO, JURISDICCION DEL MUNICIPIO DE MARGARITA
A5: OBJETO DEL PROYECTO | G5: CAPITULO | H5: ='PRESUPUESTO '!B17 -> 2 | I5: ITEM | J5: ='PRESUPUESTO '!#REF! -> #REF! | K5: ='PRESUPUESTO '!B18 -> 2.1 | M5: UNIDAD
A6: ='PRESUPUESTO '!E5 -> RECUPERACION Y CONSERVACIÓN DE ÁREAS DE IMPORTANCIA ESTRATEGICA DE LA ZONA DE INFLUENCIA DEL COMPLEJO CENAGOSO DE CASCALOA DE MAGANGUÉ, BOLÍVAR | G6: =VLOOKUP(H5,'PRESUPUESTO '!B12:K26,2) -> EXPLANACIONES | I6: =VLOOKUP(J5,'PRESUPUESTO '!B12:K26,5) -> #REF! | M6: =VLOOKUP(J5,'PRESUPUESTO '!B12:K26,6) -> #REF!
A8: LOCALIZACION | G8: DESCRIPCION / ELEMENTO / AREA | H8: UNIDAD | I8: CANTIDAD | J8: LONGITUD | K8: ANCHO | L8: ALTO | M8: SUB TOTAL
H9: =IF(G9="","",$M$6) | M9: =PRODUCT(I9:L9) -> 0
H10: =IF(G10="","",$M$6) | M10: =PRODUCT(I10:L10) -> 0
H11: =IF(G11="","",$M$6) | M11: =PRODUCT(I11:L11) -> 0
H12: =IF(G12="","",$M$6) | M12: =PRODUCT(I12:L12) -> 0
H13: =IF(G13="","",$M$6) | M13: =PRODUCT(I13:L13) -> 0
H14: =IF(G14="","",$M$6) | M14: =PRODUCT(I14:L14) -> 0
H15: =IF(G15="","",$M$6) | M15: =PRODUCT(I15:L15) -> 0
H16: =IF(G16="","",$M$6) | M16: =PRODUCT(I16:L16) -> 0
H17: =IF(G17="","",$M$6) | M17: =PRODUCT(I17:L17) -> 0
H18: =IF(G18="","",$M$6) | M18: =PRODUCT(I18:L18) -> 0
H19: =IF(G19="","",$M$6) | M19: =PRODUCT(I19:L19) -> 0
H20: =IF(G20="","",$M$6) | M20: =PRODUCT(I20:L20) -> 0
... H23: =IF(G23="","",$M$6) | M23: =PRODUCT(I23:L23) -> 0
A24: GRAFICA / ESQUEMA | H24: =IF(G24="","",$M$6)
G26: TOTAL CANTIDAD | H26: =M6 -> #REF! | M26: =SUM(M9:M24) -> 0
G30: OBSERVACIONES;
G33: Planos:
G35: Informe:
G40: ='PRESUPUESTO '!B42 -> 0
G41: ='PRESUPUESTO '!B43 -> 0
G42: ='PRESUPUESTO '!B44 -> 0

Sheet 2.6
A1: MEMORIA DE CANTIDADES DE OBRAS
A2: DEPARTAMENTO DE BOLIVAR
A3: CORREGIMIENTO DE CAUSADO, JURISDICCION DEL MUNICIPIO DE MARGARITA
A5: OBJETO DEL PROYECTO | G5: CAPITULO | H5: ='PRESUPUESTO '!B17 -> 2 | I5: ITEM | J5: ='PRESUPUESTO '!#REF! -> #REF! | K5: ='PRESUPUESTO '!B18 -> 2.1 | M5: UNIDAD
A6: ='PRESUPUESTO '!E5 -> RECUPERACION Y CONSERVACIÓN DE ÁREAS DE IMPORTANCIA ESTRATEGICA DE LA ZONA DE INFLUENCIA DEL COMPLEJO CENAGOSO DE CASCALOA DE MAGANGUÉ, BOLÍVAR | G6: =VLOOKUP(H5,'PRESUPUESTO '!B12:K26,2) -> EXPLANACIONES | I6: =VLOOKUP(J5,'PRESUPUESTO '!B12:K26,5) -> #REF! | M6: =VLOOKUP(J5,'PRESUPUESTO '!B12:K26,6) -> #REF!
A8: LOCALIZACION | G8: DESCRIPCION / ELEMENTO / AREA | H8: UNIDAD | I8: CANTIDAD | J8: LONGITUD | K8: ANCHO | L8: ALTO | M8: SUB TOTAL
H9: =IF(G9="","",$M$6) | M9: =PRODUCT(I9:L9) -> 0
H10: =IF(G10="","",$M$6) | M10: =PRODUCT(I10:L10) -> 0
H11: =IF(G11="","",$M$6) | M11: =PRODUCT(I11:L11) -> 0
H12: =IF(G12="","",$M$6) | M12: =PRODUCT(I12:L12) -> 0
H13: =IF(G13="","",$M$6) | M13: =PRODUCT(I13:L13) -> 0
H14: =IF(G14="","",$M$6) | M14: =PRODUCT(I14:L14) -> 0
H15: =IF(G15="","",$M$6) | M15: =PRODUCT(I15:L15) -> 0
H16: =IF(G16="","",$M$6) | M16: =PRODUCT(I16:L16) -> 0
H17: =IF(G17="","",$M$6) | M17: =PRODUCT(I17:L17) -> 0
H18: =IF(G18="","",$M$6) | M18: =PRODUCT(I18:L18) -> 0
H19: =IF(G19="","",$M$6) | M19: =PRODUCT(I19:L19) -> 0
H20: =IF(G20="","",$M$6) | M20: =PRODUCT(I20:L20) -> 0
... H23: =IF(G23="","",$M$6) | M23: =PRODUCT(I23:L23) -> 0
A24: GRAFICA / ESQUEMA | H24: =IF(G24="","",$M$6)
G26: TOTAL CANTIDAD | H26: =M6 -> #REF! | M26: =SUM(M9:M24) -> 0
G30: OBSERVACIONES;
G33: Planos:
G35: Informe:
G40: ='PRESUPUESTO '!B42 -> 0
G41: ='PRESUPUESTO '!B43 -> 0
G42: ='PRESUPUESTO '!B44 -> 0

Sheet 3.1
A1: MEMORIA DE CANTIDADES DE OBRAS
A2: RECUPERACION Y CONSERVACIÓN DE ÁREAS DE IMPORTANCIA ESTRATEGICA DE LA ZONA DE INFLUENCIA DEL COMPLEJO CENAGOSO DE CASCALOA DE MAGANGUÉ, BOLÍVAR
A5: OBJETO DEL PROYECTO | G5: CAPITULO | H5: ='PRESUPUESTO '!B23 -> 3 | I5: ITEM | J5: ='PRESUPUESTO '!B24 -> 3.1 | K5: ='PRESUPUESTO '!B18 -> 2.1 | M5: UNIDAD
A6: ='PRESUPUESTO '!E5 -> RECUPERACION Y CONSERVACIÓN DE ÁREAS DE IMPORTANCIA ESTRATEGICA DE LA ZONA DE INFLUENCIA DEL COMPLEJO CENAGOSO DE CASCALOA DE MAGANGUÉ, BOLÍVAR | G6: =VLOOKUP(H5,'PRESUPUESTO '!B12:K26,2) -> SUBBASE,BASE Y AFIRMADOS | I6: =VLOOKUP(J5,'PRESUPUESTO '!B12:K26,5) -> Realizar talleres de capacitación en educación ambiental y participación comunitaria | M6: =VLOOKUP(J5,'PRESUPUESTO '!B12:K26,6) -> UN
A8: LOCALIZACION | G8: DESCRIPCION / ELEMENTO / AREA | H8: UNIDAD | I8: CANTIDAD | J8: LONGITUD | K8: ANCHO | L8: ALTO | M8: SUB TOTAL
G9: TALLERES | H9: =IF(G9="","",$M$6) -> UN | I9: 12 | M9: =PRODUCT(I9:L9) -> 12
H10: =IF(G10="","",$M$6) | M10: =PRODUCT(I10:L10) -> 0
H11: =IF(G11="","",$M$6) | M11: =PRODUCT(I11:L11) -> 0
H12: =IF(G12="","",$M$6) | M12: =PRODUCT(I12:L12) -> 0
H13: =IF(G13="","",$M$6) | M13: =PRODUCT(I13:L13) -> 0
H14: =IF(G14="","",$M$6) | M14: =PRODUCT(I14:L14) -> 0
H15: =IF(G15="","",$M$6) | M15: =PRODUCT(I15:L15) -> 0
H16: =IF(G16="","",$M$6) | M16: =PRODUCT(I16:L16) -> 0
H17: =IF(G17="","",$M$6) | M17: =PRODUCT(I17:L17) -> 0
H18: =IF(G18="","",$M$6) | M18: =PRODUCT(I18:L18) -> 0
H19: =IF(G19="","",$M$6) | M19: =PRODUCT(I19:L19) -> 0
H20: =IF(G20="","",$M$6) | M20: =PRODUCT(I20:L20) -> 0
H21: =IF(G21="","",$M$6) | M21: =PRODUCT(I21:L21) -> 0
... H23: =IF(G23="","",$M$6) | M23: =PRODUCT(I23:L23) -> 0
A24: GRAFICA / ESQUEMA | H24: =IF(G24="","",$M$6)
G26: TOTAL CANTIDAD | H26: =M6 -> UN | M26: =SUM(M9:M24) -> 12
G30: OBSERVACIONES;
G33: Planos:
G35: Informe:

Sheet 3.2
A1: MEMORIA DE CANTIDADES DE OBRAS
A2: DEPARTAMENTO DE BOLIVAR
A3: CORREGIMIENTO DE CAUSADO, JURISDICCION DEL MUNICIPIO DE MARGARITA
A5: OBJETO DEL PROYECTO | G5: CAPITULO | H5: ='PRESUPUESTO '!B23 -> 3 | I5: ITEM | J5: ='PRESUPUESTO '!#REF! -> #REF! | K5: ='PRESUPUESTO '!B18 -> 2.1 | M5: UNIDAD
A6: ='PRESUPUESTO '!E5 -> RECUPERACION Y CONSERVACIÓN DE ÁREAS DE IMPORTANCIA ESTRATEGICA DE LA ZONA DE INFLUENCIA DEL COMPLEJO CENAGOSO DE CASCALOA DE MAGANGUÉ, BOLÍVAR | G6: =VLOOKUP(H5,'PRESUPUESTO '!B12:K26,2) -> SUBBASE,BASE Y AFIRMADOS | I6: =VLOOKUP(J5,'PRESUPUESTO '!B12:K26,5) -> #REF! | M6: =VLOOKUP(J5,'PRESUPUESTO '!B12:K26,6) -> #REF!
A8: LOCALIZACION | G8: DESCRIPCION / ELEMENTO / AREA | H8: UNIDAD | I8: CANTIDAD | J8: LONGITUD | K8: ANCHO | L8: ALTO | M8: SUB TOTAL
H9: =IF(G9="","",$M$6) | M9: =PRODUCT(I9:L9) -> 0
H10: =IF(G10="","",$M$6) | M10: =PRODUCT(I10:L10) -> 0
H11: =IF(G11="","",$M$6) | M11: =PRODUCT(I11:L11) -> 0
H12: =IF(G12="","",$M$6) | M12: =PRODUCT(I12:L12) -> 0
H13: =IF(G13="","",$M$6) | M13: =PRODUCT(I13:L13) -> 0
H14: =IF(G14="","",$M$6) | M14: =PRODUCT(I14:L14) -> 0
H15: =IF(G15="","",$M$6) | M15: =PRODUCT(I15:L15) -> 0
H16: =IF(G16="","",$M$6) | M16: =PRODUCT(I16:L16) -> 0
H17: =IF(G17="","",$M$6) | M17: =PRODUCT(I17:L17) -> 0
H18: =IF(G18="","",$M$6) | M18: =PRODUCT(I18:L18) -> 0
H19: =IF(G19="","",$M$6) | M19: =PRODUCT(I19:L19) -> 0
H20: =IF(G20="","",$M$6) | M20: =PRODUCT(I20:L20) -> 0
... H23: =IF(G23="","",$M$6) | M23: =PRODUCT(I23:L23) -> 0
A24: GRAFICA / ESQUEMA | H24: =IF(G24="","",$M$6)
G26: TOTAL CANTIDAD | H26: =M6 -> #REF! | M26: =SUM(M9:M24) -> 0
G30: OBSERVACIONES;
G33: Planos:
G35: Informe:
G40: ='PRESUPUESTO '!B42 -> 0
G41: ='PRESUPUESTO '!B43 -> 0
G42: ='PRESUPUESTO '!B44 -> 0

Sheet 3.3
A1: MEMORIA DE CANTIDADES DE OBRAS
A2: DEPARTAMENTO DE BOLIVAR
A3: CORREGIMIENTO DE CAUSADO, JURISDICCION DEL MUNICIPIO DE MARGARITA
A5: OBJETO DEL PROYECTO | G5: CAPITULO | H5: ='PRESUPUESTO '!B23 -> 3 | I5: ITEM | J5: ='PRESUPUESTO '!#REF! -> #REF! | K5: ='PRESUPUESTO '!B18 -> 2.1 | M5: UNIDAD
A6: ='PRESUPUESTO '!E5 -> RECUPERACION Y CONSERVACIÓN DE ÁREAS DE IMPORTANCIA ESTRATEGICA DE LA ZONA DE INFLUENCIA DEL COMPLEJO CENAGOSO DE CASCALOA DE MAGANGUÉ, BOLÍVAR | G6: =VLOOKUP(H5,'PRESUPUESTO '!B12:K26,2) -> SUBBASE,BASE Y AFIRMADOS | I6: =VLOOKUP(J5,'PRESUPUESTO '!B12:K26,5) -> #REF! | M6: =VLOOKUP(J5,'PRESUPUESTO '!B12:K26,6) -> #REF!
A8: LOCALIZACION | G8: DESCRIPCION / ELEMENTO / AREA | H8: UNIDAD | I8: CANTIDAD | J8: LONGITUD | K8: ANCHO | L8: ALTO | M8: SUB TOTAL
H9: =IF(G9="","",$M$6) | M9: =PRODUCT(I9:L9) -> 0
H10: =IF(G10="","",$M$6) | M10: =PRODUCT(I10:L10) -> 0
H11: =IF(G11="","",$M$6) | M11: =PRODUCT(I11:L11) -> 0
H12: =IF(G12="","",$M$6) | M12: =PRODUCT(I12:L12) -> 0
H13: =IF(G13="","",$M$6) | M13: =PRODUCT(I13:L13) -> 0
H14: =IF(G14="","",$M$6) | M14: =PRODUCT(I14:L14) -> 0
H15: =IF(G15="","",$M$6) | M15: =PRODUCT(I15:L15) -> 0
H16: =IF(G16="","",$M$6) | M16: =PRODUCT(I16:L16) -> 0
H17: =IF(G17="","",$M$6) | M17: =PRODUCT(I17:L17) -> 0
H18: =IF(G18="","",$M$6) | M18: =PRODUCT(I18:L18) -> 0
H19: =IF(G19="","",$M$6) | M19: =PRODUCT(I19:L19) -> 0
H20: =IF(G20="","",$M$6) | M20: =PRODUCT(I20:L20) -> 0
... H23: =IF(G23="","",$M$6) | M23: =PRODUCT(I23:L23) -> 0
A24: GRAFICA / ESQUEMA | H24: =IF(G24="","",$M$6)
G26: TOTAL CANTIDAD | H26: =M6 -> #REF! | M26: =SUM(M9:M24) -> 0
G30: OBSERVACIONES;
G33: Planos:
G35: Informe:
G40: ='PRESUPUESTO '!B42 -> 0
G41: ='PRESUPUESTO '!B43 -> 0
G42: ='PRESUPUESTO '!B44 -> 0

Sheet 3.4
A1: MEMORIA DE CANTIDADES DE OBRAS
A2: DEPARTAMENTO DE BOLIVAR
A3: CORREGIMIENTO DE CAUSADO, JURISDICCION DEL MUNICIPIO DE MARGARITA
A5: OBJETO DEL PROYECTO | G5: CAPITULO | H5: ='PRESUPUESTO '!B23 -> 3 | I5: ITEM | J5: ='PRESUPUESTO '!#REF! -> #REF! | K5: ='PRESUPUESTO '!B18 -> 2.1 | M5: UNIDAD
A6: ='PRESUPUESTO '!E5 -> RECUPERACION Y CONSERVACIÓN DE ÁREAS DE IMPORTANCIA ESTRATEGICA DE LA ZONA DE INFLUENCIA DEL COMPLEJO CENAGOSO DE CASCALOA DE MAGANGUÉ, BOLÍVAR | G6: =VLOOKUP(H5,'PRESUPUESTO '!B12:K26,2) -> SUBBASE,BASE Y AFIRMADOS | I6: =VLOOKUP(J5,'PRESUPUESTO '!B12:K26,5) -> #REF! | M6: =VLOOKUP(J5,'PRESUPUESTO '!B12:K26,6) -> #REF!
A8: LOCALIZACION | G8: DESCRIPCION / ELEMENTO / AREA | H8: UNIDAD | I8: CANTIDAD | J8: LONGITUD | K8: ANCHO | L8: ALTO | M8: SUB TOTAL
H9: =IF(G9="","",$M$6) | M9: =PRODUCT(I9:L9) -> 0
H10: =IF(G10="","",$M$6) | M10: =PRODUCT(I10:L10) -> 0
H11: =IF(G11="","",$M$6) | M11: =PRODUCT(I11:L11) -> 0
H12: =IF(G12="","",$M$6) | M12: =PRODUCT(I12:L12) -> 0
H13: =IF(G13="","",$M$6) | M13: =PRODUCT(I13:L13) -> 0
H14: =IF(G14="","",$M$6) | M14: =PRODUCT(I14:L14) -> 0
H15: =IF(G15="","",$M$6) | M15: =PRODUCT(I15:L15) -> 0
H16: =IF(G16="","",$M$6) | M16: =PRODUCT(I16:L16) -> 0
H17: =IF(G17="","",$M$6) | M17: =PRODUCT(I17:L17) -> 0
H18: =IF(G18="","",$M$6) | M18: =PRODUCT(I18:L18) -> 0
H19: =IF(G19="","",$M$6) | M19: =PRODUCT(I19:L19) -> 0
H20: =IF(G20="","",$M$6) | M20: =PRODUCT(I20:L20) -> 0
... H23: =IF(G23="","",$M$6) | M23: =PRODUCT(I23:L23) -> 0
A24: GRAFICA / ESQUEMA | H24: =IF(G24="","",$M$6)
G26: TOTAL CANTIDAD | H26: =M6 -> #REF! | M26: =SUM(M9:M24) -> 0
G30: OBSERVACIONES;
G33: Planos:
G35: Informe:
G40: ='PRESUPUESTO '!B42 -> 0
G41: ='PRESUPUESTO '!B43 -> 0
G42: ='PRESUPUESTO '!B44 -> 0

Sheet 3.5
A1: MEMORIA DE CANTIDADES DE OBRAS
A2: DEPARTAMENTO DE BOLIVAR
A3: CORREGIMIENTO DE CAUSADO, JURISDICCION DEL MUNICIPIO DE MARGARITA
A5: OBJETO DEL PROYECTO | G5: CAPITULO | H5: ='PRESUPUESTO '!B23 -> 3 | I5: ITEM | J5: ='PRESUPUESTO '!#REF! -> #REF! | K5: ='PRESUPUESTO '!B18 -> 2.1 | M5: UNIDAD
A6: ='PRESUPUESTO '!E5 -> RECUPERACION Y CONSERVACIÓN DE ÁREAS DE IMPORTANCIA ESTRATEGICA DE LA ZONA DE INFLUENCIA DEL COMPLEJO CENAGOSO DE CASCALOA DE MAGANGUÉ, BOLÍVAR | G6: =VLOOKUP(H5,'PRESUPUESTO '!B12:K26,2) -> SUBBASE,BASE Y AFIRMADOS | I6: =VLOOKUP(J5,'PRESUPUESTO '!B12:K26,5) -> #REF! | M6: =VLOOKUP(J5,'PRESUPUESTO '!B12:K26,6) -> #REF!
A8: LOCALIZACION | G8: DESCRIPCION / ELEMENTO / AREA | H8: UNIDAD | I8: CANTIDAD | J8: LONGITUD | K8: ANCHO | L8: ALTO | M8: SUB TOTAL
H9: =IF(G9="","",$M$6) | M9: =PRODUCT(I9:L9) -> 0
H10: =IF(G10="","",$M$6) | M10: =PRODUCT(I10:L10) -> 0
H11: =IF(G11="","",$M$6) | M11: =PRODUCT(I11:L11) -> 0
H12: =IF(G12="","",$M$6) | M12: =PRODUCT(I12:L12) -> 0
H13: =IF(G13="","",$M$6) | M13: =PRODUCT(I13:L13) -> 0
H14: =IF(G14="","",$M$6) | M14: =PRODUCT(I14:L14) -> 0
H15: =IF(G15="","",$M$6) | M15: =PRODUCT(I15:L15) -> 0
H16: =IF(G16="","",$M$6) | M16: =PRODUCT(I16:L16) -> 0
H17: =IF(G17="","",$M$6) | M17: =PRODUCT(I17:L17) -> 0
H18: =IF(G18="","",$M$6) | M18: =PRODUCT(I18:L18) -> 0
H19: =IF(G19="","",$M$6) | M19: =PRODUCT(I19:L19) -> 0
H20: =IF(G20="","",$M$6) | M20: =PRODUCT(I20:L20) -> 0
... H23: =IF(G23="","",$M$6) | M23: =PRODUCT(I23:L23) -> 0
A24: GRAFICA / ESQUEMA | H24: =IF(G24="","",$M$6)
G26: TOTAL CANTIDAD | H26: =M6 -> #REF! | M26: =SUM(M9:M24) -> 0
G30: OBSERVACIONES;
G33: Planos:
G35: Informe:
G40: ='PRESUPUESTO '!B42 -> 0
G41: ='PRESUPUESTO '!B43 -> 0
G42: ='PRESUPUESTO '!B44 -> 0

Sheet 3.6
A1: MEMORIA DE CANTIDADES DE OBRAS
A2: DEPARTAMENTO DE BOLIVAR
A3: CORREGIMIENTO DE CAUSADO, JURISDICCION DEL MUNICIPIO DE MARGARITA
A5: OBJETO DEL PROYECTO | G5: CAPITULO | H5: ='PRESUPUESTO '!B23 -> 3 | I5: ITEM | J5: ='PRESUPUESTO '!#REF! -> #REF! | K5: ='PRESUPUESTO '!B18 -> 2.1 | M5: UNIDAD
A6: ='PRESUPUESTO '!E5 -> RECUPERACION Y CONSERVACIÓN DE ÁREAS DE IMPORTANCIA ESTRATEGICA DE LA ZONA DE INFLUENCIA DEL COMPLEJO CENAGOSO DE CASCALOA DE MAGANGUÉ, BOLÍVAR | G6: =VLOOKUP(H5,'PRESUPUESTO '!B12:K26,2) -> SUBBASE,BASE Y AFIRMADOS | I6: =VLOOKUP(J5,'PRESUPUESTO '!B12:K26,5) -> #REF! | M6: =VLOOKUP(J5,'PRESUPUESTO '!B12:K26,6) -> #REF!
A8: LOCALIZACION | G8: DESCRIPCION / ELEMENTO / AREA | H8: UNIDAD | I8: CANTIDAD | J8: LONGITUD | K8: ANCHO | L8: ALTO | M8: SUB TOTAL
H9: =IF(G9="","",$M$6) | M9: =PRODUCT(I9:L9) -> 0
H10: =IF(G10="","",$M$6) | M10: =PRODUCT(I10:L10) -> 0
H11: =IF(G11="","",$M$6) | M11: =PRODUCT(I11:L11) -> 0
H12: =IF(G12="","",$M$6) | M12: =PRODUCT(I12:L12) -> 0
H13: =IF(G13="","",$M$6) | M13: =PRODUCT(I13:L13) -> 0
H14: =IF(G14="","",$M$6) | M14: =PRODUCT(I14:L14) -> 0
H15: =IF(G15="","",$M$6) | M15: =PRODUCT(I15:L15) -> 0
H16: =IF(G16="","",$M$6) | M16: =PRODUCT(I16:L16) -> 0
H17: =IF(G17="","",$M$6) | M17: =PRODUCT(I17:L17) -> 0
H18: =IF(G18="","",$M$6) | M18: =PRODUCT(I18:L18) -> 0
H19: =IF(G19="","",$M$6) | M19: =PRODUCT(I19:L19) -> 0
H20: =IF(G20="","",$M$6) | M20: =PRODUCT(I20:L20) -> 0
... H23: =IF(G23="","",$M$6) | M23: =PRODUCT(I23:L23) -> 0
A24: GRAFICA / ESQUEMA | H24: =IF(G24="","",$M$6)
G26: TOTAL CANTIDAD | H26: =M6 -> #REF! | M26: =SUM(M9:M24) -> 0
G30: OBSERVACIONES;
G33: Planos:
G35: Informe:
G40: ='PRESUPUESTO '!B42 -> 0
G41: ='PRESUPUESTO '!B43 -> 0
G42: ='PRESUPUESTO '!B44 -> 0

Sheet 4.5
A1: MEMORIA DE CANTIDADES DE OBRAS
A2: DEPARTAMENTO DE BOLIVAR
A3: CORREGIMIENTO DE CAUSADO, JURISDICCION DEL MUNICIPIO DE MARGARITA
A5: OBJETO DEL PROYECTO | G5: CAPITULO | H5: ='PRESUPUESTO '!#REF! -> #REF! | I5: ITEM | J5: ='PRESUPUESTO '!#REF! -> #REF! | K5: ='PRESUPUESTO '!B18 -> 2.1 | M5: UNIDAD
A6: ='PRESUPUESTO '!E5 -> RECUPERACION Y CONSERVACIÓN DE ÁREAS DE IMPORTANCIA ESTRATEGICA DE LA ZONA DE INFLUENCIA DEL COMPLEJO CENAGOSO DE CASCALOA DE MAGANGUÉ, BOLÍVAR | G6: =VLOOKUP(H5,'PRESUPUESTO '!B12:K26,2) -> #REF! | I6: =VLOOKUP(J5,'PRESUPUESTO '!B12:K26,5) -> #REF! | M6: =VLOOKUP(J5,'PRESUPUESTO '!B12:K26,6) -> #REF!
A8: LOCALIZACION | G8: DESCRIPCION / ELEMENTO / AREA | H8: UNIDAD | I8: CANTIDAD | J8: LONGITUD | K8: ANCHO | L8: ALTO | M8: SUB TOTAL
H9: =IF(G9="","",$M$6) | M9: =PRODUCT(I9:L9) -> 0
H10: =IF(G10="","",$M$6) | M10: =PRODUCT(I10:L10) -> 0
H11: =IF(G11="","",$M$6) | M11: =PRODUCT(I11:L11) -> 0
H12: =IF(G12="","",$M$6) | M12: =PRODUCT(I12:L12) -> 0
H13: =IF(G13="","",$M$6) | M13: =PRODUCT(I13:L13) -> 0
H14: =IF(G14="","",$M$6) | M14: =PRODUCT(I14:L14) -> 0
H15: =IF(G15="","",$M$6) | M15: =PRODUCT(I15:L15) -> 0
H16: =IF(G16="","",$M$6) | M16: =PRODUCT(I16:L16) -> 0
H17: =IF(G17="","",$M$6) | M17: =PRODUCT(I17:L17) -> 0
H18: =IF(G18="","",$M$6) | M18: =PRODUCT(I18:L18) -> 0
H19: =IF(G19="","",$M$6) | M19: =PRODUCT(I19:L19) -> 0
H20: =IF(G20="","",$M$6) | M20: =PRODUCT(I20:L20) -> 0
... H23: =IF(G23="","",$M$6) | M23: =PRODUCT(I23:L23) -> 0
A24: GRAFICA / ESQUEMA | H24: =IF(G24="","",$M$6)
G26: TOTAL CANTIDAD | H26: =M6 -> #REF! | M26: =SUM(M9:M24) -> 0
G30: OBSERVACIONES;
G33: Planos:
G35: Informe:
G40: ='PRESUPUESTO '!B42 -> 0
G41: ='PRESUPUESTO '!B43 -> 0
G42: ='PRESUPUESTO '!B44 -> 0

Sheet 4.6
A1: MEMORIA DE CANTIDADES DE OBRAS
A2: DEPARTAMENTO DE BOLIVAR
A3: CORREGIMIENTO DE CAUSADO, JURISDICCION DEL MUNICIPIO DE MARGARITA
A5: OBJETO DEL PROYECTO | G5: CAPITULO | H5: ='PRESUPUESTO '!#REF! -> #REF! | I5: ITEM | J5: ='PRESUPUESTO '!#REF! -> #REF! | K5: ='PRESUPUESTO '!B18 -> 2.1 | M5: UNIDAD
A6: ='PRESUPUESTO '!E5 -> RECUPERACION Y CONSERVACIÓN DE ÁREAS DE IMPORTANCIA ESTRATEGICA DE LA ZONA DE INFLUENCIA DEL COMPLEJO CENAGOSO DE CASCALOA DE MAGANGUÉ, BOLÍVAR | G6: =VLOOKUP(H5,'PRESUPUESTO '!B12:K26,2) -> #REF! | I6: =VLOOKUP(J5,'PRESUPUESTO '!B12:K26,5) -> #REF! | M6: =VLOOKUP(J5,'PRESUPUESTO '!B12:K26,6) -> #REF!
A8: LOCALIZACION | G8: DESCRIPCION / ELEMENTO / AREA | H8: UNIDAD | I8: CANTIDAD | J8: LONGITUD | K8: ANCHO | L8: ALTO | M8: SUB TOTAL
H9: =IF(G9="","",$M$6) | M9: =PRODUCT(I9:L9) -> 0
H10: =IF(G10="","",$M$6) | M10: =PRODUCT(I10:L10) -> 0
H11: =IF(G11="","",$M$6) | M11: =PRODUCT(I11:L11) -> 0
H12: =IF(G12="","",$M$6) | M12: =PRODUCT(I12:L12) -> 0
H13: =IF(G13="","",$M$6) | M13: =PRODUCT(I13:L13) -> 0
H14: =IF(G14="","",$M$6) | M14: =PRODUCT(I14:L14) -> 0
H15: =IF(G15="","",$M$6) | M15: =PRODUCT(I15:L15) -> 0
H16: =IF(G16="","",$M$6) | M16: =PRODUCT(I16:L16) -> 0
H17: =IF(G17="","",$M$6) | M17: =PRODUCT(I17:L17) -> 0
H18: =IF(G18="","",$M$6) | M18: =PRODUCT(I18:L18) -> 0
H19: =IF(G19="","",$M$6) | M19: =PRODUCT(I19:L19) -> 0
H20: =IF(G20="","",$M$6) | M20: =PRODUCT(I20:L20) -> 0
... H23: =IF(G23="","",$M$6) | M23: =PRODUCT(I23:L23) -> 0
A24: GRAFICA / ESQUEMA | H24: =IF(G24="","",$M$6)
G26: TOTAL CANTIDAD | H26: =M6 -> #REF! | M26: =SUM(M9:M24) -> 0
G30: OBSERVACIONES;
G33: Planos:
G35: Informe:
G40: ='PRESUPUESTO '!B42 -> 0
G41: ='PRESUPUESTO '!B43 -> 0
G42: ='PRESUPUESTO '!B44 -> 0

Sheet 5.1
A1: MEMORIA DE CANTIDADES DE OBRAS
A2: DEPARTAMENTO DE BOLIVAR
A3: CORREGIMIENTO DE CAUSADO, JURISDICCION DEL MUNICIPIO DE MARGARITA
A5: OBJETO DEL PROYECTO | G5: CAPITULO | H5: ='PRESUPUESTO '!#REF! -> #REF! | I5: ITEM | J5: ='PRESUPUESTO '!#REF! -> #REF! | K5: ='PRESUPUESTO '!B18 -> 2.1 | M5: UNIDAD
A6: ='PRESUPUESTO '!E5 -> RECUPERACION Y CONSERVACIÓN DE ÁREAS DE IMPORTANCIA ESTRATEGICA DE LA ZONA DE INFLUENCIA DEL COMPLEJO CENAGOSO DE CASCALOA DE MAGANGUÉ, BOLÍVAR | G6: =VLOOKUP(H5,'PRESUPUESTO '!B12:K26,2) -> #REF! | I6: =VLOOKUP(J5,'PRESUPUESTO '!B12:K26,5) -> #REF! | M6: =VLOOKUP(J5,'PRESUPUESTO '!B12:K26,6) -> #REF!
A8: LOCALIZACION | G8: DESCRIPCION / ELEMENTO / AREA | H8: UNIDAD | I8: CANTIDAD | J8: LONGITUD | K8: ANCHO | L8: ALTO | M8: SUB TOTAL
H9: =IF(G9="","",$M$6) | M9: =PRODUCT(I9:L9) -> 0
H10: =IF(G10="","",$M$6) | M10: =PRODUCT(I10:L10) -> 0
H11: =IF(G11="","",$M$6) | M11: =PRODUCT(I11:L11) -> 0
H12: =IF(G12="","",$M$6) | M12: =PRODUCT(I12:L12) -> 0
H13: =IF(G13="","",$M$6) | M13: =PRODUCT(I13:L13) -> 0
H14: =IF(G14="","",$M$6) | M14: =PRODUCT(I14:L14) -> 0
H15: =IF(G15="","",$M$6) | M15: =PRODUCT(I15:L15) -> 0
H16: =IF(G16="","",$M$6) | M16: =PRODUCT(I16:L16) -> 0
H17: =IF(G17="","",$M$6) | M17: =PRODUCT(I17:L17) -> 0
H18: =IF(G18="","",$M$6) | M18: =PRODUCT(I18:L18) -> 0
H19: =IF(G19="","",$M$6) | M19: =PRODUCT(I19:L19) -> 0
H20: =IF(G20="","",$M$6) | M20: =PRODUCT(I20:L20) -> 0
... H23: =IF(G23="","",$M$6) | M23: =PRODUCT(I23:L23) -> 0
A24: GRAFICA / ESQUEMA | H24: =IF(G24="","",$M$6)
G26: TOTAL CANTIDAD | H26: =M6 -> #REF! | M26: =SUM(M9:M24) -> 0
G30: OBSERVACIONES;
G33: Planos:
G35: Informe:
G40: ='PRESUPUESTO '!B42 -> 0
G41: ='PRESUPUESTO '!B43 -> 0
G42: ='PRESUPUESTO '!B44 -> 0

Sheet 5.2
A1: MEMORIA DE CANTIDADES DE OBRAS
A2: DEPARTAMENTO DE BOLIVAR
A3: CORREGIMIENTO DE CAUSADO, JURISDICCION DEL MUNICIPIO DE MARGARITA
A5: OBJETO DEL PROYECTO | G5: CAPITULO | H5: ='PRESUPUESTO '!#REF! -> #REF! | I5: ITEM | J5: ='PRESUPUESTO '!#REF! -> #REF! | K5: ='PRESUPUESTO '!B18 -> 2.1 | M5: UNIDAD
A6: ='PRESUPUESTO '!E5 -> RECUPERACION Y CONSERVACIÓN DE ÁREAS DE IMPORTANCIA ESTRATEGICA DE LA ZONA DE INFLUENCIA DEL COMPLEJO CENAGOSO DE CASCALOA DE MAGANGUÉ, BOLÍVAR | G6: =VLOOKUP(H5,'PRESUPUESTO '!B12:K26,2) -> #REF! | I6: =VLOOKUP(J5,'PRESUPUESTO '!B12:K26,5) -> #REF! | M6: =VLOOKUP(J5,'PRESUPUESTO '!B12:K26,6) -> #REF!
A8: LOCALIZACION | G8: DESCRIPCION / ELEMENTO / AREA | H8: UNIDAD | I8: CANTIDAD | J8: LONGITUD | K8: ANCHO | L8: ALTO | M8: SUB TOTAL
H9: =IF(G9="","",$M$6) | M9: =PRODUCT(I9:L9) -> 0
H10: =IF(G10="","",$M$6) | M10: =PRODUCT(I10:L10) -> 0
H11: =IF(G11="","",$M$6) | M11: =PRODUCT(I11:L11) -> 0
H12: =IF(G12="","",$M$6) | M12: =PRODUCT(I12:L12) -> 0
H13: =IF(G13="","",$M$6) | M13: =PRODUCT(I13:L13) -> 0
H14: =IF(G14="","",$M$6) | M14: =PRODUCT(I14:L14) -> 0
H15: =IF(G15="","",$M$6) | M15: =PRODUCT(I15:L15) -> 0
H16: =IF(G16="","",$M$6) | M16: =PRODUCT(I16:L16) -> 0
H17: =IF(G17="","",$M$6) | M17: =PRODUCT(I17:L17) -> 0
H18: =IF(G18="","",$M$6) | M18: =PRODUCT(I18:L18) -> 0
H19: =IF(G19="","",$M$6) | M19: =PRODUCT(I19:L19) -> 0
H20: =IF(G20="","",$M$6) | M20: =PRODUCT(I20:L20) -> 0
... H23: =IF(G23="","",$M$6) | M23: =PRODUCT(I23:L23) -> 0
A24: GRAFICA / ESQUEMA | H24: =IF(G24="","",$M$6)
G26: TOTAL CANTIDAD | H26: =M6 -> #REF! | M26: =SUM(M9:M24) -> 0
G30: OBSERVACIONES;
G33: Planos:
G35: Informe:
G40: ='PRESUPUESTO '!B42 -> 0
G41: ='PRESUPUESTO '!B43 -> 0
G42: ='PRESUPUESTO '!B44 -> 0

Sheet 5.3
A1: MEMORIA DE CANTIDADES DE OBRAS
A2: DEPARTAMENTO DE BOLIVAR
A3: CORREGIMIENTO DE CAUSADO, JURISDICCION DEL MUNICIPIO DE MARGARITA
A5: OBJETO DEL PROYECTO | G5: CAPITULO | H5: ='PRESUPUESTO '!#REF! -> #REF! | I5: ITEM | J5: ='PRESUPUESTO '!#REF! -> #REF! | K5: ='PRESUPUESTO '!B18 -> 2.1 | M5: UNIDAD
A6: ='PRESUPUESTO '!E5 -> RECUPERACION Y CONSERVACIÓN DE ÁREAS DE IMPORTANCIA ESTRATEGICA DE LA ZONA DE INFLUENCIA DEL COMPLEJO CENAGOSO DE CASCALOA DE MAGANGUÉ, BOLÍVAR | G6: =VLOOKUP(H5,'PRESUPUESTO '!B12:K26,2) -> #REF! | I6: =VLOOKUP(J5,'PRESUPUESTO '!B12:K26,5) -> #REF! | M6: =VLOOKUP(J5,'PRESUPUESTO '!B12:K26,6) -> #REF!
A8: LOCALIZACION | G8: DESCRIPCION / ELEMENTO / AREA | H8: UNIDAD | I8: CANTIDAD | J8: LONGITUD | K8: ANCHO | L8: ALTO | M8: SUB TOTAL
H9: =IF(G9="","",$M$6) | M9: =PRODUCT(I9:L9) -> 0
H10: =IF(G10="","",$M$6) | M10: =PRODUCT(I10:L10) -> 0
H11: =IF(G11="","",$M$6) | M11: =PRODUCT(I11:L11) -> 0
H12: =IF(G12="","",$M$6) | M12: =PRODUCT(I12:L12) -> 0
H13: =IF(G13="","",$M$6) | M13: =PRODUCT(I13:L13) -> 0
H14: =IF(G14="","",$M$6) | M14: =PRODUCT(I14:L14) -> 0
H15: =IF(G15="","",$M$6) | M15: =PRODUCT(I15:L15) -> 0
H16: =IF(G16="","",$M$6) | M16: =PRODUCT(I16:L16) -> 0
H17: =IF(G17="","",$M$6) | M17: =PRODUCT(I17:L17) -> 0
H18: =IF(G18="","",$M$6) | M18: =PRODUCT(I18:L18) -> 0
H19: =IF(G19="","",$M$6) | M19: =PRODUCT(I19:L19) -> 0
H20: =IF(G20="","",$M$6) | M20: =PRODUCT(I20:L20) -> 0
... H23: =IF(G23="","",$M$6) | M23: =PRODUCT(I23:L23) -> 0
A24: GRAFICA / ESQUEMA | H24: =IF(G24="","",$M$6)
G26: TOTAL CANTIDAD | H26: =M6 -> #REF! | M26: =SUM(M9:M24) -> 0
G30: OBSERVACIONES;
G33: Planos:
G35: Informe:
G40: ='PRESUPUESTO '!B42 -> 0
G41: ='PRESUPUESTO '!B43 -> 0
G42: ='PRESUPUESTO '!B44 -> 0

Sheet 5.4
A1: MEMORIA DE CANTIDADES DE OBRAS
A2: DEPARTAMENTO DE BOLIVAR
A3: CORREGIMIENTO DE CAUSADO, JURISDICCION DEL MUNICIPIO DE MARGARITA
A5: OBJETO DEL PROYECTO | G5: CAPITULO | H5: ='PRESUPUESTO '!#REF! -> #REF! | I5: ITEM | J5: ='PRESUPUESTO '!#REF! -> #REF! | K5: ='PRESUPUESTO '!B18 -> 2.1 | M5: UNIDAD
A6: ='PRESUPUESTO '!E5 -> RECUPERACION Y CONSERVACIÓN DE ÁREAS DE IMPORTANCIA ESTRATEGICA DE LA ZONA DE INFLUENCIA DEL COMPLEJO CENAGOSO DE CASCALOA DE MAGANGUÉ, BOLÍVAR | G6: =VLOOKUP(H5,'PRESUPUESTO '!B12:K26,2) -> #REF! | I6: =VLOOKUP(J5,'PRESUPUESTO '!B12:K26,5) -> #REF! | M6: =VLOOKUP(J5,'PRESUPUESTO '!B12:K26,6) -> #REF!
A8: LOCALIZACION | G8: DESCRIPCION / ELEMENTO / AREA | H8: UNIDAD | I8: CANTIDAD | J8: LONGITUD | K8: ANCHO | L8: ALTO | M8: SUB TOTAL
H9: =IF(G9="","",$M$6) | M9: =PRODUCT(I9:L9) -> 0
H10: =IF(G10="","",$M$6) | M10: =PRODUCT(I10:L10) -> 0
H11: =IF(G11="","",$M$6) | M11: =PRODUCT(I11:L11) -> 0
H12: =IF(G12="","",$M$6) | M12: =PRODUCT(I12:L12) -> 0
H13: =IF(G13="","",$M$6) | M13: =PRODUCT(I13:L13) -> 0
H14: =IF(G14="","",$M$6) | M14: =PRODUCT(I14:L14) -> 0
H15: =IF(G15="","",$M$6) | M15: =PRODUCT(I15:L15) -> 0
H16: =IF(G16="","",$M$6) | M16: =PRODUCT(I16:L16) -> 0
H17: =IF(G17="","",$M$6) | M17: =PRODUCT(I17:L17) -> 0
H18: =IF(G18="","",$M$6) | M18: =PRODUCT(I18:L18) -> 0
H19: =IF(G19="","",$M$6) | M19: =PRODUCT(I19:L19) -> 0
H20: =IF(G20="","",$M$6) | M20: =PRODUCT(I20:L20) -> 0
... H23: =IF(G23="","",$M$6) | M23: =PRODUCT(I23:L23) -> 0
A24: GRAFICA / ESQUEMA | H24: =IF(G24="","",$M$6)
G26: TOTAL CANTIDAD | H26: =M6 -> #REF! | M26: =SUM(M9:M24) -> 0
G30: OBSERVACIONES;
G33: Planos:
G35: Informe:
G40: ='PRESUPUESTO '!B42 -> 0
G41: ='PRESUPUESTO '!B43 -> 0
G42: ='PRESUPUESTO '!B44 -> 0

Sheet 5.5
A1: MEMORIA DE CANTIDADES DE OBRAS
A2: DEPARTAMENTO DE BOLIVAR
A3: CORREGIMIENTO DE CAUSADO, JURISDICCION DEL MUNICIPIO DE MARGARITA
A5: OBJETO DEL PROYECTO | G5: CAPITULO | H5: ='PRESUPUESTO '!#REF! -> #REF! | I5: ITEM | J5: ='PRESUPUESTO '!#REF! -> #REF! | K5: ='PRESUPUESTO '!B18 -> 2.1 | M5: UNIDAD
A6: ='PRESUPUESTO '!E5 -> RECUPERACION Y CONSERVACIÓN DE ÁREAS DE IMPORTANCIA ESTRATEGICA DE LA ZONA DE INFLUENCIA DEL COMPLEJO CENAGOSO DE CASCALOA DE MAGANGUÉ, BOLÍVAR | G6: =VLOOKUP(H5,'PRESUPUESTO '!B12:K26,2) -> #REF! | I6: =VLOOKUP(J5,'PRESUPUESTO '!B12:K26,5) -> #REF! | M6: =VLOOKUP(J5,'PRESUPUESTO '!B12:K26,6) -> #REF!
A8: LOCALIZACION | G8: DESCRIPCION / ELEMENTO / AREA | H8: UNIDAD | I8: CANTIDAD | J8: LONGITUD | K8: ANCHO | L8: ALTO | M8: SUB TOTAL
H9: =IF(G9="","",$M$6) | M9: =PRODUCT(I9:L9) -> 0
H10: =IF(G10="","",$M$6) | M10: =PRODUCT(I10:L10) -> 0
H11: =IF(G11="","",$M$6) | M11: =PRODUCT(I11:L11) -> 0
H12: =IF(G12="","",$M$6) | M12: =PRODUCT(I12:L12) -> 0
H13: =IF(G13="","",$M$6) | M13: =PRODUCT(I13:L13) -> 0
H14: =IF(G14="","",$M$6) | M14: =PRODUCT(I14:L14) -> 0
H15: =IF(G15="","",$M$6) | M15: =PRODUCT(I15:L15) -> 0
H16: =IF(G16="","",$M$6) | M16: =PRODUCT(I16:L16) -> 0
H17: =IF(G17="","",$M$6) | M17: =PRODUCT(I17:L17) -> 0
H18: =IF(G18="","",$M$6) | M18: =PRODUCT(I18:L18) -> 0
H19: =IF(G19="","",$M$6) | M19: =PRODUCT(I19:L19) -> 0
H20: =IF(G20="","",$M$6) | M20: =PRODUCT(I20:L20) -> 0
... H23: =IF(G23="","",$M$6) | M23: =PRODUCT(I23:L23) -> 0
A24: GRAFICA / ESQUEMA | H24: =IF(G24="","",$M$6)
G26: TOTAL CANTIDAD | H26: =M6 -> #REF! | M26: =SUM(M9:M24) -> 0
G30: OBSERVACIONES;
G33: Planos:
G35: Informe:
G40: ='PRESUPUESTO '!B42 -> 0
G41: ='PRESUPUESTO '!B43 -> 0
G42: ='PRESUPUESTO '!B44 -> 0

Sheet 5.6
A1: MEMORIA DE CANTIDADES DE OBRAS
A2: DEPARTAMENTO DE BOLIVAR
A3: CORREGIMIENTO DE CAUSADO, JURISDICCION DEL MUNICIPIO DE MARGARITA
A5: OBJETO DEL PROYECTO | G5: CAPITULO | H5: ='PRESUPUESTO '!#REF! -> #REF! | I5: ITEM | J5: ='PRESUPUESTO '!#REF! -> #REF! | K5: ='PRESUPUESTO '!B18 -> 2.1 | M5: UNIDAD
A6: ='PRESUPUESTO '!E5 -> RECUPERACION Y CONSERVACIÓN DE ÁREAS DE IMPORTANCIA ESTRATEGICA DE LA ZONA DE INFLUENCIA DEL COMPLEJO CENAGOSO DE CASCALOA DE MAGANGUÉ, BOLÍVAR | G6: =VLOOKUP(H5,'PRESUPUESTO '!B12:K26,2) -> #REF! | I6: =VLOOKUP(J5,'PRESUPUESTO '!B12:K26,5) -> #REF! | M6: =VLOOKUP(J5,'PRESUPUESTO '!B12:K26,6) -> #REF!
A8: LOCALIZACION | G8: DESCRIPCION / ELEMENTO / AREA | H8: UNIDAD | I8: CANTIDAD | J8: LONGITUD | K8: ANCHO | L8: ALTO | M8: SUB TOTAL
H9: =IF(G9="","",$M$6) | M9: =PRODUCT(I9:L9) -> 0
H10: =IF(G10="","",$M$6) | M10: =PRODUCT(I10:L10) -> 0
H11: =IF(G11="","",$M$6) | M11: =PRODUCT(I11:L11) -> 0
H12: =IF(G12="","",$M$6) | M12: =PRODUCT(I12:L12) -> 0
H13: =IF(G13="","",$M$6) | M13: =PRODUCT(I13:L13) -> 0
H14: =IF(G14="","",$M$6) | M14: =PRODUCT(I14:L14) -> 0
H15: =IF(G15="","",$M$6) | M15: =PRODUCT(I15:L15) -> 0
H16: =IF(G16="","",$M$6) | M16: =PRODUCT(I16:L16) -> 0
H17: =IF(G17="","",$M$6) | M17: =PRODUCT(I17:L17) -> 0
H18: =IF(G18="","",$M$6) | M18: =PRODUCT(I18:L18) -> 0
H19: =IF(G19="","",$M$6) | M19: =PRODUCT(I19:L19) -> 0
H20: =IF(G20="","",$M$6) | M20: =PRODUCT(I20:L20) -> 0
... H23: =IF(G23="","",$M$6) | M23: =PRODUCT(I23:L23) -> 0
A24: GRAFICA / ESQUEMA | H24: =IF(G24="","",$M$6)
G26: TOTAL CANTIDAD | H26: =M6 -> #REF! | M26: =SUM(M9:M24) -> 0
G30: OBSERVACIONES;
G33: Planos:
G35: Informe:
G40: ='PRESUPUESTO '!B42 -> 0
G41: ='PRESUPUESTO '!B43 -> 0
G42: ='PRESUPUESTO '!B44 -> 0

Sheet 6.2
A1: MEMORIA DE CANTIDADES DE OBRAS
A2: DEPARTAMENTO DE BOLIVAR
A3: CORREGIMIENTO DE CAUSADO, JURISDICCION DEL MUNICIPIO DE MARGARITA
A5: OBJETO DEL PROYECTO | G5: CAPITULO | H5: ='PRESUPUESTO '!#REF! -> #REF! | I5: ITEM | J5: ='PRESUPUESTO '!#REF! -> #REF! | K5: ='PRESUPUESTO '!B18 -> 2.1 | M5: UNIDAD
A6: ='PRESUPUESTO '!E5 -> RECUPERACION Y CONSERVACIÓN DE ÁREAS DE IMPORTANCIA ESTRATEGICA DE LA ZONA DE INFLUENCIA DEL COMPLEJO CENAGOSO DE CASCALOA DE MAGANGUÉ, BOLÍVAR | G6: =VLOOKUP(H5,'PRESUPUESTO '!B12:K26,2) -> #REF! | I6: =VLOOKUP(J5,'PRESUPUESTO '!B12:K26,5) -> #REF! | M6: =VLOOKUP(J5,'PRESUPUESTO '!B12:K26,6) -> #REF!
A8: LOCALIZACION | G8: DESCRIPCION / ELEMENTO / AREA | H8: UNIDAD | I8: CANTIDAD | J8: LONGITUD | K8: ANCHO | L8: ALTO | M8: SUB TOTAL
H9: =IF(G9="","",$M$6) | M9: =PRODUCT(I9:L9) -> 0
H10: =IF(G10="","",$M$6) | M10: =PRODUCT(I10:L10) -> 0
H11: =IF(G11="","",$M$6) | M11: =PRODUCT(I11:L11) -> 0
H12: =IF(G12="","",$M$6) | M12: =PRODUCT(I12:L12) -> 0
H13: =IF(G13="","",$M$6) | M13: =PRODUCT(I13:L13) -> 0
H14: =IF(G14="","",$M$6) | M14: =PRODUCT(I14:L14) -> 0
H15: =IF(G15="","",$M$6) | M15: =PRODUCT(I15:L15) -> 0
H16: =IF(G16="","",$M$6) | M16: =PRODUCT(I16:L16) -> 0
H17: =IF(G17="","",$M$6) | M17: =PRODUCT(I17:L17) -> 0
H18: =IF(G18="","",$M$6) | M18: =PRODUCT(I18:L18) -> 0
H19: =IF(G19="","",$M$6) | M19: =PRODUCT(I19:L19) -> 0
H20: =IF(G20="","",$M$6) | M20: =PRODUCT(I20:L20) -> 0
... H23: =IF(G23="","",$M$6) | M23: =PRODUCT(I23:L23) -> 0
A24: GRAFICA / ESQUEMA | H24: =IF(G24="","",$M$6)
G26: TOTAL CANTIDAD | H26: =M6 -> #REF! | M26: =SUM(M9:M24) -> 0
G30: OBSERVACIONES;
G33: Planos:
G35: Informe:
G40: ='PRESUPUESTO '!B42 -> 0
G41: ='PRESUPUESTO '!B43 -> 0
G42: ='PRESUPUESTO '!B44 -> 0

Sheet 6.3
A1: MEMORIA DE CANTIDADES DE OBRAS
A2: DEPARTAMENTO DE BOLIVAR
A3: CORREGIMIENTO DE CAUSADO, JURISDICCION DEL MUNICIPIO DE MARGARITA
A5: OBJETO DEL PROYECTO | G5: CAPITULO | H5: ='PRESUPUESTO '!#REF! -> #REF! | I5: ITEM | J5: ='PRESUPUESTO '!#REF! -> #REF! | K5: ='PRESUPUESTO '!B18 -> 2.1 | M5: UNIDAD
A6: ='PRESUPUESTO '!E5 -> RECUPERACION Y CONSERVACIÓN DE ÁREAS DE IMPORTANCIA ESTRATEGICA DE LA ZONA DE INFLUENCIA DEL COMPLEJO CENAGOSO DE CASCALOA DE MAGANGUÉ, BOLÍVAR | G6: =VLOOKUP(H5,'PRESUPUESTO '!B12:K26,2) -> #REF! | I6: =VLOOKUP(J5,'PRESUPUESTO '!B12:K26,5) -> #REF! | M6: =VLOOKUP(J5,'PRESUPUESTO '!B12:K26,6) -> #REF!
A8: LOCALIZACION | G8: DESCRIPCION / ELEMENTO / AREA | H8: UNIDAD | I8: CANTIDAD | J8: LONGITUD | K8: ANCHO | L8: ALTO | M8: SUB TOTAL
H9: =IF(G9="","",$M$6) | M9: =PRODUCT(I9:L9) -> 0
H10: =IF(G10="","",$M$6) | M10: =PRODUCT(I10:L10) -> 0
H11: =IF(G11="","",$M$6) | M11: =PRODUCT(I11:L11) -> 0
H12: =IF(G12="","",$M$6) | M12: =PRODUCT(I12:L12) -> 0
H13: =IF(G13="","",$M$6) | M13: =PRODUCT(I13:L13) -> 0
H14: =IF(G14="","",$M$6) | M14: =PRODUCT(I14:L14) -> 0
H15: =IF(G15="","",$M$6) | M15: =PRODUCT(I15:L15) -> 0
H16: =IF(G16="","",$M$6) | M16: =PRODUCT(I16:L16) -> 0
H17: =IF(G17="","",$M$6) | M17: =PRODUCT(I17:L17) -> 0
H18: =IF(G18="","",$M$6) | M18: =PRODUCT(I18:L18) -> 0
H19: =IF(G19="","",$M$6) | M19: =PRODUCT(I19:L19) -> 0
H20: =IF(G20="","",$M$6) | M20: =PRODUCT(I20:L20) -> 0
... H23: =IF(G23="","",$M$6) | M23: =PRODUCT(I23:L23) -> 0
A24: GRAFICA / ESQUEMA | H24: =IF(G24="","",$M$6)
G26: TOTAL CANTIDAD | H26: =M6 -> #REF! | M26: =SUM(M9:M24) -> 0
G30: OBSERVACIONES;
G33: Planos:
G35: Informe:
G40: ='PRESUPUESTO '!B42 -> 0
G41: ='PRESUPUESTO '!B43 -> 0
G42: ='PRESUPUESTO '!B44 -> 0

Sheet 6.4
A1: MEMORIA DE CANTIDADES DE OBRAS
A2: DEPARTAMENTO DE BOLIVAR
A3: CORREGIMIENTO DE CAUSADO, JURISDICCION DEL MUNICIPIO DE MARGARITA
A5: OBJETO DEL PROYECTO | G5: CAPITULO | H5: ='PRESUPUESTO '!#REF! -> #REF! | I5: ITEM | J5: ='PRESUPUESTO '!#REF! -> #REF! | K5: ='PRESUPUESTO '!B18 -> 2.1 | M5: UNIDAD
A6: ='PRESUPUESTO '!E5 -> RECUPERACION Y CONSERVACIÓN DE ÁREAS DE IMPORTANCIA ESTRATEGICA DE LA ZONA DE INFLUENCIA DEL COMPLEJO CENAGOSO DE CASCALOA DE MAGANGUÉ, BOLÍVAR | G6: =VLOOKUP(H5,'PRESUPUESTO '!B12:K26,2) -> #REF! | I6: =VLOOKUP(J5,'PRESUPUESTO '!B12:K26,5) -> #REF! | M6: =VLOOKUP(J5,'PRESUPUESTO '!B12:K26,6) -> #REF!
A8: LOCALIZACION | G8: DESCRIPCION / ELEMENTO / AREA | H8: UNIDAD | I8: CANTIDAD | J8: LONGITUD | K8: ANCHO | L8: ALTO | M8: SUB TOTAL
H9: =IF(G9="","",$M$6) | M9: =PRODUCT(I9:L9) -> 0
H10: =IF(G10="","",$M$6) | M10: =PRODUCT(I10:L10) -> 0
H11: =IF(G11="","",$M$6) | M11: =PRODUCT(I11:L11) -> 0
H12: =IF(G12="","",$M$6) | M12: =PRODUCT(I12:L12) -> 0
H13: =IF(G13="","",$M$6) | M13: =PRODUCT(I13:L13) -> 0
H14: =IF(G14="","",$M$6) | M14: =PRODUCT(I14:L14) -> 0
H15: =IF(G15="","",$M$6) | M15: =PRODUCT(I15:L15) -> 0
H16: =IF(G16="","",$M$6) | M16: =PRODUCT(I16:L16) -> 0
H17: =IF(G17="","",$M$6) | M17: =PRODUCT(I17:L17) -> 0
H18: =IF(G18="","",$M$6) | M18: =PRODUCT(I18:L18) -> 0
H19: =IF(G19="","",$M$6) | M19: =PRODUCT(I19:L19) -> 0
H20: =IF(G20="","",$M$6) | M20: =PRODUCT(I20:L20) -> 0
... H23: =IF(G23="","",$M$6) | M23: =PRODUCT(I23:L23) -> 0
A24: GRAFICA / ESQUEMA | H24: =IF(G24="","",$M$6)
G26: TOTAL CANTIDAD | H26: =M6 -> #REF! | M26: =SUM(M9:M24) -> 0
G30: OBSERVACIONES;
G33: Planos:
G35: Informe:
G40: ='PRESUPUESTO '!B42 -> 0
G41: ='PRESUPUESTO '!B43 -> 0
G42: ='PRESUPUESTO '!B44 -> 0

Sheet 6.5
A1: MEMORIA DE CANTIDADES DE OBRAS
A2: DEPARTAMENTO DE BOLIVAR
A3: CORREGIMIENTO DE CAUSADO, JURISDICCION DEL MUNICIPIO DE MARGARITA
A5: OBJETO DEL PROYECTO | G5: CAPITULO | H5: ='PRESUPUESTO '!#REF! -> #REF! | I5: ITEM | J5: ='PRESUPUESTO '!#REF! -> #REF! | K5: ='PRESUPUESTO '!B18 -> 2.1 | M5: UNIDAD
A6: ='PRESUPUESTO '!E5 -> RECUPERACION Y CONSERVACIÓN DE ÁREAS DE IMPORTANCIA ESTRATEGICA DE LA ZONA DE INFLUENCIA DEL COMPLEJO CENAGOSO DE CASCALOA DE MAGANGUÉ, BOLÍVAR | G6: =VLOOKUP(H5,'PRESUPUESTO '!B12:K26,2) -> #REF! | I6: =VLOOKUP(J5,'PRESUPUESTO '!B12:K26,5) -> #REF! | M6: =VLOOKUP(J5,'PRESUPUESTO '!B12:K26,6) -> #REF!
A8: LOCALIZACION | G8: DESCRIPCION / ELEMENTO / AREA | H8: UNIDAD | I8: CANTIDAD | J8: LONGITUD | K8: ANCHO | L8: ALTO | M8: SUB TOTAL
H9: =IF(G9="","",$M$6) | M9: =PRODUCT(I9:L9) -> 0
H10: =IF(G10="","",$M$6) | M10: =PRODUCT(I10:L10) -> 0
H11: =IF(G11="","",$M$6) | M11: =PRODUCT(I11:L11) -> 0
H12: =IF(G12="","",$M$6) | M12: =PRODUCT(I12:L12) -> 0
H13: =IF(G13="","",$M$6) | M13: =PRODUCT(I13:L13) -> 0
H14: =IF(G14="","",$M$6) | M14: =PRODUCT(I14:L14) -> 0
H15: =IF(G15="","",$M$6) | M15: =PRODUCT(I15:L15) -> 0
H16: =IF(G16="","",$M$6) | M16: =PRODUCT(I16:L16) -> 0
H17: =IF(G17="","",$M$6) | M17: =PRODUCT(I17:L17) -> 0
H18: =IF(G18="","",$M$6) | M18: =PRODUCT(I18:L18) -> 0
H19: =IF(G19="","",$M$6) | M19: =PRODUCT(I19:L19) -> 0
H20: =IF(G20="","",$M$6) | M20: =PRODUCT(I20:L20) -> 0
... H23: =IF(G23="","",$M$6) | M23: =PRODUCT(I23:L23) -> 0
A24: GRAFICA / ESQUEMA | H24: =IF(G24="","",$M$6)
G26: TOTAL CANTIDAD | H26: =M6 -> #REF! | M26: =SUM(M9:M24) -> 0
G30: OBSERVACIONES;
G33: Planos:
G35: Informe:
G40: ='PRESUPUESTO '!B42 -> 0
G41: ='PRESUPUESTO '!B43 -> 0
G42: ='PRESUPUESTO '!B44 -> 0

Sheet 6.6
A1: MEMORIA DE CANTIDADES DE OBRAS
A2: DEPARTAMENTO DE BOLIVAR
A3: CORREGIMIENTO DE CAUSADO, JURISDICCION DEL MUNICIPIO DE MARGARITA
A5: OBJETO DEL PROYECTO | G5: CAPITULO | H5: ='PRESUPUESTO '!#REF! -> #REF! | I5: ITEM | J5: ='PRESUPUESTO '!#REF! -> #REF! | K5: ='PRESUPUESTO '!B18 -> 2.1 | M5: UNIDAD
A6: ='PRESUPUESTO '!E5 -> RECUPERACION Y CONSERVACIÓN DE ÁREAS DE IMPORTANCIA ESTRATEGICA DE LA ZONA DE INFLUENCIA DEL COMPLEJO CENAGOSO DE CASCALOA DE MAGANGUÉ, BOLÍVAR | G6: =VLOOKUP(H5,'PRESUPUESTO '!B12:K26,2) -> #REF! | I6: =VLOOKUP(J5,'PRESUPUESTO '!B12:K26,5) -> #REF! | M6: =VLOOKUP(J5,'PRESUPUESTO '!B12:K26,6) -> #REF!
A8: LOCALIZACION | G8: DESCRIPCION / ELEMENTO / AREA | H8: UNIDAD | I8: CANTIDAD | J8: LONGITUD | K8: ANCHO | L8: ALTO | M8: SUB TOTAL
H9: =IF(G9="","",$M$6) | M9: =PRODUCT(I9:L9) -> 0
H10: =IF(G10="","",$M$6) | M10: =PRODUCT(I10:L10) -> 0
H11: =IF(G11="","",$M$6) | M11: =PRODUCT(I11:L11) -> 0
H12: =IF(G12="","",$M$6) | M12: =PRODUCT(I12:L12) -> 0
H13: =IF(G13="","",$M$6) | M13: =PRODUCT(I13:L13) -> 0
H14: =IF(G14="","",$M$6) | M14: =PRODUCT(I14:L14) -> 0
H15: =IF(G15="","",$M$6) | M15: =PRODUCT(I15:L15) -> 0
H16: =IF(G16="","",$M$6) | M16: =PRODUCT(I16:L16) -> 0
H17: =IF(G17="","",$M$6) | M17: =PRODUCT(I17:L17) -> 0
H18: =IF(G18="","",$M$6) | M18: =PRODUCT(I18:L18) -> 0
H19: =IF(G19="","",$M$6) | M19: =PRODUCT(I19:L19) -> 0
H20: =IF(G20="","",$M$6) | M20: =PRODUCT(I20:L20) -> 0
... H23: =IF(G23="","",$M$6) | M23: =PRODUCT(I23:L23) -> 0
A24: GRAFICA / ESQUEMA | H24: =IF(G24="","",$M$6)
G26: TOTAL CANTIDAD | H26: =M6 -> #REF! | M26: =SUM(M9:M24) -> 0
G30: OBSERVACIONES;
G33: Planos:
G35: Informe:
G40: ='PRESUPUESTO '!B42 -> 0
G41: ='PRESUPUESTO '!B43 -> 0
G42: ='PRESUPUESTO '!B44 -> 0

Sheet FACTOR PRESTACIONAL
B2: ANALISIS FACTOR PRESTACIONAL
B3: =CONCATENATE("PROYECTO: ",'PRESUPUESTO '!E5) -> PROYECTO: RECUPERACION Y CONSERVACIÓN DE ÁREAS DE IMPORTANCIA ESTRATEGICA DE LA ZONA DE INFLUENCIA DEL COMPLEJO CENAGOSO DE CASCALOA DE MAGANGUÉ, BOLÍVAR
B5: Salario Mínimo Mensual Legal Vigente año 2026 | D5: 1750905
C6: SALARIO <= 2 SMMLV | E6: SALARIO > 2 SMMLV
B7: INFORMACION BASICA
B8: DETALLE | C8: PORCENTAJE PATRONAL | D8: SM | E8: PORCENTAJE PATRONAL | F8: SM
B9: SALARIO MINIMO (S.M) | C9: S.M. | D9: 1 | E9: S.M. | F9: 1
B10: AUX. TRANSPORTE (A.T) | C10: A.T | D10: 0.121 | E10: A.T
B11: DOTACIÓN | D11: 0.0515 | F11: 0.0515
B12: DESCANSO DOMINICAL R. | D12: 0.1378 | F12: 0.1378
B14: APORTE PARA FISCALES
B15: DETALLE | C15: PORCENTAJE PATRONAL | D15: SM | E15: PORCENTAJE PATRONAL | F15: SM
B16: VACACIONES | C16: S.M X 4,17% | D16: 0.0417 | E16: S.M X 4,17% | F16: 0.0417
B17: PENSION | C17: S.M X 12% (PATRONO) | D17: 0.12 | E17: S.M X 12% (PATRONO) | F17: 0.12
B18: SALUD | C18: S.M X 8,5% (PATRONO) | D18: 0.085 | E18: S.M X 8,5% (PATRONO) | F18: 0.085
B19: RL | C19: S.M X % (CONSTRUCCION 6.96%) | D19: 0.0296 | E19: S.M X % (CONSTRUCCION 6.96%) | F19: 0.0296
B20: PARAFISCALES | C20: S.M X 4% ( COMFA 4%) | D20: 0.08 | E20: S.M X 4% ( COMFA 4%) | F20: 0.08
B21: EXAMEN DE INGRESO | D21: 0.011 | F21: 0.011
B22: FIC | C22: S.M. / 40 | D22: 0.00025 | E22: S.M. / 40 | F22: 0.00025
B24: BASE SALARIO + TRANSPORTE
B25: DETALLE | C25: PORCENTAJE PATRONAL | D25: SM | E25: PORCENTAJE PATRONAL | F25: SM
B26: CESANTIAS (CS) | C26: (S.M + A.T) X 8,33% | D26: 0.0833 | E26: (S.M + A.T) X 8,33% | F26: 0.0833
B27: PRIMA ANUAL | C27: (S.M + A.T) X 8,33% | D27: 0.0833 | E27: (S.M + A.T) X 8,33% | F27: 0.0833
B28: INTERES A LAS CESANTIAS | C28: (S.M + A.T) X 1% | D28: 0.01 | E28: (S.M + A.T) X 1% | F28: 0.01
B30: FACTOR PRESTACIONAL | D30: =D10+D11+D12+D16+D17+D18+D19+D20+D21+D22+D26+D27+D28 -> 0.85445 | F30: =F10+F11+F12+F16+F17+F18+F19+F20+F21+F22+F26+F27+F28 -> 0.73345

Sheet ANALISIS AIU 
B2: =CONCATENATE("PROYECTO: ",'PRESUPUESTO '!E5) -> PROYECTO: RECUPERACION Y CONSERVACIÓN DE ÁREAS DE IMPORTANCIA ESTRATEGICA DE LA ZONA DE INFLUENCIA DEL COMPLEJO CENAGOSO DE CASCALOA DE MAGANGUÉ, BOLÍVAR
B5: ANALISIS DE COSTOS INDIRECTOS ( A.U.I.)
B7: Costo directo Total | E7: ='PRESUPUESTO '!J36 -> 2.8241199e+10
B9: ITEM | C9: DESCRIPCION | D9: % | E9: VALOR PARCIAL | F9: TOTAL
B11: 1 | C11: ADMINISTRACION
B12: 1.1 | C12: Staff de Obra + prestaciones sociales | D12: 0.028 | E12: =D12*$E$7 -> 7.9075357e+08 | F12: =D12 -> 0.028
B13: 1.2 | C13: Cuadrilla de Administración + prestaciones sociales | D13: 0.0085 | E13: =D13*$E$7 -> 2.4005019e+08 | F13: =D13 -> 0.0085
B14: 1.3 | C14: Personal de Vigilancia + prestaciones sociales | D14: 0.0075 | E14: =D14*$E$7 -> 2.1180899e+08 | F14: =D14 -> 0.0075
B15: 1.4 | C15: Dotación Campamento/Mobiliario | D15: 0.005 | E15: =D15*$E$7 -> 1.41206e+08 | F15: =D15 -> 0.005
B16: 1.5 | C16: Software/Hardware para Obra | D16: 0.0015 | E16: =D16*$E$7 -> 42361799 | F16: =D16 -> 0.0015
B17: 1.6 | C17: Servicios Públicos Provisionales durante la obra | D17: 0.0015 | E17: =D17*$E$7 -> 42361799 | F17: =D17 -> 0.0015
B18: 1.7 | C18: Ensayos de Laboratorio | D18: 0.005 | E18: =D18*$E$7 -> 1.41206e+08 | F18: =D18 -> 0.005
B19: 1.8 | C19: Copias planos/Fotocopias, Papeleria | D19: 0.003 | E19: =D19*$E$7 -> 84723597 | F19: =D19 -> 0.003
B20: 1.9 | C20: Registro y Elaboración Planos Record e informe | D20: 0.004 | E20: =D20*$E$7 -> 1.129648e+08 | F20: =D20 -> 0.004
B21: 1.10 | C21: Elaboración manuales operación y mantenimiento | D21: 0.001 | E21: =D21*$E$7 -> 28241199 | F21: =D21 -> 0.001
B22: 1.11 | C22: Transportes | D22: 0.005 | E22: =D22*$E$7 -> 1.41206e+08 | F22: =D22 -> 0.005
B23: 1.12 | C23: Costo Proporcional Oficina Central | D23: 0.005 | E23: =D23*$E$7 -> 1.41206e+08 | F23: =D23 -> 0.005
B24: 1.13 | C24: Retenciones | D24: 0.02 | E24: =D24*$E$7 -> 5.6482398e+08 | F24: =D24 -> 0.02
B25: 1.14 | C25: Estampilla Universidad de Cartagena | D25: 0.01 | E25: =D25*$E$7 -> 2.8241199e+08 | F25: 0.01
B26: 1.15 | C26: Estampilla pro cultura | D26: 0.02 | E26: =D26*$E$7 -> 5.6482398e+08 | F26: =D26 -> 0.02
B27: 1.16 | C27: Estampilla pro Deporte | D27: 0.02 | E27: =D27*$E$7 -> 5.6482398e+08 | F27: =D27 -> 0.02
B28: 1.17 | C28: Contribución especial | D28: 0.05 | E28: =D28*$E$7 -> 1.41206e+09 | F28: =D28 -> 0.05
B29: 1.18 | C29: Estampilla pro Ancianato | D29: 0.02 | E29: =D29*$E$7 -> 5.6482398e+08 | F29: =D29 -> 0.02
B30: 1.19 | C30: Pólizas* | D30: 0.005 | E30: =D30*$E$7 -> 1.41206e+08 | F30: =D30 -> 0.005
C31: SUBTOTAL ADMINISTRACION | D31: =SUM(D12:D30) -> 0.22 | E31: =SUM(E12:E30) -> 6.2130638e+09 | F31: =SUM(F12:F30) -> 0.22
B33: 2 | C33: IMPREVISTOS
B34: 2.1 | C34: Climatologia adversa, aumento repentino de precios | D34: 0.03 | E34: =D34*E7 -> 8.4723597e+08 | F34: =D34 -> 0.03
C35: SUBTOTAL IMPREVISTOS | D35: =SUM(D34) -> 0.03 | E35: =SUM(E34) -> 8.4723597e+08 | F35: =SUM(F34) -> 0.03
B37: 3 | C37: UTILIDAD
B38: 3.1 | C38: Utilidades porcentuales sobre la inversion | D38: 0.05 | E38: =D38*E7 -> 1.41206e+09 | F38: =D38 -> 0.05
C39: SUBTOTAL UTILIDAD | D39: =SUM(D38) -> 0.05 | E39: =SUM(E38) -> 1.41206e+09 | F39: =SUM(F38) -> 0.05
C41: TOTAL ( A.U.I.) | D41: =D39+D35+D31 -> 0.3 | E41: =E39+E35+E31 -> 8.4723597e+09 | F41: =F39+F35+F31 -> 0.3

Sheet MANO DE OBRA
B1: ANALISIS MANO DE OBRA
B2: =CONCATENATE("PROYECTO: ",'PRESUPUESTO '!E5) -> PROYECTO: RECUPERACION Y CONSERVACIÓN DE ÁREAS DE IMPORTANCIA ESTRATEGICA DE LA ZONA DE INFLUENCIA DEL COMPLEJO CENAGOSO DE CASCALOA DE MAGANGUÉ, BOLÍVAR
B4: No. en salarios mínimos
B5: Valor sobre SMMLV | C5: (SMMLV ) | D5: día
B6: 1 | C6: ='FACTOR PRESTACIONAL'!D5 -> 1750905 | D6: =+ROUND(C6/30,0) -> 58364
B7: Valor sobre SMMLV | C7: (SMMLV FINAL) | D7: día
B8: 1.2 | C8: =B8*'FACTOR PRESTACIONAL'!D5 -> 2101086 | D8: =+ROUND(C8/30,0) -> 70036
B9: Valor sobre SMMLV | C9: (SMMLV FINAL) | D9: día
B10: 1.5 | C10: =B10*'FACTOR PRESTACIONAL'!D5 -> 2626357.5 | D10: =+ROUND(C10/30,0) -> 87545
B11: Valor sobre SMMLV | C11: (SMMLV FINAL) | D11: día
B12: 1.8 | C12: =B12*'FACTOR PRESTACIONAL'!D5 -> 3151629 | D12: =+ROUND(C12/30,0) -> 105054
B13: Valor sobre SMMLV | C13: (SMMLV FINAL) | D13: día
B14: 2 | C14: =B14*'FACTOR PRESTACIONAL'!D5 -> 3501810 | D14: =+ROUND(C14/30,0) -> 116727
B15: Valor sobre SMMLV | C15: (SMMLV FINAL) | D15: día
B16: 2.5 | C16: =B16*'FACTOR PRESTACIONAL'!D5 -> 4377262.5 | D16: =+ROUND(C16/30,0) -> 145909
B17: Valor sobre SMMLV | C17: (SMMLV FINAL) | D17: día
B18: 3 | C18: =B18*'FACTOR PRESTACIONAL'!D5 -> 5252715 | D18: =+ROUND(C18/30,0) -> 175091
B19: Valor sobre SMMLV | C19: (SMMLV FINAL) | D19: día
B20: 3.5 | C20: ='FACTOR PRESTACIONAL'!D5*'MANO DE OBRA'!B20 -> 6128167.5 | D20: =+ROUND(C20/30,0) -> 204272
B21: Valor sobre SMMLV | C21: (SMMLV FINAL) | D21: día
B22: 4 | C22: ='FACTOR PRESTACIONAL'!D5*'MANO DE OBRA'!B22 -> 7003620 | D22: =+ROUND(C22/30,0) -> 233454
B23: Valor sobre SMMLV | C23: (SMMLV FINAL) | D23: día
B24: 5.5 | C24: =B24*'FACTOR PRESTACIONAL'!D5 -> 9629977.5 | D24: =+ROUND(C24/30,0) -> 320999
B25: Valor sobre SMMLV | C25: (SMMLV FINAL) | D25: día
B26: 8 | C26: =B26*'FACTOR PRESTACIONAL'!D5 -> 14007240 | D26: =+ROUND(C26/30,0) -> 466908
B27: PERSONAL
B28: PERSONAL | C28: SALARIO DIA | D28: SALARIO MENSUAL | E28: % FACTOR PRESTACIONAL | F28: SALARIO DIA + PRESTACIONES | G28: SALARIO MES + PRESTACIONES
B29: Ayudante | C29: =D6 -> 58364 | D29: 1160000 | E29: 0.85 | F29: =C29*E29+C29 -> 107973.4 | G29: =D29*E29+D29 -> 2146000
B30: Ayudante práctico | C30: =D8 -> 70036 | D30: =C30*30 -> 2101080 | E30: 0.85 | F30: =C30*E30+C30 -> 129566.6 | G30: =D30*E30+D30 -> 3886998
B31: Oficial | C31: =D12 -> 105054 | D31: =C31*30 -> 3151620 | E31: 0.85 | F31: =C31*E31+C31 -> 194349.9 | G31: =D31*E31+D31 -> 5830497
B32: Cadenero 1 | C32: =D10 -> 87545 | D32: =C32*30 -> 2626350 | E32: 0.85 | F32: =C32*E32+C32 -> 161958.25 | G32: =D32*E32+D32 -> 4858747.5
B33: Maestro de obra | C33: =D16 -> 145909 | D33: =C33*30 -> 4377270 | E33: 0.85 | F33: =C33*E33+C33 -> 269931.65 | G33: =D33*E33+D33 -> 8097949.5
B34: Inspector de obra | C34: =D12 -> 105054 | D34: =C34*30 -> 3151620 | E34: 0.85 | F34: =C34*E34+C34 -> 194349.9 | G34: =D34*E34+D34 -> 5830497
B35: Dibujante | C35: =D10 -> 87545 | D35: =C35*30 -> 2626350 | E35: 0.85 | F35: =C35*E35+C35 -> 161958.25 | G35: =D35*E35+D35 -> 4858747.5 | I35: =+C38+C32+C30 -> 303490
B36: Operador de maquinaria Pesada | C36: =D16 -> 145909 | D36: =C36*30 -> 4377270 | E36: 0.85 | F36: =C36*E36+C36 -> 269931.65 | G36: =D36*E36+D36 -> 8097949.5
B37: Paletero | C37: =D6 -> 58364 | D37: =C37*30 -> 1750920 | E37: 0.85 | F37: =C37*E37+C37 -> 107973.4 | G37: =D37*E37+D37 -> 3239202
B38: Topógrafo | C38: =D16 -> 145909 | D38: =C38*30 -> 4377270 | E38: 0.85 | F38: =C38*E38+C38 -> 269931.65 | G38: =D38*E38+D38 -> 8097949.5
B39: Profesional en salud ocupacional | C39: =D18 -> 175091 | D39: =C39*30 -> 5252730 | E39: 0.85 | F39: =C39*E39+C39 -> 323918.35 | G39: =D39*E39+D39 -> 9717550.5
B40: Almacenista | C40: =D8 -> 70036 | D40: =C40*30 -> 2101080 | E40: 0.85 | F40: =C40*E40+C40 -> 129566.6 | G40: =D40*E40+D40 -> 3886998
B41: Vigilante | C41: =D6 -> 58364 | D41: =C41*30 -> 1750920 | E41: 0.85 | F41: =C41*E41+C41 -> 107973.4 | G41: =D41*E41+D41 -> 3239202
B42: Residente de Obra | C42: =D18 -> 175091 | D42: =C42*30 -> 5252730 | E42: 0.85 | F42: =C42*E42+C42 -> 323918.35 | G42: =D42*E42+D42 -> 9717550.5
B43: Director de Obra | C43: =D24 -> 320999 | D43: =C43*30 -> 9629970 | E43: 0.85 | F43: =C43*E43+C43 -> 593848.15 | G43: =D43*E43+D43 -> 17815444
B44: Recursos Humanos / HSEQ para obra | C44: =D16 -> 145909 | D44: =C44*30 -> 4377270 | E44: 0.85 | F44: =C44*E44+C44 -> 269931.65 | G44: =D44*E44+D44 -> 8097949.5
B45: Auxiliar Administrativo | C45: =D6 -> 58364 | D45: =C45*30 -> 1750920 | E45: 0.85 | F45: =C45*E45+C45 -> 107973.4 | G45: =D45*E45+D45 -> 3239202
B46: Ingeniero Especialista | C46: =D26 -> 466908 | D46: =C46*30 -> 14007240 | E46: 0.85 | F46: =C46*E46+C46 -> 863779.8 | G46: =D46*E46+D46 -> 25913394
B47: Contador | C47: =D18 -> 175091 | D47: =C47*30 -> 5252730 | E47: 0.85 | F47: =C47*E47+C47 -> 323918.35 | G47: =D47*E47+D47 -> 9717550.5
B48: Oficial eléctrico | C48: =D14 -> 116727 | D48: =C48*30 -> 3501810 | E48: 0.85 | F48: =C48*E48+C48 -> 215944.95 | G48: =D48*E48+D48 -> 6478348.5
B49: Ingeniero | C49: =D24 -> 320999 | D49: =C49*30 -> 9629970 | E49: 0.85 | F49: =C49*E49+C49 -> 593848.15 | G49: =D49*E49+D49 -> 17815444
B51: CALCULO DE CUADILLAS
B52: CUADRILLA | C52: SALARIO DIA | D52: SALARIO MENSUAL | E52: % FACTOR PRESTACIONAL | F52: SALARIO DIA + PRESTACIONES | G52: SALARIO MES + PRESTACIONES
A53: 1 | B53: Cuadrilla AA 1 Of y 1 Ay | C53: =C31+C29 -> 163418 | D53: =D31+D29 -> 4311620 | F53: =F31+F29 -> 302323.3 | G53: =G31+G29 -> 7976497
A54: 2 | B54: Cuadrilla AA 1 Of y 2 Ay | C54: =C31+C29+C29 -> 221782 | D54: =D31+D29+D29 -> 5471620 | F54: =F31+F29+F29 -> 410296.7 | G54: =G31+G29+G29 -> 10122497
A55: 3 | B55: Cuadrilla AA 1 Ay | C55: =C29 -> 58364 | D55: =D29 -> 1160000 | F55: =F29 -> 107973.4 | G55: =G29 -> 2146000
A56: 4 | B56: Cuadrilla AA 2 Ay | C56: =C29+C29 -> 116728 | D56: =D29+D29 -> 2320000 | F56: =F29*2 -> 215946.8 | G56: =G29*2 -> 4292000
A57: 5 | B57: Cuadrilla AA 4 Ay | C57: =C29*4 -> 233456 | D57: =D29*4 -> 4640000 | F57: =F29*4 -> 431893.6 | G57: =G29*4 -> 8584000
A58: 6 | B58: Cuadrilla AA 5 Ay | C58: =C29*5 -> 291820 | D58: =D29*5 -> 5800000 | F58: =F29*5 -> 539867 | G58: =G29*5 -> 10730000
A59: 7 | B59: Cuadrilla KK (Aseo) 2 Ay | C59: =C29*2 -> 116728 | D59: =D29*2 -> 2320000 | F59: =F29*2 -> 215946.8 | G59: =G29*2 -> 4292000
A60: 8 | B60: Cuadrilla II (Topografía) 1Top,1 ay,1cadenero | C60: =C38+C32+C29 -> 291818 | D60: =D38+D32+D29 -> 8163620 | F60: =F38+F32+F29 -> 539863.3 | G60: =G38+G32+G29 -> 15102697

Sheet EQUIPOS 2026
B2: EQUIPOS Y MAQUINARIA 2026
B3: =CONCATENATE("PROYECTO: ",'PRESUPUESTO '!E5) -> PROYECTO: RECUPERACION Y CONSERVACIÓN DE ÁREAS DE IMPORTANCIA ESTRATEGICA DE LA ZONA DE INFLUENCIA DEL COMPLEJO CENAGOSO DE CASCALOA DE MAGANGUÉ, BOLÍVAR
B5: CODIGO | C5: DESCRIPCIÓN | D5: UNIDAD | E5: VALOR INSUMO
A6: 1 | B6: C0010011 | C6: Andamiaje para aplicar la carga (Equipo sustituto de la tara) | D6: u | E6: 70810.08
A7: 2 | B7: C0010010 | C7: Aspersor manual de 20 litros | D7: h | E7: 3775.3644
A8: 3 | B8: C0010015 | C8: Astilladora de madera para triturar, potencia aproximada 75 HP | D8: h | E8: 91919.944
A9: 4 | B9: C0010600 | C9: Motobomba de concreto | D9: h | E9: 87417.373
A10: 5 | B10: C0010020 | C10: Barredora de succión, almacenamiento aproximado 6 m3 | D10: h | E10: 105984.45
A11: 6 | B11: C0010030 | C11: Bomba de concreto, producción: 30 m3/h- 50 m3/h | D11: h | E11: 70129.688
A12: 7 | B12: C0010040 | C12: Bomba de inyección de lechada | D12: h | E12: 47504.127
A13: 8 | B13: C0010034 | C13: Bomba eléctrica para accionar la celda especial de carga | D13: h | E13: 71413.279
A14: 9 | B14: C0010050 | C14: Bomba para gato de tensionamiento (fuerza máxima 300 toneladas) | D14: h | E14: 58962.432
A15: 10 | B15: C0010053 | C15: Buldozer potencia al volante de 305 HP, motor de 2100 RPM, longitud de hoja 6,39m | D15: h | E15: 207064.56
A16: 11 | B16: C0010052 | C16: Buldozer, potencia al volante de 140 HP, motor de 2200 RPM, longitud de hoja 4,80m | D16: h | E16: 190038.08
A17: 12 | B17: C0010051 | C17: Buldozer, Potencia al volante de 80 HP, motor de 2400 RPM, longitud de hoja 3,99m | D17: h | E17: 169819.26
... A153: 148 | B153: C0011093 | C153: Estación Total con precisión angular | D153: mes | E153: 3600000

Sheet MATERIALES
B2: MATERIALES 2026
B3: =CONCATENATE("PROYECTO: ",'PRESUPUESTO '!E5) -> PROYECTO: RECUPERACION Y CONSERVACIÓN DE ÁREAS DE IMPORTANCIA ESTRATEGICA DE LA ZONA DE INFLUENCIA DEL COMPLEJO CENAGOSO DE CASCALOA DE MAGANGUÉ, BOLÍVAR
B5: CODIGO | C5: DESCRIPCIÓN | D5: UNIDAD | E5: VALOR INSUMO
A6: 1 | B6: B0010045 | C6: Abrasivo para sandblasting (arena sílica, de cuarzo y/o abrasivo sintético) | D6: kg | E6: 3129.7254
A7: 2 | B7: B0020001 | C7: Acero A-36 para estructura metálica | D7: kg | E7: 5670.7173
A8: 3 | B8: B0020004 | C8: Acero A-37 | D8: kg | E8: 5670.7173
A9: 4 | B9: B0020002 | C9: Acero A-40 | D9: kg | E9: 4627.9019
A10: 5 | B10: B0020003 | C10: Acero de refuerzo PDR-60, Fy: 4200 kg/cm2 | D10: kg | E10: 6500
A11: 6 | B11: B0014905 | C11: Adhesivo bituminoso para tacha | D11: kg | E11: 108018.3
A12: 7 | B12: B0014896 | C12: Adhesivo epoxico para pega de concreto endurecido y concreto fresco | D12: kg | E12: 111670.63
A13: 8 | B13: B003003 | C13: Aditivo acelerante de fraguado para concreto hidraulico | D13: kg | E13: 18813.829
A14: 9 | B14: B0014899 | C14: Aditivo acuoso acelerante de fraguado y resistencia del concreto | D14: kg | E14: 18958.529
A15: 10 | B15: B0030001 | C15: Aditivo curador para pilotes | D15: kg | E15: 13971.583
A16: 11 | B16: B003004 | C16: Aditivo inclusor de aire para concreto | D16: kg | E16: 3400.4485
A17: 12 | B17: B003007 | C17: Aditivo para modificar la reología | D17: kg | E17: 12862.217
... A467: 462 | B467: B0033221 | C467: Malla metalica MS90 eslabonada triple torsión revestida en pvc, ojo 8x10, resistencia a la tension paralela 43KN/m | D467: m2 | E467: 28322
A468: 463 | B468: B0033220
A469: 464
A470: 465
A471: 466
A472: 467
A473: 468
A474: 469
A475: 470
A476: 530

Sheet TRANSPORTE 2026
B2: TRANSPORTE 2026
B3: =CONCATENATE("PROYECTO: ",'PRESUPUESTO '!E5) -> PROYECTO: RECUPERACION Y CONSERVACIÓN DE ÁREAS DE IMPORTANCIA ESTRATEGICA DE LA ZONA DE INFLUENCIA DEL COMPLEJO CENAGOSO DE CASCALOA DE MAGANGUÉ, BOLÍVAR
B5: CODIGO | C5: DESCRIPCIÓN | D5: UNIDAD | E5: VALOR INSUMO
A6: 1 | B6: T0100002 | C6: Transporte de acero | D6: kg-km | E6: 9
A7: 2 | B7: T0010001 | C7: Transporte de acero | D7: t-km | E7: =+E6*1000 -> 9000
A8: 3 | B8: T0010011 | C8: Transporte de adoquín e=8cm | D8: m3-km | E8: 1527.7119
A9: 4 | B9: T0010400 | C9: Transporte de agregados | D9: m3-km | E9: 1420
A10: 5 | B10: T0010004 | C10: Transporte de arena | D10: m3-km | E10: =+E9 -> 1420
A11: 6 | B11: T0010053 | C11: Transporte de barrera de seguridad en concreto | D11: m3-km | E11: 1527.7119
A12: 7 | B12: T0010550 | C12: Transporte de cal | D12: kg-km | E12: 1.0776987
A13: 8 | B13: T0015011 | C13: Transporte de cemento asfáltico | D13: kg-km | E13: 1.0776987
A14: 9 | B14: T0010500 | C14: Transporte de cemento hidráulico | D14: kg-km | E14: 1.0776987
A15: 10 | B15: T0010009 | C15: Transporte de concreto | D15: m3-km | E15: 1641.3141
A16: 11 | B16: T0010120 | C16: Transporte de emulsión asfáltica | D16: m3-km | E16: 1.5939798
A17: 12 | B17: T0010160 | C17: Transporte de estructuras metálicas | D17: kg-km | E17: 1.1833555
A18: 13 | B18: T0010570 | C18: Transporte de estructuras metálicas | D18: t-km | E18: 1183.3555
A19: 14 | B19: T0010560 | C19: Transporte de formaleta | D19: kg-km | E19: 9
A20: 15 | B20: T0010088 | C20: Transporte de madera | D20: kg-km | E20: 9
A21: 16 | B21: T0010010 | C21: Transporte de material de afirmado | D21: m3-km | E21: =+E9 -> 1420
A22: 17 | B22: T0010020 | C22: Transporte de material de base | D22: m3-km | E22: =+E9 -> 1420
A23: 18 | B23: T0010032 | C23: Transporte de material de demolición | D23: m3-km | E23: 1300
A24: 19 | B24: T0010025 | C24: Transporte de material de excavación | D24: m3-km | E24: 1300
A25: 20 | B25: T0010062 | C25: Transporte de material de relleno | D25: m3-km | E25: 1300
A26: 21 | B26: T0010036 | C26: Transporte de material de remoción | D26: m3-km | E26: 1300
A27: 22 | B27: T0010030 | C27: Transporte de material de sub-base (considerado en volqueta de 6 m3) | D27: m3-km | E27: =+E9 -> 1420
A28: 23 | B28: T0010040 | C28: Transporte de material desmontado | D28: m3-km | E28: 1236.287
A29: 24 | B29: T0010028 | C29: Transporte de material drenante | D29: m3-km | E29: 1360.8588
A30: 25 | B30: T0010006 | C30: Transporte de material fresado | D30: m3-km | E30: 1102.8873
A31: 26 | B31: T0010480 | C31: Transporte de material sobrante de poda | D31: m3-km | E31: 1502.8615
A32: 27 | B32: T0010130 | C32: Transporte de mezcla asfáltica drenante | D32: m3-km | E32: 1566.7627
A33: 28 | B33: T0010510 | C33: Transporte de mezcla de mortero | D33: m3-km | E33: 1641.3141
A34: 29 | B34: T0010065 | C34: Transporte de mezcla en caliente | D34: m3-km | E34: 1823.5508
A35: 30 | B35: T0010240 | C35: Transporte de mezcla en frío | D35: m3-km | E35: 1566.7627
A36: 31 | B36: T0010091 | C36: Transporte de piedra para concreto ciclópeo | D36: m3-km | E36: 1479.1944
A37: 32 | B37: T0010094 | C37: Transporte de piedra para gaviones | D37: m3-km | E37: 1531.262
A38: 33 | B38: T0010114 | C38: Transporte de tubería | D38: kg-km | E38: 1.6136525
A39: 34 | B39: T0010115 | C39: Transporte de tubería de concreto | D39: kg-km | E39: 3.1702858
... A42: 37 | B42: T0100005 | C42: Transporte de mezcla asfáltica natural | D42: m3-km | E42: 1150.4455
A43: 158

Sheet MORTEROS Y CONCRETOS
B2: MORTEROS Y CONCRETOS 2023
B3: =+'PRESUPUESTO '!B4:H4 -> PRESUPUESTO OFICIAL
D5: unitario | E5: Bulto
B6: Cemento Gris | C6: kg | D6: 750 | E6: =+D6*50 -> 37500
B7: Arena de peña | C7: m³ | D7: 75000
B8: Arena Lavada de rio | C8: m³ | D8: 90500
B9: Grava triturada Ø max 3/4" | C9: m³ | D9: 155000
B10: Agua | C10: L | D10: 50
B11: Impermeabilizante para Concreto | C11: kg | D11: 29330
B12: Impermeabilizante para Mortero | C12: kg | D12: 15500
B14: mortero 1:4
B15: material | C15: Unidad | D15: Cantidad | E15: Valor unitario | F15: Valor parcial
B16: Cemento | C16: kg | D16: 364 | E16: =+D6 -> 750 | F16: =+ROUND(E16*D16,0) -> 273000
B17: =B8 -> Arena Lavada de rio | C17: m³ | D17: 1.16 | E17: =D8 -> 90500 | F17: =+ROUND(E17*D17,0) -> 104980
B18: Agua | C18: L | D18: 220 | E18: =+D10 -> 50 | F18: =+ROUND(E18*D18,0) -> 11000
B19: Total | F19: =SUM(F16:F18) -> 388980
B21: mortero Impermeabilizado 1:4
B22: material | C22: Unidad | D22: Cantidad | E22: Valor unitario | F22: Valor parcial
B23: Cemento | C23: kg | D23: 364 | E23: =+D6 -> 750 | F23: =+ROUND(E23*D23,0) -> 273000
B24: Arena de Peña | C24: m³ | D24: 1.16 | E24: =+D7 -> 75000 | F24: =+ROUND(E24*D24,0) -> 87000
B25: Agua | C25: L | D25: 220 | E25: =+D10 -> 50 | F25: =+ROUND(E25*D25,0) -> 11000
B26: Impermeabilizante para Mortero | C26: kg | D26: 6.18 | E26: =+D12 -> 15500 | F26: =+ROUND(E26*D26,0) -> 95790
B27: Total | F27: =SUM(F23:F26) -> 466790
B29: Concreto 4000 psi | C29: 280 kg/cm²
B30: material | C30: Unidad | D30: Cantidad | E30: Valor unitario | F30: Valor parcial
B31: Cemento kg | C31: kg | D31: 420 | E31: =D6 -> 750 | F31: =+ROUND(E31*D31,0) -> 315000
B32: Arena lavada de rio | C32: m³ | D32: 0.67 | E32: =D8 -> 90500 | F32: =+ROUND(E32*D32,0) -> 60635
B33: Grava | C33: m³ | D33: 0.67 | E33: =D9 -> 155000 | F33: =+ROUND(E33*D33,0) -> 103850
B34: Agua Lt | C34: L | D34: 260 | E34: =+D10 -> 50 | F34: =+ROUND(E34*D34,0) -> 13000
B35: Total | F35: =SUM(F31:F34) -> 492485
B37: Concreto 3500 psi | C37: 246 kg/cm²
B38: material | C38: Unidad | D38: Cantidad | E38: Valor unitario | F38: Valor parcial
B39: Cemento kg | C39: kg | D39: 380 | E39: =+D6 -> 750 | F39: =+ROUND(E39*D39,0) -> 285000
B40: Arena lavada de rio | C40: m³ | D40: 0.6 | E40: =+D8 -> 90500 | F40: =+ROUND(E40*D40,0) -> 54300
B41: Grava | C41: m³ | D41: 0.76 | E41: =+D9 -> 155000 | F41: =+ROUND(E41*D41,0) -> 117800
B42: Agua Lt | C42: L | D42: 250 | E42: =+D10 -> 50 | F42: =+ROUND(E42*D42,0) -> 12500
B43: Total | F43: =SUM(F39:F42) -> 469600
B50: Concreto 3000 psi | C50: 210 kg/cm²
B51: material | C51: Unidad | D51: Cantidad | E51: Valor unitario | F51: Valor parcial
B52: Cemento kg | C52: kg | D52: 350 | E52: =+D6 -> 750 | F52: =+ROUND(E52*D52,0) -> 262500
B53: Arena lavada de rio | C53: m³ | D53: 0.56 | E53: =+D8 -> 90500 | F53: =+ROUND(E53*D53,0) -> 50680
B54: Grava | C54: m³ | D54: 0.84 | E54: =+D9 -> 155000 | F54: =+ROUND(E54*D54,0) -> 130200
B55: Agua Lt | C55: L | D55: 180 | E55: =+D10 -> 50 | F55: =+ROUND(E55*D55,0) -> 9000
B56: Total | F56: =SUM(F52:F55) -> 452380
B58: Concreto 2500 psi | C58: 175 kg/cm²
B59: material | C59: Unidad | D59: Cantidad | E59: Valor unitario | F59: Valor parcial
B60: Cemento kg | C60: kg | D60: 260 | E60: =+D6 -> 750 | F60: =+ROUND(E60*D60,0) -> 195000
B61: Arena lavada de rio | C61: m³ | D61: 0.52 | E61: =+D8 -> 90500 | F61: =+ROUND(E61*D61,0) -> 47060
B62: Grava | C62: m³ | D62: 0.94 | E62: =+D9 -> 155000 | F62: =+ROUND(E62*D62,0) -> 145700
B63: Agua Lt | C63: L | D63: 170 | E63: =+D10 -> 50 | F63: =+ROUND(E63*D63,0) -> 8500
B64: Total | F64: =SUM(F60:F63) -> 396260
B66: Concreto 2000 psi | C66: 140 kg/cm²
B67: material | C67: Unidad | D67: Cantidad | E67: Valor unitario | F67: Valor parcial
B68: Cemento kg | C68: kg | D68: 230 | E68: =+D6 -> 750 | F68: =+ROUND(E68*D68,0) -> 172500
B69: Arena lavada de rio | C69: m³ | D69: 0.55 | E69: =+D8 -> 90500 | F69: =+ROUND(E69*D69,0) -> 49775
B70: Grava | C70: m³ | D70: 0.92 | E70: =+D9 -> 155000 | F70: =+ROUND(E70*D70,0) -> 142600
B71: Agua Lt | C71: L | D71: 170 | E71: =+D10 -> 50 | F71: =+ROUND(E71*D71,0) -> 8500
B72: Total | F72: =SUM(F68:F71) -> 373375
B74: Concreto Impermeabilizado de 3500 psi | C74: 246 kg/cm²
B75: material | C75: Unidad | D75: Cantidad | E75: Valor unitario | F75: Valor parcial
B76: Cemento kg | C76: kg | D76: 380 | E76: =+D6 -> 750 | F76: =+ROUND(E76*D76,0) -> 285000
B77: Arena lavada de rio | C77: m³ | D77: 0.6 | E77: =+D8 -> 90500 | F77: =+ROUND(E77*D77,0) -> 54300
B78: Grava | C78: m³ | D78: 0.76 | E78: =+D9 -> 155000 | F78: =+ROUND(E78*D78,0) -> 117800
B79: Agua Lt | C79: L | D79: 250 | E79: =+D10 -> 50 | F79: =+ROUND(E79*D79,0) -> 12500
B80: Impermeabilizante para Concreto | C80: kg | D80: 1.9 | E80: =+D11 -> 29330 | F80: =+ROUND(E80*D80,0) -> 55727
B81: Total | F81: =SUM(F76:F80) -> 525327
B83: Concreto Impermeabilizado de 4000 psi | C83: 280 kg/cm²
B84: material | C84: Unidad | D84: Cantidad | E84: Valor unitario | F84: Valor parcial
B85: Cemento kg | C85: kg | D85: 420 | E85: =+D6 -> 750 | F85: =+ROUND(E85*D85,0) -> 315000
B86: Arena lavada de rio | C86: m³ | D86: 0.67 | E86: =+D8 -> 90500 | F86: =+ROUND(E86*D86,0) -> 60635
B87: Grava | C87: m³ | D87: 0.67 | E87: =+D9 -> 155000 | F87: =+ROUND(E87*D87,0) -> 103850
B88: Agua Lt | C88: L | D88: 260 | E88: =+D10 -> 50 | F88: =+ROUND(E88*D88,0) -> 13000
B89: Impermeabilizante para Concreto | C89: kg | D89: 2.15 | E89: =+D11 -> 29330 | F89: =+ROUND(E89*D89,0) -> 63060
B90: Total | F90: =SUM(F85:F89) -> 555545

Sheet APU CAP 1 ITEM-1.1
B2: ANÁLISIS DE PRECIO UNITARIO
B3: =CONCATENATE("PROYECTO: ",'PRESUPUESTO '!E5) -> PROYECTO: RECUPERACION Y CONSERVACIÓN DE ÁREAS DE IMPORTANCIA ESTRATEGICA DE LA ZONA DE INFLUENCIA DEL COMPLEJO CENAGOSO DE CASCALOA DE MAGANGUÉ, BOLÍVAR
B5: CAPITULO 1 | D5: PRELIMINARES Y COMPLEMENTARIAS | H5: UNIDAD:
B6: ÍTEM 1,1 | D6: Realizar el desplazamiento del equipo al sitio de la obra | H6: =VLOOKUP(K6,'PRESUPUESTO '!B12:K26,6) -> #N/A
B9: I. EQUIPO
B10: CODIGO | C10: DESCRIPCIÓN | E10: TIPO | F10: TARIFA/HORAD | G10: RENDIMIENTO | H10: VALOR UNITARIO
B11: =IF(A11=0,"",VLOOKUP(A11,'EQUIPOS 2026'!$A$6:$E$153,2)) | C11: Camabaja (Transporte Terrestre) | F11: 250000 | G11: 0.056762776 | H11: =F11/G11 -> 4404294.8
A12: 147 | C12: Automotor Escolta (Transporte Terrestre) | F12: 90000 | G12: =G11 -> 0.056762776 | H12: =F12/G12 -> 1585546.1
A13: 148 | C13: Bongo (Transporte Acuático) | F13: 250000 | G13: 0.033 | H13: =F13/G13 -> 7575757.6
C14: Bote con motor fuera de borda (Transporte Acuático) | F14: 60000 | G14: =G13 -> 0.033 | H14: =F14/G14 -> 1818181.8
B15: =IF(A15=0,"",VLOOKUP(A15,'EQUIPOS 2026'!$A$6:$E$153,2))
B16: =IF(A16=0,"",VLOOKUP(A16,'EQUIPOS 2026'!$A$6:$E$153,2)) | C16: =IF(A16=0,"",VLOOKUP(A16,'EQUIPOS 2026'!$A$6:$E$153,3))
B17: =IF(A17=0,"",VLOOKUP(A17,'EQUIPOS 2026'!$A$6:$E$153,2)) | C17: =IF(A17=0,"",VLOOKUP(A17,'EQUIPOS 2026'!$A$6:$E$153,3))
B18: =IF(A18=0,"",VLOOKUP(A18,'EQUIPOS 2026'!$A$6:$E$153,2)) | C18: =IF(A18=0,"",VLOOKUP(A18,'EQUIPOS 2026'!$A$6:$E$153,3))
B19: Subtotal Equipo | H19: =SUM(H11:H18) -> 15383780
B21: II. MATERIALES EN OBRA
B22: CODIGO | C22: DESCRIPCIÓN | E22: UNIDAD | F22: VALOR UNITARIO | G22: CANTIDAD | H22: VALOR UNITARIO
A23: 296 | H23: =+ROUND(G23*F23,3) -> 0
A24: 77 | H24: =+ROUND(G24*F24,3) -> 0
A25: 291 | H25: =+ROUND(G25*F25,3) -> 0
A26: 288 | H26: =+ROUND(G26*F26,3) -> 0
B27: =IF(A27=0,"",VLOOKUP(A27,MATERIALES!A10:$E$475,2)) | C27: =IF(A27=0,"",VLOOKUP(A27,MATERIALES!A10:$E$475,3)) | H27: =+ROUND(G27*F27,3) -> 0
B28: =IF(A28=0,"",VLOOKUP(A28,MATERIALES!A11:$E$475,2)) | C28: =IF(A28=0,"",VLOOKUP(A28,MATERIALES!A11:$E$475,3)) | E28: =IF(A28=0,"",VLOOKUP(A28,MATERIALES!A11:$E$475,4)) | H28: =+ROUND(G28*F28,3) -> 0
B29: =IF(A29=0,"",VLOOKUP(A29,MATERIALES!A12:$E$475,2)) | C29: =IF(A29=0,"",VLOOKUP(A29,MATERIALES!A12:$E$475,3)) | E29: =IF(A29=0,"",VLOOKUP(A29,MATERIALES!A12:$E$475,4)) | H29: =+ROUND(G29*F29,3) -> 0
B30: =IF(A30=0,"",VLOOKUP(A30,MATERIALES!A13:$E$475,2)) | C30: =IF(A30=0,"",VLOOKUP(A30,MATERIALES!A13:$E$475,3)) | E30: =IF(A30=0,"",VLOOKUP(A30,MATERIALES!A13:$E$475,4)) | H30: =+ROUND(G30*F30,3) -> 0
B31: =IF(A31=0,"",VLOOKUP(A31,MATERIALES!A14:$E$475,2)) | C31: =IF(A31=0,"",VLOOKUP(A31,MATERIALES!A14:$E$475,3)) | E31: =IF(A31=0,"",VLOOKUP(A31,MATERIALES!A14:$E$475,4)) | H31: =+ROUND(G31*F31,3) -> 0
B32: Subtotal Materiales en Obra | H32: =SUM(H23:H31) -> 0
B34: III. TRANSPORTES
B35: CODIGO | C35: DESCRIPCIÓN | D35: UNIDAD | E35: CANT. (1) | F35: DISTANCIA (2) | G35: TARIFA | H35: VALOR UNITARIO
B36: =IF(A36=0,"",VLOOKUP(A36,'TRANSPORTE 2026'!$A$6:E42,2)) | C36: =IF(A36=0,"",VLOOKUP(A36,'TRANSPORTE 2026'!$A$6:E42,3)) | D36: =IF(A36=0,"",VLOOKUP(A36,'TRANSPORTE 2026'!$A$6:$E$42,4)) | G36: =IF(A36=0,,VLOOKUP(A36,'TRANSPORTE 2026'!$A$6:$E$42,5)) -> 0 | H36: =+ROUND(E36*F36*G36,3) -> 0
B37: =IF(A37=0,"",VLOOKUP(A37,'TRANSPORTE 2026'!$A$6:E43,2)) | C37: =IF(A37=0,"",VLOOKUP(A37,'TRANSPORTE 2026'!$A$6:E43,3)) | D37: =IF(A37=0,"",VLOOKUP(A37,'TRANSPORTE 2026'!$A$6:$E$42,4)) | G37: =IF(A37=0,,VLOOKUP(A37,'TRANSPORTE 2026'!$A$6:$E$42,5)) -> 0 | H37: =+ROUND(E37*F37*G37,3) -> 0
B38: =IF(A38=0,"",VLOOKUP(A38,'TRANSPORTE 2026'!$A$6:E44,2)) | C38: =IF(A38=0,"",VLOOKUP(A38,'TRANSPORTE 2026'!$A$6:E44,3)) | D38: =IF(A38=0,"",VLOOKUP(A38,'TRANSPORTE 2026'!$A$6:$E$42,4)) | G38: =IF(A38=0,,VLOOKUP(A38,'TRANSPORTE 2026'!$A$6:$E$42,5)) -> 0 | H38: =+ROUND(E38*F38*G38,3) -> 0
B39: =IF(A39=0,"",VLOOKUP(A39,'TRANSPORTE 2026'!$A$6:E45,2)) | C39: =IF(A39=0,"",VLOOKUP(A39,'TRANSPORTE 2026'!$A$6:E45,3)) | D39: =IF(A39=0,"",VLOOKUP(A39,'TRANSPORTE 2026'!$A$6:$E$42,4)) | G39: =IF(A39=0,,VLOOKUP(A39,'TRANSPORTE 2026'!$A$6:$E$42,5)) -> 0 | H39: =+ROUND(E39*F39*G39,3) -> 0
B40: =IF(A40=0,"",VLOOKUP(A40,'TRANSPORTE 2026'!$A$6:E45,2)) | C40: =IF(A40=0,"",VLOOKUP(A40,'TRANSPORTE 2026'!$A$6:E45,3)) | D40: =IF(A40=0,"",VLOOKUP(A40,'TRANSPORTE 2026'!$A$6:$E$42,4)) | G40: =IF(A40=0,,VLOOKUP(A40,'TRANSPORTE 2026'!$A$6:$E$42,5)) -> 0 | H40: =+ROUND(E40*F40*G40,3) -> 0
B41: Subtotal transportes | H41: =SUM(H36:H40) -> 0
B43: IV. MANO DE OBRA
B44: CODIGO | C44: DESCRIPCIÓN | D44: JORNAL | E44: % PRE. | F44: JORNAL TOTAL | G44: RENDIMIENTO | H44: VALOR UNITARIO
A45: 8 | C45: =IF(A45=0,"",VLOOKUP(A45,'MANO DE OBRA'!A53:G60,2)) -> Cuadrilla II (Topografía) 1Top,1 ay,1cadenero | D45: =IF(A45=0,"",VLOOKUP(A45,'MANO DE OBRA'!A53:G60,3)) -> 291818 | E45: =IF(A45=0,,0.85) -> 0.85 | F45: =IF(A45=0,"",VLOOKUP(A45,'MANO DE OBRA'!A53:G60,6)) -> 539863.3 | G45: 646.32194 | H45: =IF(AND(E45>0,F45>0,G45>0),ROUND(F45/G45,3),0) -> 835.285
E46: =IF(A46=0,,0.85) -> 0 | H46: =IF(AND(E46>0,F46>0,G46>0),ROUND(F46/G46,3),0) -> 0
E47: =IF(A47=0,,0.85) -> 0 | H47: =IF(AND(E47>0,F47>0,G47>0),ROUND(F47/G47,3),0) -> 0
E48: =IF(A48=0,,0.85) -> 0 | H48: =IF(AND(E48>0,F48>0,G48>0),ROUND(F48/G48,3),0) -> 0
B49: Subtotal mano de obra | H49: =ROUND(SUM(H45:H48),0) -> 835
B51: V. COSTOS DIRECTOS | H51: =+ROUND(H49+H32+H41+H19,3) -> 15384615
B53: DESCRIPCION | G53: PORCENTAJE | H53: VALOR
B55: ADMINISTRACION | G55: ='ANALISIS AIU '!$F$31 -> 0.22 | H55: =G55*$H$51 -> 3384615.4
B56: IMPREVISTOS | G56: ='ANALISIS AIU '!$F$35 -> 0.03 | H56: =G56*$H$51 -> 461538.46
B57: UTILIDAD | G57: ='ANALISIS AIU '!$F$39 -> 0.05 | H57: =G57*$H$51 -> 769230.77
B59: TOTAL PRECION UNITARIO | H59: =H57+H56+H55+H51 -> 20000000

Sheet APU CAP 1 ITEM-1.2
B2: ANÁLISIS DE PRECIO UNITARIO
B3: =CONCATENATE("PROYECTO: ",'PRESUPUESTO '!E5) -> PROYECTO: RECUPERACION Y CONSERVACIÓN DE ÁREAS DE IMPORTANCIA ESTRATEGICA DE LA ZONA DE INFLUENCIA DEL COMPLEJO CENAGOSO DE CASCALOA DE MAGANGUÉ, BOLÍVAR
B5: CAPITULO 1 | D5: PRELIMINARES Y COMPLEMENTARIAS | H5: UNIDAD:
B6: CAPITULO 1,2 | D6: Realizar trabajos topográficos y batimétricos para la localización, trazado y replanteo (2 recorridos) | H6: MES
B9: I. EQUIPO
B10: CODIGO | C10: DESCRIPCIÓN | E10: TIPO | F10: TARIFA/HORAD | G10: RENDIMIENTO | H10: VALOR UNITARIO
B11: =IF(A11=0,"",VLOOKUP(A11,'EQUIPOS 2026'!$A$6:$E$153,2)) | C11: Bote | F11: 130000 | G11: 0.04 | H11: =F11/G11 -> 3250000
B12: =IF(A12=0,"",VLOOKUP(A12,'EQUIPOS 2026'!$A$6:$E$153,2)) | C12: Alquiler equipos de topografía | F12: 60000 | G12: =G11 -> 0.04 | H12: =F12/G12 -> 1500000
B13: =IF(A13=0,"",VLOOKUP(A13,'EQUIPOS 2026'!$A$6:$E$153,2)) | F13: =IF(A13=0,,VLOOKUP(A13,'EQUIPOS 2026'!$A$6:$E$153,5)) -> 0 | H13: =+ROUND(F13*G13,3) -> 0
B14: =IF(A14=0,"",VLOOKUP(A14,'EQUIPOS 2026'!$A$6:$E$153,2)) | F14: =IF(A14=0,,VLOOKUP(A14,'EQUIPOS 2026'!$A$6:$E$153,5)) -> 0 | H14: =+ROUND(F14*G14,3) -> 0
B15: =IF(A15=0,"",VLOOKUP(A15,'EQUIPOS 2026'!$A$6:$E$153,2)) | F15: =IF(A15=0,,VLOOKUP(A15,'EQUIPOS 2026'!$A$6:$E$153,5)) -> 0 | H15: =+ROUND(F15*G15,3) -> 0
B16: =IF(A16=0,"",VLOOKUP(A16,'EQUIPOS 2026'!$A$6:$E$153,2)) | F16: =IF(A16=0,,VLOOKUP(A16,'EQUIPOS 2026'!$A$6:$E$153,5)) -> 0 | H16: =+ROUND(F16*G16,3) -> 0
B17: =IF(A17=0,"",VLOOKUP(A17,'EQUIPOS 2026'!$A$6:$E$153,2)) | F17: =IF(A17=0,,VLOOKUP(A17,'EQUIPOS 2026'!$A$6:$E$153,5)) -> 0 | H17: =+ROUND(F17*G17,3) -> 0
B18: =IF(A18=0,"",VLOOKUP(A18,'EQUIPOS 2026'!$A$6:$E$153,2)) | C18: =IF(A18=0,"",VLOOKUP(A18,'EQUIPOS 2026'!$A$6:$E$153,3)) | F18: =IF(A18=0,,VLOOKUP(A18,'EQUIPOS 2026'!$A$6:$E$153,5)) -> 0 | H18: =+ROUND(F18*G18,3) -> 0
B19: Subtotal Equipo | H19: =SUM(H11:H18) -> 4750000
B21: II. MATERIALES EN OBRA
B22: CODIGO | C22: DESCRIPCIÓN | E22: UNIDAD | F22: VALOR UNITARIO | G22: CANTIDAD | H22: VALOR UNITARIO
B23: =IF(A23=0,"",VLOOKUP(A23,MATERIALES!A6:$E$475,2)) | C23: =IF(A23=0,"",VLOOKUP(A23,MATERIALES!A6:$E$475,3)) | E23: =IF(A23=0,"",VLOOKUP(A23,MATERIALES!A6:$E$475,4)) | F23: =IF(A23=0,,VLOOKUP(A23,MATERIALES!A6:$E$475,5)) -> 0 | H23: =+ROUND(G23*F23,3) -> 0
B24: =IF(A24=0,"",VLOOKUP(A24,MATERIALES!A7:$E$475,2)) | C24: =IF(A24=0,"",VLOOKUP(A24,MATERIALES!A7:$E$475,3)) | E24: =IF(A24=0,"",VLOOKUP(A24,MATERIALES!A7:$E$475,4)) | F24: =IF(A24=0,,VLOOKUP(A24,MATERIALES!A7:$E$475,5)) -> 0 | H24: =+ROUND(G24*F24,3) -> 0
B25: =IF(A25=0,"",VLOOKUP(A25,MATERIALES!A8:$E$475,2)) | C25: =IF(A25=0,"",VLOOKUP(A25,MATERIALES!A8:$E$475,3)) | E25: =IF(A25=0,"",VLOOKUP(A25,MATERIALES!A8:$E$475,4)) | F25: =IF(A25=0,,VLOOKUP(A25,MATERIALES!A8:$E$475,5)) -> 0 | H25: =+ROUND(G25*F25,3) -> 0
B26: =IF(A26=0,"",VLOOKUP(A26,MATERIALES!A9:$E$475,2)) | C26: =IF(A26=0,"",VLOOKUP(A26,MATERIALES!A9:$E$475,3)) | E26: =IF(A26=0,"",VLOOKUP(A26,MATERIALES!A9:$E$475,4)) | F26: =IF(A26=0,,VLOOKUP(A26,MATERIALES!A9:$E$475,5)) -> 0 | H26: =+ROUND(G26*F26,3) -> 0
B27: =IF(A27=0,"",VLOOKUP(A27,MATERIALES!A10:$E$475,2)) | C27: =IF(A27=0,"",VLOOKUP(A27,MATERIALES!A10:$E$475,3)) | E27: =IF(A27=0,"",VLOOKUP(A27,MATERIALES!A10:$E$475,4)) | F27: =IF(A27=0,,VLOOKUP(A27,MATERIALES!A10:$E$475,5)) -> 0 | H27: =+ROUND(G27*F27,3) -> 0
B28: =IF(A28=0,"",VLOOKUP(A28,MATERIALES!A11:$E$475,2)) | C28: =IF(A28=0,"",VLOOKUP(A28,MATERIALES!A11:$E$475,3)) | E28: =IF(A28=0,"",VLOOKUP(A28,MATERIALES!A11:$E$475,4)) | F28: =IF(A28=0,,VLOOKUP(A28,MATERIALES!A11:$E$475,5)) -> 0 | H28: =+ROUND(G28*F28,3) -> 0
B29: =IF(A29=0,"",VLOOKUP(A29,MATERIALES!A12:$E$475,2)) | C29: =IF(A29=0,"",VLOOKUP(A29,MATERIALES!A12:$E$475,3)) | E29: =IF(A29=0,"",VLOOKUP(A29,MATERIALES!A12:$E$475,4)) | F29: =IF(A29=0,,VLOOKUP(A29,MATERIALES!A12:$E$475,5)) -> 0 | H29: =+ROUND(G29*F29,3) -> 0
B30: =IF(A30=0,"",VLOOKUP(A30,MATERIALES!A13:$E$475,2)) | C30: =IF(A30=0,"",VLOOKUP(A30,MATERIALES!A13:$E$475,3)) | E30: =IF(A30=0,"",VLOOKUP(A30,MATERIALES!A13:$E$475,4)) | F30: =IF(A30=0,,VLOOKUP(A30,MATERIALES!A13:$E$475,5)) -> 0 | H30: =+ROUND(G30*F30,3) -> 0
B31: =IF(A31=0,"",VLOOKUP(A31,MATERIALES!A14:$E$475,2)) | C31: =IF(A31=0,"",VLOOKUP(A31,MATERIALES!A14:$E$475,3)) | E31: =IF(A31=0,"",VLOOKUP(A31,MATERIALES!A14:$E$475,4)) | F31: =IF(A31=0,,VLOOKUP(A31,MATERIALES!A14:$E$475,5)) -> 0 | H31: =+ROUND(G31*F31,3) -> 0
B32: Subtotal Materiales en Obra | H32: =SUM(H23:H31) -> 0
B34: III. TRANSPORTES
B35: CODIGO | C35: DESCRIPCIÓN | D35: UNIDAD | E35: CANT. (1) | F35: DISTANCIA (2) | G35: TARIFA | H35: VALOR UNITARIO
B36: =IF(A36=0,"",VLOOKUP(A36,'TRANSPORTE 2026'!$A$6:E42,2)) | C36: =IF(A36=0,"",VLOOKUP(A36,'TRANSPORTE 2026'!$A$6:E42,3)) | D36: =IF(A36=0,"",VLOOKUP(A36,'TRANSPORTE 2026'!$A$6:$E$42,4)) | G36: =IF(A36=0,,VLOOKUP(A36,'TRANSPORTE 2026'!$A$6:$E$42,5)) -> 0 | H36: =+ROUND(E36*F36*G36,3) -> 0
B37: =IF(A37=0,"",VLOOKUP(A37,'TRANSPORTE 2026'!$A$6:E43,2)) | C37: =IF(A37=0,"",VLOOKUP(A37,'TRANSPORTE 2026'!$A$6:E43,3)) | D37: =IF(A37=0,"",VLOOKUP(A37,'TRANSPORTE 2026'!$A$6:$E$42,4)) | G37: =IF(A37=0,,VLOOKUP(A37,'TRANSPORTE 2026'!$A$6:$E$42,5)) -> 0 | H37: =+ROUND(E37*F37*G37,3) -> 0
B38: =IF(A38=0,"",VLOOKUP(A38,'TRANSPORTE 2026'!$A$6:E44,2)) | C38: =IF(A38=0,"",VLOOKUP(A38,'TRANSPORTE 2026'!$A$6:E44,3)) | D38: =IF(A38=0,"",VLOOKUP(A38,'TRANSPORTE 2026'!$A$6:$E$42,4)) | G38: =IF(A38=0,,VLOOKUP(A38,'TRANSPORTE 2026'!$A$6:$E$42,5)) -> 0 | H38: =+ROUND(E38*F38*G38,3) -> 0
B39: =IF(A39=0,"",VLOOKUP(A39,'TRANSPORTE 2026'!$A$6:E45,2)) | C39: =IF(A39=0,"",VLOOKUP(A39,'TRANSPORTE 2026'!$A$6:E45,3)) | D39: =IF(A39=0,"",VLOOKUP(A39,'TRANSPORTE 2026'!$A$6:$E$42,4)) | G39: =IF(A39=0,,VLOOKUP(A39,'TRANSPORTE 2026'!$A$6:$E$42,5)) -> 0 | H39: =+ROUND(E39*F39*G39,3) -> 0
B40: =IF(A40=0,"",VLOOKUP(A40,'TRANSPORTE 2026'!$A$6:E45,2)) | C40: =IF(A40=0,"",VLOOKUP(A40,'TRANSPORTE 2026'!$A$6:E45,3)) | D40: =IF(A40=0,"",VLOOKUP(A40,'TRANSPORTE 2026'!$A$6:$E$42,4)) | G40: =IF(A40=0,,VLOOKUP(A40,'TRANSPORTE 2026'!$A$6:$E$42,5)) -> 0 | H40: =+ROUND(E40*F40*G40,3) -> 0
B41: Subtotal transportes | H41: =SUM(H36:H40) -> 0
B43: IV. MANO DE OBRA
B44: CODIGO | C44: DESCRIPCIÓN | D44: JORNAL | E44: % PRE. | F44: JORNAL TOTAL | G44: RENDIMIENTO | H44: VALOR UNITARIO
A45: 8 | C45: =IF(A45=0,"",VLOOKUP(A45,'MANO DE OBRA'!A53:G60,2)) -> Cuadrilla II (Topografía) 1Top,1 ay,1cadenero | D45: =IF(A45=0,"",VLOOKUP(A45,'MANO DE OBRA'!A53:G60,3)) -> 291818 | E45: =IF(A45=0,,0.85) -> 0.85 | F45: =IF(A45=0,"",VLOOKUP(A45,'MANO DE OBRA'!A53:G60,6)) -> 539863.3 | G45: 0.0714323 | H45: =IF(AND(E45>0,F45>0,G45>0),ROUND(F45/G45,3),0) -> 7557691.7
E46: =IF(A46=0,,0.85) -> 0 | H46: =IF(AND(E46>0,F46>0,G46>0),ROUND(F46/G46,3),0) -> 0
E47: =IF(A47=0,,0.85) -> 0 | H47: =IF(AND(E47>0,F47>0,G47>0),ROUND(F47/G47,3),0) -> 0
E48: =IF(A48=0,,0.85) -> 0 | H48: =IF(AND(E48>0,F48>0,G48>0),ROUND(F48/G48,3),0) -> 0
B49: Subtotal mano de obra | H49: =ROUND(SUM(H45:H48),0) -> 7557692
B51: V. COSTOS DIRECTOS | H51: =+ROUND(H49+H32+H41+H19,0) -> 12307692
B53: DESCRIPCION | G53: PORCENTAJE | H53: VALOR
B55: ADMINISTRACION | G55: ='ANALISIS AIU '!$F$31 -> 0.22 | H55: =G55*H51 -> 2707692.2
B56: IMPREVISTOS | G56: ='ANALISIS AIU '!$F$35 -> 0.03 | H56: =G56*$H$51 -> 369230.76
B57: UTILIDAD | G57: ='ANALISIS AIU '!$F$39 -> 0.05 | H57: =G57*$H$51 -> 615384.6
B59: TOTAL PRECION UNITARIO | H59: =H57+H56+H55+H51 -> 16000000

Sheet APU CAP 1 ITEM-1.4
B2: ANÁLISIS DE PRECIO UNITARIO
B3: =CONCATENATE("PROYECTO: ",'PRESUPUESTO '!E5) -> PROYECTO: RECUPERACION Y CONSERVACIÓN DE ÁREAS DE IMPORTANCIA ESTRATEGICA DE LA ZONA DE INFLUENCIA DEL COMPLEJO CENAGOSO DE CASCALOA DE MAGANGUÉ, BOLÍVAR
B5: =_xlfn.CONCAT("CAPITULO ",K5) -> CAPITULO 1 | D5: =VLOOKUP(K5,'PRESUPUESTO '!B12:K26,2) -> PRELIMINARES Y COMPLEMENTARIAS | H5: UNIDAD: | J5: CAPITULO | K5: ='PRESUPUESTO '!B12 -> 1
B6: =_xlfn.CONCAT("ÍTEM ",K6) -> #REF! | D6: =VLOOKUP(K6,'PRESUPUESTO '!B12:K26,5) -> #REF! | H6: =VLOOKUP(K6,'PRESUPUESTO '!B12:K26,6) -> #REF! | J6: ITEM | K6: ='PRESUPUESTO '!#REF! -> #REF! | O6: EQUIPOS
B9: I. EQUIPO | I9: EQUIPO: | J9: Astilladora de madera para triturar, potencia aproximada 75 HP | O9: {=_xlfn._xlws.FILTER('EQUIPOS 2026'!C6:C153,ISNUMBER(FIND(J9,'EQUIPOS 2026'!C6:C153)),"NO ENCONTRADO")} -> Astilladora de madera para triturar, potencia aproximada 75 HP
B10: CODIGO | C10: DESCRIPCIÓN | E10: TIPO | F10: TARIFA/HORAD | G10: RENDIMIENTO | H10: VALOR UNITARIO | I10: ID | J10: {=_xlfn._xlws.FILTER('EQUIPOS 2026'!A6:A153,'EQUIPOS 2026'!C6:C153='APU CAP 1 ITEM-1.4'!J9,"")} -> 3
B11: =IF(A11=0,"",VLOOKUP(A11,'EQUIPOS 2026'!$A$6:$E$153,2)) | C11: =IF(A11=0,"",VLOOKUP(A11,'EQUIPOS 2026'!$A$6:$E$153,3)) | F11: =IF(A11=0,,VLOOKUP(A11,'EQUIPOS 2026'!$A$6:$E$153,5)) -> 0 | H11: =+ROUND(F11*G11,3) -> 0
B12: =IF(A12=0,"",VLOOKUP(A12,'EQUIPOS 2026'!$A$6:$E$153,2)) | C12: =IF(A12=0,"",VLOOKUP(A12,'EQUIPOS 2026'!$A$6:$E$153,3)) | F12: =IF(A12=0,,VLOOKUP(A12,'EQUIPOS 2026'!$A$6:$E$153,5)) -> 0 | H12: =+ROUND(F12*G12,3) -> 0
B13: =IF(A13=0,"",VLOOKUP(A13,'EQUIPOS 2026'!$A$6:$E$153,2)) | C13: =IF(A13=0,"",VLOOKUP(A13,'EQUIPOS 2026'!$A$6:$E$153,3)) | F13: =IF(A13=0,,VLOOKUP(A13,'EQUIPOS 2026'!$A$6:$E$153,5)) -> 0 | H13: =+ROUND(F13*G13,3) -> 0
B14: =IF(A14=0,"",VLOOKUP(A14,'EQUIPOS 2026'!$A$6:$E$153,2)) | C14: =IF(A14=0,"",VLOOKUP(A14,'EQUIPOS 2026'!$A$6:$E$153,3)) | F14: =IF(A14=0,,VLOOKUP(A14,'EQUIPOS 2026'!$A$6:$E$153,5)) -> 0 | H14: =+ROUND(F14*G14,3) -> 0
B15: =IF(A15=0,"",VLOOKUP(A15,'EQUIPOS 2026'!$A$6:$E$153,2)) | C15: =IF(A15=0,"",VLOOKUP(A15,'EQUIPOS 2026'!$A$6:$E$153,3)) | F15: =IF(A15=0,,VLOOKUP(A15,'EQUIPOS 2026'!$A$6:$E$153,5)) -> 0 | H15: =+ROUND(F15*G15,3) -> 0
B16: =IF(A16=0,"",VLOOKUP(A16,'EQUIPOS 2026'!$A$6:$E$153,2)) | C16: =IF(A16=0,"",VLOOKUP(A16,'EQUIPOS 2026'!$A$6:$E$153,3)) | F16: =IF(A16=0,,VLOOKUP(A16,'EQUIPOS 2026'!$A$6:$E$153,5)) -> 0 | H16: =+ROUND(F16*G16,3) -> 0
B17: =IF(A17=0,"",VLOOKUP(A17,'EQUIPOS 2026'!$A$6:$E$153,2)) | C17: =IF(A17=0,"",VLOOKUP(A17,'EQUIPOS 2026'!$A$6:$E$153,3)) | F17: =IF(A17=0,,VLOOKUP(A17,'EQUIPOS 2026'!$A$6:$E$153,5)) -> 0 | H17: =+ROUND(F17*G17,3) -> 0
B18: =IF(A18=0,"",VLOOKUP(A18,'EQUIPOS 2026'!$A$6:$E$153,2)) | C18: =IF(A18=0,"",VLOOKUP(A18,'EQUIPOS 2026'!$A$6:$E$153,3)) | F18: =IF(A18=0,,VLOOKUP(A18,'EQUIPOS 2026'!$A$6:$E$153,5)) -> 0 | H18: =+ROUND(F18*G18,3) -> 0
B19: Subtotal Equipo | H19: =SUM(H11:H18) -> 0
B21: II. MATERIALES EN OBRA | P21: MATERIALES
B22: CODIGO | C22: DESCRIPCIÓN | E22: UNIDAD | F22: VALOR UNITARIO | G22: CANTIDAD | H22: VALOR UNITARIO
B23: =IF(A23=0,"",VLOOKUP(A23,MATERIALES!A6:$E$475,2)) | C23: =IF(A23=0,"",VLOOKUP(A23,MATERIALES!A6:$E$475,3)) | E23: =IF(A23=0,"",VLOOKUP(A23,MATERIALES!A6:$E$475,4)) | F23: =IF(A23=0,,VLOOKUP(A23,MATERIALES!A6:$E$475,5)) -> 0 | H23: =+ROUND(G23*F23,3) -> 0
B24: =IF(A24=0,"",VLOOKUP(A24,MATERIALES!A7:$E$475,2)) | C24: =IF(A24=0,"",VLOOKUP(A24,MATERIALES!A7:$E$475,3)) | E24: =IF(A24=0,"",VLOOKUP(A24,MATERIALES!A7:$E$475,4)) | F24: =IF(A24=0,,VLOOKUP(A24,MATERIALES!A7:$E$475,5)) -> 0 | H24: =+ROUND(G24*F24,3) -> 0 | P24: {=_xlfn._xlws.FILTER(MATERIALES!C6:C467,ISNUMBER(FIND(J25,MATERIALES!C6:C467)),"NO ENCONTRADO")} -> #NAME?
B25: =IF(A25=0,"",VLOOKUP(A25,MATERIALES!A8:$E$475,2)) | C25: =IF(A25=0,"",VLOOKUP(A25,MATERIALES!A8:$E$475,3)) | E25: =IF(A25=0,"",VLOOKUP(A25,MATERIALES!A8:$E$475,4)) | F25: =IF(A25=0,,VLOOKUP(A25,MATERIALES!A8:$E$475,5)) -> 0 | H25: =+ROUND(G25*F25,3) -> 0 | I25: EQUIPO: | J25: Acero A-37
B26: =IF(A26=0,"",VLOOKUP(A26,MATERIALES!A9:$E$475,2)) | C26: =IF(A26=0,"",VLOOKUP(A26,MATERIALES!A9:$E$475,3)) | E26: =IF(A26=0,"",VLOOKUP(A26,MATERIALES!A9:$E$475,4)) | F26: =IF(A26=0,,VLOOKUP(A26,MATERIALES!A9:$E$475,5)) -> 0 | H26: =+ROUND(G26*F26,3) -> 0 | I26: ID | J26: {=_xlfn._xlws.FILTER(MATERIALES!A6:A467,MATERIALES!C6:C467='APU CAP 1 ITEM-1.4'!J25,"")} -> #NAME?
B27: =IF(A27=0,"",VLOOKUP(A27,MATERIALES!A10:$E$475,2)) | C27: =IF(A27=0,"",VLOOKUP(A27,MATERIALES!A10:$E$475,3)) | E27: =IF(A27=0,"",VLOOKUP(A27,MATERIALES!A10:$E$475,4)) | F27: =IF(A27=0,,VLOOKUP(A27,MATERIALES!A10:$E$475,5)) -> 0 | H27: =+ROUND(G27*F27,3) -> 0
B28: =IF(A28=0,"",VLOOKUP(A28,MATERIALES!A11:$E$475,2)) | C28: =IF(A28=0,"",VLOOKUP(A28,MATERIALES!A11:$E$475,3)) | E28: =IF(A28=0,"",VLOOKUP(A28,MATERIALES!A11:$E$475,4)) | F28: =IF(A28=0,,VLOOKUP(A28,MATERIALES!A11:$E$475,5)) -> 0 | H28: =+ROUND(G28*F28,3) -> 0 | I28: ID | J28: {=_xlfn._xlws.FILTER(MATERIALES!A8:A469,MATERIALES!C8:C469='APU CAP 1 ITEM-1.4'!J27,"")} -> #NAME?
B29: =IF(A29=0,"",VLOOKUP(A29,MATERIALES!A12:$E$475,2)) | C29: =IF(A29=0,"",VLOOKUP(A29,MATERIALES!A12:$E$475,3)) | E29: =IF(A29=0,"",VLOOKUP(A29,MATERIALES!A12:$E$475,4)) | F29: =IF(A29=0,,VLOOKUP(A29,MATERIALES!A12:$E$475,5)) -> 0 | H29: =+ROUND(G29*F29,3) -> 0 | J29: #NAME?
B30: =IF(A30=0,"",VLOOKUP(A30,MATERIALES!A13:$E$475,2)) | C30: =IF(A30=0,"",VLOOKUP(A30,MATERIALES!A13:$E$475,3)) | E30: =IF(A30=0,"",VLOOKUP(A30,MATERIALES!A13:$E$475,4)) | F30: =IF(A30=0,,VLOOKUP(A30,MATERIALES!A13:$E$475,5)) -> 0 | H30: =+ROUND(G30*F30,3) -> 0
B31: =IF(A31=0,"",VLOOKUP(A31,MATERIALES!A14:$E$475,2)) | C31: =IF(A31=0,"",VLOOKUP(A31,MATERIALES!A14:$E$475,3)) | E31: =IF(A31=0,"",VLOOKUP(A31,MATERIALES!A14:$E$475,4)) | F31: =IF(A31=0,,VLOOKUP(A31,MATERIALES!A14:$E$475,5)) -> 0 | H31: =+ROUND(G31*F31,3) -> 0
B32: Subtotal Materiales en Obra | H32: =SUM(H23:H31) -> 0
Q33: MATERIALES
B34: III. TRANSPORTES
B35: CODIGO | C35: DESCRIPCIÓN | D35: UNIDAD | E35: CANT. (1) | F35: DISTANCIA (2) | G35: TARIFA | H35: VALOR UNITARIO
A36: 1 | B36: =IF(A36=0,"",VLOOKUP(A36,'TRANSPORTE 2026'!$A$6:E42,2)) -> T0100002 | C36: =IF(A36=0,"",VLOOKUP(A36,'TRANSPORTE 2026'!$A$6:E42,3)) -> Transporte de acero | D36: =IF(A36=0,"",VLOOKUP(A36,'TRANSPORTE 2026'!$A$6:$E$42,4)) -> kg-km | G36: =IF(A36=0,,VLOOKUP(A36,'TRANSPORTE 2026'!$A$6:$E$42,5)) -> 9 | H36: =+ROUND(E36*F36*G36,3) -> 0 | Q36: {=_xlfn._xlws.FILTER('TRANSPORTE 2026'!C6:C42,ISNUMBER(FIND(J39,'TRANSPORTE 2026'!C6:C42)),"NO ENCONTRADO")} -> #NAME?
B37: =IF(A37=0,"",VLOOKUP(A37,'TRANSPORTE 2026'!$A$6:E43,2)) | C37: =IF(A37=0,"",VLOOKUP(A37,'TRANSPORTE 2026'!$A$6:E43,3)) | D37: =IF(A37=0,"",VLOOKUP(A37,'TRANSPORTE 2026'!$A$6:$E$42,4)) | G37: =IF(A37=0,,VLOOKUP(A37,'TRANSPORTE 2026'!$A$6:$E$42,5)) -> 0 | H37: =+ROUND(E37*F37*G37,3) -> 0 | Q37: #NAME?
B38: =IF(A38=0,"",VLOOKUP(A38,'TRANSPORTE 2026'!$A$6:E44,2)) | C38: =IF(A38=0,"",VLOOKUP(A38,'TRANSPORTE 2026'!$A$6:E44,3)) | D38: =IF(A38=0,"",VLOOKUP(A38,'TRANSPORTE 2026'!$A$6:$E$42,4)) | G38: =IF(A38=0,,VLOOKUP(A38,'TRANSPORTE 2026'!$A$6:$E$42,5)) -> 0 | H38: =+ROUND(E38*F38*G38,3) -> 0
B39: =IF(A39=0,"",VLOOKUP(A39,'TRANSPORTE 2026'!$A$6:E45,2)) | C39: =IF(A39=0,"",VLOOKUP(A39,'TRANSPORTE 2026'!$A$6:E45,3)) | D39: =IF(A39=0,"",VLOOKUP(A39,'TRANSPORTE 2026'!$A$6:$E$42,4)) | G39: =IF(A39=0,,VLOOKUP(A39,'TRANSPORTE 2026'!$A$6:$E$42,5)) -> 0 | H39: =+ROUND(E39*F39*G39,3) -> 0 | I39: EQUIPO: | J39: Transporte de acero
B40: =IF(A40=0,"",VLOOKUP(A40,'TRANSPORTE 2026'!$A$6:E45,2)) | C40: =IF(A40=0,"",VLOOKUP(A40,'TRANSPORTE 2026'!$A$6:E45,3)) | D40: =IF(A40=0,"",VLOOKUP(A40,'TRANSPORTE 2026'!$A$6:$E$42,4)) | G40: =IF(A40=0,,VLOOKUP(A40,'TRANSPORTE 2026'!$A$6:$E$42,5)) -> 0 | H40: =+ROUND(E40*F40*G40,3) -> 0 | I40: ID | J40: {=_xlfn._xlws.FILTER('TRANSPORTE 2026'!A6:A42,'TRANSPORTE 2026'!C6:C42='APU CAP 1 ITEM-1.4'!J39,"")} -> #NAME? | K40: {=_xlfn._xlws.FILTER('TRANSPORTE 2026'!D6:D42,'TRANSPORTE 2026'!C6:C42='APU CAP 1 ITEM-1.4'!J39,"")} -> #NAME?
B41: Subtotal transportes | H41: =SUM(H36:H40) -> 0 | J41: #NAME? | K41: #NAME?
B43: IV. MANO DE OBRA
B44: CODIGO | C44: DESCRIPCIÓN | D44: JORNAL | E44: % PRE. | F44: JORNAL TOTAL | G44: RENDIMIENTO | H44: VALOR UNITARIO
A45: 2 | C45: =IF(A45=0,"",VLOOKUP(A45,'MANO DE OBRA'!A53:G60,2)) -> Cuadrilla AA 1 Of y 2 Ay | D45: =IF(A45=0,"",VLOOKUP(A45,'MANO DE OBRA'!A53:G60,3)) -> 221782 | E45: =IF(A45=0,,0.85) -> 0.85 | F45: =IF(A45=0,"",VLOOKUP(A45,'MANO DE OBRA'!A53:G60,6)) -> 410296.7 | H45: =IF(AND(E45>0,F45>0,G45>0),ROUND(F45/G45,3),0) -> 0
E46: =IF(A46=0,,0.85) -> 0 | H46: =IF(AND(E46>0,F46>0,G46>0),ROUND(F46/G46,3),0) -> 0
E47: =IF(A47=0,,0.85) -> 0 | H47: =IF(AND(E47>0,F47>0,G47>0),ROUND(F47/G47,3),0) -> 0 | I47: EQUIPO: | J47: Cuadrilla AA 1 Ay
E48: =IF(A48=0,,0.85) -> 0 | H48: =IF(AND(E48>0,F48>0,G48>0),ROUND(F48/G48,3),0) -> 0 | I48: ID | J48: {=_xlfn._xlws.FILTER('MANO DE OBRA'!A53:A60,'MANO DE OBRA'!B53:B60='APU CAP 1 ITEM-1.4'!J47,"")} -> 3
B49: Subtotal mano de obra | H49: =ROUND(SUM(H45:H48),0) -> 0
B51: V. COSTOS DIRECTOS | H51: =+ROUND(H49+H32+H41+H19,0) -> 0

Sheet APU CAP 1 ITEM-1.5
B2: ANÁLISIS DE PRECIO UNITARIO
B3: =CONCATENATE("PROYECTO: ",'PRESUPUESTO '!E5) -> PROYECTO: RECUPERACION Y CONSERVACIÓN DE ÁREAS DE IMPORTANCIA ESTRATEGICA DE LA ZONA DE INFLUENCIA DEL COMPLEJO CENAGOSO DE CASCALOA DE MAGANGUÉ, BOLÍVAR
B5: =_xlfn.CONCAT("CAPITULO ",K5) -> CAPITULO 1 | D5: =VLOOKUP(K5,'PRESUPUESTO '!B12:K26,2) -> PRELIMINARES Y COMPLEMENTARIAS | H5: UNIDAD: | J5: CAPITULO | K5: ='PRESUPUESTO '!B12 -> 1
B6: =_xlfn.CONCAT("ÍTEM ",K6) -> #REF! | D6: =VLOOKUP(K6,'PRESUPUESTO '!B12:K26,5) -> #REF! | H6: =VLOOKUP(K6,'PRESUPUESTO '!B12:K26,6) -> #REF! | J6: ITEM | K6: ='PRESUPUESTO '!#REF! -> #REF! | O6: EQUIPOS
B9: I. EQUIPO | I9: EQUIPO: | J9: Astilladora de madera para triturar, potencia aproximada 75 HP | O9: {=_xlfn._xlws.FILTER('EQUIPOS 2026'!C6:C153,ISNUMBER(FIND(J9,'EQUIPOS 2026'!C6:C153)),"NO ENCONTRADO")} -> Astilladora de madera para triturar, potencia aproximada 75 HP
B10: CODIGO | C10: DESCRIPCIÓN | E10: TIPO | F10: TARIFA/HORAD | G10: RENDIMIENTO | H10: VALOR UNITARIO | I10: ID | J10: {=_xlfn._xlws.FILTER('EQUIPOS 2026'!A6:A153,'EQUIPOS 2026'!C6:C153='APU CAP 1 ITEM-1.5'!J9,"")} -> 3
B11: =IF(A11=0,"",VLOOKUP(A11,'EQUIPOS 2026'!$A$6:$E$153,2)) | C11: =IF(A11=0,"",VLOOKUP(A11,'EQUIPOS 2026'!$A$6:$E$153,3)) | F11: =IF(A11=0,,VLOOKUP(A11,'EQUIPOS 2026'!$A$6:$E$153,5)) -> 0 | H11: =+ROUND(F11*G11,3) -> 0
B12: =IF(A12=0,"",VLOOKUP(A12,'EQUIPOS 2026'!$A$6:$E$153,2)) | C12: =IF(A12=0,"",VLOOKUP(A12,'EQUIPOS 2026'!$A$6:$E$153,3)) | F12: =IF(A12=0,,VLOOKUP(A12,'EQUIPOS 2026'!$A$6:$E$153,5)) -> 0 | H12: =+ROUND(F12*G12,3) -> 0
B13: =IF(A13=0,"",VLOOKUP(A13,'EQUIPOS 2026'!$A$6:$E$153,2)) | C13: =IF(A13=0,"",VLOOKUP(A13,'EQUIPOS 2026'!$A$6:$E$153,3)) | F13: =IF(A13=0,,VLOOKUP(A13,'EQUIPOS 2026'!$A$6:$E$153,5)) -> 0 | H13: =+ROUND(F13*G13,3) -> 0
B14: =IF(A14=0,"",VLOOKUP(A14,'EQUIPOS 2026'!$A$6:$E$153,2)) | C14: =IF(A14=0,"",VLOOKUP(A14,'EQUIPOS 2026'!$A$6:$E$153,3)) | F14: =IF(A14=0,,VLOOKUP(A14,'EQUIPOS 2026'!$A$6:$E$153,5)) -> 0 | H14: =+ROUND(F14*G14,3) -> 0
B15: =IF(A15=0,"",VLOOKUP(A15,'EQUIPOS 2026'!$A$6:$E$153,2)) | C15: =IF(A15=0,"",VLOOKUP(A15,'EQUIPOS 2026'!$A$6:$E$153,3)) | F15: =IF(A15=0,,VLOOKUP(A15,'EQUIPOS 2026'!$A$6:$E$153,5)) -> 0 | H15: =+ROUND(F15*G15,3) -> 0
B16: =IF(A16=0,"",VLOOKUP(A16,'EQUIPOS 2026'!$A$6:$E$153,2)) | C16: =IF(A16=0,"",VLOOKUP(A16,'EQUIPOS 2026'!$A$6:$E$153,3)) | F16: =IF(A16=0,,VLOOKUP(A16,'EQUIPOS 2026'!$A$6:$E$153,5)) -> 0 | H16: =+ROUND(F16*G16,3) -> 0
B17: =IF(A17=0,"",VLOOKUP(A17,'EQUIPOS 2026'!$A$6:$E$153,2)) | C17: =IF(A17=0,"",VLOOKUP(A17,'EQUIPOS 2026'!$A$6:$E$153,3)) | F17: =IF(A17=0,,VLOOKUP(A17,'EQUIPOS 2026'!$A$6:$E$153,5)) -> 0 | H17: =+ROUND(F17*G17,3) -> 0
B18: =IF(A18=0,"",VLOOKUP(A18,'EQUIPOS 2026'!$A$6:$E$153,2)) | C18: =IF(A18=0,"",VLOOKUP(A18,'EQUIPOS 2026'!$A$6:$E$153,3)) | F18: =IF(A18=0,,VLOOKUP(A18,'EQUIPOS 2026'!$A$6:$E$153,5)) -> 0 | H18: =+ROUND(F18*G18,3) -> 0
B19: Subtotal Equipo | H19: =SUM(H11:H18) -> 0
B21: II. MATERIALES EN OBRA | P21: MATERIALES
B22: CODIGO | C22: DESCRIPCIÓN | E22: UNIDAD | F22: VALOR UNITARIO | G22: CANTIDAD | H22: VALOR UNITARIO
B23: =IF(A23=0,"",VLOOKUP(A23,MATERIALES!A6:$E$475,2)) | C23: =IF(A23=0,"",VLOOKUP(A23,MATERIALES!A6:$E$475,3)) | E23: =IF(A23=0,"",VLOOKUP(A23,MATERIALES!A6:$E$475,4)) | F23: =IF(A23=0,,VLOOKUP(A23,MATERIALES!A6:$E$475,5)) -> 0 | H23: =+ROUND(G23*F23,3) -> 0
B24: =IF(A24=0,"",VLOOKUP(A24,MATERIALES!A7:$E$475,2)) | C24: =IF(A24=0,"",VLOOKUP(A24,MATERIALES!A7:$E$475,3)) | E24: =IF(A24=0,"",VLOOKUP(A24,MATERIALES!A7:$E$475,4)) | F24: =IF(A24=0,,VLOOKUP(A24,MATERIALES!A7:$E$475,5)) -> 0 | H24: =+ROUND(G24*F24,3) -> 0 | P24: {=_xlfn._xlws.FILTER(MATERIALES!C6:C467,ISNUMBER(FIND(J25,MATERIALES!C6:C467)),"NO ENCONTRADO")} -> #NAME?
B25: =IF(A25=0,"",VLOOKUP(A25,MATERIALES!A8:$E$475,2)) | C25: =IF(A25=0,"",VLOOKUP(A25,MATERIALES!A8:$E$475,3)) | E25: =IF(A25=0,"",VLOOKUP(A25,MATERIALES!A8:$E$475,4)) | F25: =IF(A25=0,,VLOOKUP(A25,MATERIALES!A8:$E$475,5)) -> 0 | H25: =+ROUND(G25*F25,3) -> 0 | I25: EQUIPO: | J25: Acero A-37
B26: =IF(A26=0,"",VLOOKUP(A26,MATERIALES!A9:$E$475,2)) | C26: =IF(A26=0,"",VLOOKUP(A26,MATERIALES!A9:$E$475,3)) | E26: =IF(A26=0,"",VLOOKUP(A26,MATERIALES!A9:$E$475,4)) | F26: =IF(A26=0,,VLOOKUP(A26,MATERIALES!A9:$E$475,5)) -> 0 | H26: =+ROUND(G26*F26,3) -> 0 | I26: ID | J26: {=_xlfn._xlws.FILTER(MATERIALES!A6:A467,MATERIALES!C6:C467='APU CAP 1 ITEM-1.5'!J25,"")} -> #NAME?
B27: =IF(A27=0,"",VLOOKUP(A27,MATERIALES!A10:$E$475,2)) | C27: =IF(A27=0,"",VLOOKUP(A27,MATERIALES!A10:$E$475,3)) | E27: =IF(A27=0,"",VLOOKUP(A27,MATERIALES!A10:$E$475,4)) | F27: =IF(A27=0,,VLOOKUP(A27,MATERIALES!A10:$E$475,5)) -> 0 | H27: =+ROUND(G27*F27,3) -> 0
B28: =IF(A28=0,"",VLOOKUP(A28,MATERIALES!A11:$E$475,2)) | C28: =IF(A28=0,"",VLOOKUP(A28,MATERIALES!A11:$E$475,3)) | E28: =IF(A28=0,"",VLOOKUP(A28,MATERIALES!A11:$E$475,4)) | F28: =IF(A28=0,,VLOOKUP(A28,MATERIALES!A11:$E$475,5)) -> 0 | H28: =+ROUND(G28*F28,3) -> 0 | I28: ID | J28: {=_xlfn._xlws.FILTER(MATERIALES!A8:A469,MATERIALES!C8:C469='APU CAP 1 ITEM-1.5'!J27,"")} -> #NAME?
B29: =IF(A29=0,"",VLOOKUP(A29,MATERIALES!A12:$E$475,2)) | C29: =IF(A29=0,"",VLOOKUP(A29,MATERIALES!A12:$E$475,3)) | E29: =IF(A29=0,"",VLOOKUP(A29,MATERIALES!A12:$E$475,4)) | F29: =IF(A29=0,,VLOOKUP(A29,MATERIALES!A12:$E$475,5)) -> 0 | H29: =+ROUND(G29*F29,3) -> 0 | J29: #NAME?
B30: =IF(A30=0,"",VLOOKUP(A30,MATERIALES!A13:$E$475,2)) | C30: =IF(A30=0,"",VLOOKUP(A30,MATERIALES!A13:$E$475,3)) | E30: =IF(A30=0,"",VLOOKUP(A30,MATERIALES!A13:$E$475,4)) | F30: =IF(A30=0,,VLOOKUP(A30,MATERIALES!A13:$E$475,5)) -> 0 | H30: =+ROUND(G30*F30,3) -> 0
B31: =IF(A31=0,"",VLOOKUP(A31,MATERIALES!A14:$E$475,2)) | C31: =IF(A31=0,"",VLOOKUP(A31,MATERIALES!A14:$E$475,3)) | E31: =IF(A31=0,"",VLOOKUP(A31,MATERIALES!A14:$E$475,4)) | F31: =IF(A31=0,,VLOOKUP(A31,MATERIALES!A14:$E$475,5)) -> 0 | H31: =+ROUND(G31*F31,3) -> 0
B32: Subtotal Materiales en Obra | H32: =SUM(H23:H31) -> 0
Q33: MATERIALES
B34: III. TRANSPORTES
B35: CODIGO | C35: DESCRIPCIÓN | D35: UNIDAD | E35: CANT. (1) | F35: DISTANCIA (2) | G35: TARIFA | H35: VALOR UNITARIO
A36: 1 | B36: =IF(A36=0,"",VLOOKUP(A36,'TRANSPORTE 2026'!$A$6:E42,2)) -> T0100002 | C36: =IF(A36=0,"",VLOOKUP(A36,'TRANSPORTE 2026'!$A$6:E42,3)) -> Transporte de acero | D36: =IF(A36=0,"",VLOOKUP(A36,'TRANSPORTE 2026'!$A$6:$E$42,4)) -> kg-km | G36: =IF(A36=0,,VLOOKUP(A36,'TRANSPORTE 2026'!$A$6:$E$42,5)) -> 9 | H36: =+ROUND(E36*F36*G36,3) -> 0 | Q36: {=_xlfn._xlws.FILTER('TRANSPORTE 2026'!C6:C42,ISNUMBER(FIND(J39,'TRANSPORTE 2026'!C6:C42)),"NO ENCONTRADO")} -> #NAME?
B37: =IF(A37=0,"",VLOOKUP(A37,'TRANSPORTE 2026'!$A$6:E43,2)) | C37: =IF(A37=0,"",VLOOKUP(A37,'TRANSPORTE 2026'!$A$6:E43,3)) | D37: =IF(A37=0,"",VLOOKUP(A37,'TRANSPORTE 2026'!$A$6:$E$42,4)) | G37: =IF(A37=0,,VLOOKUP(A37,'TRANSPORTE 2026'!$A$6:$E$42,5)) -> 0 | H37: =+ROUND(E37*F37*G37,3) -> 0 | Q37: #NAME?
B38: =IF(A38=0,"",VLOOKUP(A38,'TRANSPORTE 2026'!$A$6:E44,2)) | C38: =IF(A38=0,"",VLOOKUP(A38,'TRANSPORTE 2026'!$A$6:E44,3)) | D38: =IF(A38=0,"",VLOOKUP(A38,'TRANSPORTE 2026'!$A$6:$E$42,4)) | G38: =IF(A38=0,,VLOOKUP(A38,'TRANSPORTE 2026'!$A$6:$E$42,5)) -> 0 | H38: =+ROUND(E38*F38*G38,3) -> 0
B39: =IF(A39=0,"",VLOOKUP(A39,'TRANSPORTE 2026'!$A$6:E45,2)) | C39: =IF(A39=0,"",VLOOKUP(A39,'TRANSPORTE 2026'!$A$6:E45,3)) | D39: =IF(A39=0,"",VLOOKUP(A39,'TRANSPORTE 2026'!$A$6:$E$42,4)) | G39: =IF(A39=0,,VLOOKUP(A39,'TRANSPORTE 2026'!$A$6:$E$42,5)) -> 0 | H39: =+ROUND(E39*F39*G39,3) -> 0 | I39: EQUIPO: | J39: Transporte de acero
B40: =IF(A40=0,"",VLOOKUP(A40,'TRANSPORTE 2026'!$A$6:E45,2)) | C40: =IF(A40=0,"",VLOOKUP(A40,'TRANSPORTE 2026'!$A$6:E45,3)) | D40: =IF(A40=0,"",VLOOKUP(A40,'TRANSPORTE 2026'!$A$6:$E$42,4)) | G40: =IF(A40=0,,VLOOKUP(A40,'TRANSPORTE 2026'!$A$6:$E$42,5)) -> 0 | H40: =+ROUND(E40*F40*G40,3) -> 0 | I40: ID | J40: {=_xlfn._xlws.FILTER('TRANSPORTE 2026'!A6:A42,'TRANSPORTE 2026'!C6:C42='APU CAP 1 ITEM-1.5'!J39,"")} -> #NAME? | K40: {=_xlfn._xlws.FILTER('TRANSPORTE 2026'!D6:D42,'TRANSPORTE 2026'!C6:C42='APU CAP 1 ITEM-1.5'!J39,"")} -> #NAME?
B41: Subtotal transportes | H41: =SUM(H36:H40) -> 0 | J41: #NAME? | K41: #NAME?
B43: IV. MANO DE OBRA
B44: CODIGO | C44: DESCRIPCIÓN | D44: JORNAL | E44: % PRE. | F44: JORNAL TOTAL | G44: RENDIMIENTO | H44: VALOR UNITARIO
A45: 2 | C45: =IF(A45=0,"",VLOOKUP(A45,'MANO DE OBRA'!A53:G60,2)) -> Cuadrilla AA 1 Of y 2 Ay | D45: =IF(A45=0,"",VLOOKUP(A45,'MANO DE OBRA'!A53:G60,3)) -> 221782 | E45: =IF(A45=0,,0.85) -> 0.85 | F45: =IF(A45=0,"",VLOOKUP(A45,'MANO DE OBRA'!A53:G60,6)) -> 410296.7 | H45: =IF(AND(E45>0,F45>0,G45>0),ROUND(F45/G45,3),0) -> 0
E46: =IF(A46=0,,0.85) -> 0 | H46: =IF(AND(E46>0,F46>0,G46>0),ROUND(F46/G46,3),0) -> 0
E47: =IF(A47=0,,0.85) -> 0 | H47: =IF(AND(E47>0,F47>0,G47>0),ROUND(F47/G47,3),0) -> 0 | I47: EQUIPO: | J47: Cuadrilla AA 1 Ay
E48: =IF(A48=0,,0.85) -> 0 | H48: =IF(AND(E48>0,F48>0,G48>0),ROUND(F48/G48,3),0) -> 0 | I48: ID | J48: {=_xlfn._xlws.FILTER('MANO DE OBRA'!A53:A60,'MANO DE OBRA'!B53:B60='APU CAP 1 ITEM-1.5'!J47,"")} -> 3
B49: Subtotal mano de obra | H49: =ROUND(SUM(H45:H48),0) -> 0
B51: V. COSTOS DIRECTOS | H51: =+ROUND(H49+H32+H41+H19,0) -> 0

Sheet APU CAP 1 ITEM-1.6
B2: ANÁLISIS DE PRECIO UNITARIO
B3: =CONCATENATE("PROYECTO: ",'PRESUPUESTO '!E5) -> PROYECTO: RECUPERACION Y CONSERVACIÓN DE ÁREAS DE IMPORTANCIA ESTRATEGICA DE LA ZONA DE INFLUENCIA DEL COMPLEJO CENAGOSO DE CASCALOA DE MAGANGUÉ, BOLÍVAR
B5: =_xlfn.CONCAT("CAPITULO ",K5) -> CAPITULO 1 | D5: =VLOOKUP(K5,'PRESUPUESTO '!B12:K26,2) -> PRELIMINARES Y COMPLEMENTARIAS | H5: UNIDAD: | J5: CAPITULO | K5: ='PRESUPUESTO '!B12 -> 1
B6: =_xlfn.CONCAT("ÍTEM ",K6) -> #REF! | D6: =VLOOKUP(K6,'PRESUPUESTO '!B12:K26,5) -> #REF! | H6: =VLOOKUP(K6,'PRESUPUESTO '!B12:K26,6) -> #REF! | J6: ITEM | K6: ='PRESUPUESTO '!#REF! -> #REF! | O6: EQUIPOS
B9: I. EQUIPO | I9: EQUIPO: | J9: Astilladora de madera para triturar, potencia aproximada 75 HP | O9: {=_xlfn._xlws.FILTER('EQUIPOS 2026'!C6:C153,ISNUMBER(FIND(J9,'EQUIPOS 2026'!C6:C153)),"NO ENCONTRADO")} -> Astilladora de madera para triturar, potencia aproximada 75 HP
B10: CODIGO | C10: DESCRIPCIÓN | E10: TIPO | F10: TARIFA/HORAD | G10: RENDIMIENTO | H10: VALOR UNITARIO | I10: ID | J10: {=_xlfn._xlws.FILTER('EQUIPOS 2026'!A6:A153,'EQUIPOS 2026'!C6:C153='APU CAP 1 ITEM-1.6'!J9,"")} -> 3
B11: =IF(A11=0,"",VLOOKUP(A11,'EQUIPOS 2026'!$A$6:$E$153,2)) | C11: =IF(A11=0,"",VLOOKUP(A11,'EQUIPOS 2026'!$A$6:$E$153,3)) | F11: =IF(A11=0,,VLOOKUP(A11,'EQUIPOS 2026'!$A$6:$E$153,5)) -> 0 | H11: =+ROUND(F11*G11,3) -> 0
B12: =IF(A12=0,"",VLOOKUP(A12,'EQUIPOS 2026'!$A$6:$E$153,2)) | C12: =IF(A12=0,"",VLOOKUP(A12,'EQUIPOS 2026'!$A$6:$E$153,3)) | F12: =IF(A12=0,,VLOOKUP(A12,'EQUIPOS 2026'!$A$6:$E$153,5)) -> 0 | H12: =+ROUND(F12*G12,3) -> 0
B13: =IF(A13=0,"",VLOOKUP(A13,'EQUIPOS 2026'!$A$6:$E$153,2)) | C13: =IF(A13=0,"",VLOOKUP(A13,'EQUIPOS 2026'!$A$6:$E$153,3)) | F13: =IF(A13=0,,VLOOKUP(A13,'EQUIPOS 2026'!$A$6:$E$153,5)) -> 0 | H13: =+ROUND(F13*G13,3) -> 0
B14: =IF(A14=0,"",VLOOKUP(A14,'EQUIPOS 2026'!$A$6:$E$153,2)) | C14: =IF(A14=0,"",VLOOKUP(A14,'EQUIPOS 2026'!$A$6:$E$153,3)) | F14: =IF(A14=0,,VLOOKUP(A14,'EQUIPOS 2026'!$A$6:$E$153,5)) -> 0 | H14: =+ROUND(F14*G14,3) -> 0
B15: =IF(A15=0,"",VLOOKUP(A15,'EQUIPOS 2026'!$A$6:$E$153,2)) | C15: =IF(A15=0,"",VLOOKUP(A15,'EQUIPOS 2026'!$A$6:$E$153,3)) | F15: =IF(A15=0,,VLOOKUP(A15,'EQUIPOS 2026'!$A$6:$E$153,5)) -> 0 | H15: =+ROUND(F15*G15,3) -> 0
B16: =IF(A16=0,"",VLOOKUP(A16,'EQUIPOS 2026'!$A$6:$E$153,2)) | C16: =IF(A16=0,"",VLOOKUP(A16,'EQUIPOS 2026'!$A$6:$E$153,3)) | F16: =IF(A16=0,,VLOOKUP(A16,'EQUIPOS 2026'!$A$6:$E$153,5)) -> 0 | H16: =+ROUND(F16*G16,3) -> 0
B17: =IF(A17=0,"",VLOOKUP(A17,'EQUIPOS 2026'!$A$6:$E$153,2)) | C17: =IF(A17=0,"",VLOOKUP(A17,'EQUIPOS 2026'!$A$6:$E$153,3)) | F17: =IF(A17=0,,VLOOKUP(A17,'EQUIPOS 2026'!$A$6:$E$153,5)) -> 0 | H17: =+ROUND(F17*G17,3) -> 0
B18: =IF(A18=0,"",VLOOKUP(A18,'EQUIPOS 2026'!$A$6:$E$153,2)) | C18: =IF(A18=0,"",VLOOKUP(A18,'EQUIPOS 2026'!$A$6:$E$153,3)) | F18: =IF(A18=0,,VLOOKUP(A18,'EQUIPOS 2026'!$A$6:$E$153,5)) -> 0 | H18: =+ROUND(F18*G18,3) -> 0
B19: Subtotal Equipo | H19: =SUM(H11:H18) -> 0
B21: II. MATERIALES EN OBRA | P21: MATERIALES
B22: CODIGO | C22: DESCRIPCIÓN | E22: UNIDAD | F22: VALOR UNITARIO | G22: CANTIDAD | H22: VALOR UNITARIO
B23: =IF(A23=0,"",VLOOKUP(A23,MATERIALES!A6:$E$475,2)) | C23: =IF(A23=0,"",VLOOKUP(A23,MATERIALES!A6:$E$475,3)) | E23: =IF(A23=0,"",VLOOKUP(A23,MATERIALES!A6:$E$475,4)) | F23: =IF(A23=0,,VLOOKUP(A23,MATERIALES!A6:$E$475,5)) -> 0 | H23: =+ROUND(G23*F23,3) -> 0
B24: =IF(A24=0,"",VLOOKUP(A24,MATERIALES!A7:$E$475,2)) | C24: =IF(A24=0,"",VLOOKUP(A24,MATERIALES!A7:$E$475,3)) | E24: =IF(A24=0,"",VLOOKUP(A24,MATERIALES!A7:$E$475,4)) | F24: =IF(A24=0,,VLOOKUP(A24,MATERIALES!A7:$E$475,5)) -> 0 | H24: =+ROUND(G24*F24,3) -> 0 | P24: {=_xlfn._xlws.FILTER(MATERIALES!C6:C467,ISNUMBER(FIND(J25,MATERIALES!C6:C467)),"NO ENCONTRADO")} -> #NAME?
B25: =IF(A25=0,"",VLOOKUP(A25,MATERIALES!A8:$E$475,2)) | C25: =IF(A25=0,"",VLOOKUP(A25,MATERIALES!A8:$E$475,3)) | E25: =IF(A25=0,"",VLOOKUP(A25,MATERIALES!A8:$E$475,4)) | F25: =IF(A25=0,,VLOOKUP(A25,MATERIALES!A8:$E$475,5)) -> 0 | H25: =+ROUND(G25*F25,3) -> 0 | I25: EQUIPO: | J25: Acero A-37
B26: =IF(A26=0,"",VLOOKUP(A26,MATERIALES!A9:$E$475,2)) | C26: =IF(A26=0,"",VLOOKUP(A26,MATERIALES!A9:$E$475,3)) | E26: =IF(A26=0,"",VLOOKUP(A26,MATERIALES!A9:$E$475,4)) | F26: =IF(A26=0,,VLOOKUP(A26,MATERIALES!A9:$E$475,5)) -> 0 | H26: =+ROUND(G26*F26,3) -> 0 | I26: ID | J26: {=_xlfn._xlws.FILTER(MATERIALES!A6:A467,MATERIALES!C6:C467='APU CAP 1 ITEM-1.6'!J25,"")} -> #NAME?
B27: =IF(A27=0,"",VLOOKUP(A27,MATERIALES!A10:$E$475,2)) | C27: =IF(A27=0,"",VLOOKUP(A27,MATERIALES!A10:$E$475,3)) | E27: =IF(A27=0,"",VLOOKUP(A27,MATERIALES!A10:$E$475,4)) | F27: =IF(A27=0,,VLOOKUP(A27,MATERIALES!A10:$E$475,5)) -> 0 | H27: =+ROUND(G27*F27,3) -> 0
B28: =IF(A28=0,"",VLOOKUP(A28,MATERIALES!A11:$E$475,2)) | C28: =IF(A28=0,"",VLOOKUP(A28,MATERIALES!A11:$E$475,3)) | E28: =IF(A28=0,"",VLOOKUP(A28,MATERIALES!A11:$E$475,4)) | F28: =IF(A28=0,,VLOOKUP(A28,MATERIALES!A11:$E$475,5)) -> 0 | H28: =+ROUND(G28*F28,3) -> 0 | I28: ID | J28: {=_xlfn._xlws.FILTER(MATERIALES!A8:A469,MATERIALES!C8:C469='APU CAP 1 ITEM-1.6'!J27,"")} -> #NAME?
B29: =IF(A29=0,"",VLOOKUP(A29,MATERIALES!A12:$E$475,2)) | C29: =IF(A29=0,"",VLOOKUP(A29,MATERIALES!A12:$E$475,3)) | E29: =IF(A29=0,"",VLOOKUP(A29,MATERIALES!A12:$E$475,4)) | F29: =IF(A29=0,,VLOOKUP(A29,MATERIALES!A12:$E$475,5)) -> 0 | H29: =+ROUND(G29*F29,3) -> 0 | J29: #NAME?
B30: =IF(A30=0,"",VLOOKUP(A30,MATERIALES!A13:$E$475,2)) | C30: =IF(A30=0,"",VLOOKUP(A30,MATERIALES!A13:$E$475,3)) | E30: =IF(A30=0,"",VLOOKUP(A30,MATERIALES!A13:$E$475,4)) | F30: =IF(A30=0,,VLOOKUP(A30,MATERIALES!A13:$E$475,5)) -> 0 | H30: =+ROUND(G30*F30,3) -> 0
B31: =IF(A31=0,"",VLOOKUP(A31,MATERIALES!A14:$E$475,2)) | C31: =IF(A31=0,"",VLOOKUP(A31,MATERIALES!A14:$E$475,3)) | E31: =IF(A31=0,"",VLOOKUP(A31,MATERIALES!A14:$E$475,4)) | F31: =IF(A31=0,,VLOOKUP(A31,MATERIALES!A14:$E$475,5)) -> 0 | H31: =+ROUND(G31*F31,3) -> 0
B32: Subtotal Materiales en Obra | H32: =SUM(H23:H31) -> 0
Q33: MATERIALES
B34: III. TRANSPORTES
B35: CODIGO | C35: DESCRIPCIÓN | D35: UNIDAD | E35: CANT. (1) | F35: DISTANCIA (2) | G35: TARIFA | H35: VALOR UNITARIO
A36: 1 | B36: =IF(A36=0,"",VLOOKUP(A36,'TRANSPORTE 2026'!$A$6:E42,2)) -> T0100002 | C36: =IF(A36=0,"",VLOOKUP(A36,'TRANSPORTE 2026'!$A$6:E42,3)) -> Transporte de acero | D36: =IF(A36=0,"",VLOOKUP(A36,'TRANSPORTE 2026'!$A$6:$E$42,4)) -> kg-km | G36: =IF(A36=0,,VLOOKUP(A36,'TRANSPORTE 2026'!$A$6:$E$42,5)) -> 9 | H36: =+ROUND(E36*F36*G36,3) -> 0 | Q36: {=_xlfn._xlws.FILTER('TRANSPORTE 2026'!C6:C42,ISNUMBER(FIND(J39,'TRANSPORTE 2026'!C6:C42)),"NO ENCONTRADO")} -> #NAME?
B37: =IF(A37=0,"",VLOOKUP(A37,'TRANSPORTE 2026'!$A$6:E43,2)) | C37: =IF(A37=0,"",VLOOKUP(A37,'TRANSPORTE 2026'!$A$6:E43,3)) | D37: =IF(A37=0,"",VLOOKUP(A37,'TRANSPORTE 2026'!$A$6:$E$42,4)) | G37: =IF(A37=0,,VLOOKUP(A37,'TRANSPORTE 2026'!$A$6:$E$42,5)) -> 0 | H37: =+ROUND(E37*F37*G37,3) -> 0 | Q37: #NAME?
B38: =IF(A38=0,"",VLOOKUP(A38,'TRANSPORTE 2026'!$A$6:E44,2)) | C38: =IF(A38=0,"",VLOOKUP(A38,'TRANSPORTE 2026'!$A$6:E44,3)) | D38: =IF(A38=0,"",VLOOKUP(A38,'TRANSPORTE 2026'!$A$6:$E$42,4)) | G38: =IF(A38=0,,VLOOKUP(A38,'TRANSPORTE 2026'!$A$6:$E$42,5)) -> 0 | H38: =+ROUND(E38*F38*G38,3) -> 0
B39: =IF(A39=0,"",VLOOKUP(A39,'TRANSPORTE 2026'!$A$6:E45,2)) | C39: =IF(A39=0,"",VLOOKUP(A39,'TRANSPORTE 2026'!$A$6:E45,3)) | D39: =IF(A39=0,"",VLOOKUP(A39,'TRANSPORTE 2026'!$A$6:$E$42,4)) | G39: =IF(A39=0,,VLOOKUP(A39,'TRANSPORTE 2026'!$A$6:$E$42,5)) -> 0 | H39: =+ROUND(E39*F39*G39,3) -> 0 | I39: EQUIPO: | J39: Transporte de acero
B40: =IF(A40=0,"",VLOOKUP(A40,'TRANSPORTE 2026'!$A$6:E45,2)) | C40: =IF(A40=0,"",VLOOKUP(A40,'TRANSPORTE 2026'!$A$6:E45,3)) | D40: =IF(A40=0,"",VLOOKUP(A40,'TRANSPORTE 2026'!$A$6:$E$42,4)) | G40: =IF(A40=0,,VLOOKUP(A40,'TRANSPORTE 2026'!$A$6:$E$42,5)) -> 0 | H40: =+ROUND(E40*F40*G40,3) -> 0 | I40: ID | J40: {=_xlfn._xlws.FILTER('TRANSPORTE 2026'!A6:A42,'TRANSPORTE 2026'!C6:C42='APU CAP 1 ITEM-1.6'!J39,"")} -> #NAME? | K40: {=_xlfn._xlws.FILTER('TRANSPORTE 2026'!D6:D42,'TRANSPORTE 2026'!C6:C42='APU CAP 1 ITEM-1.6'!J39,"")} -> #NAME?
B41: Subtotal transportes | H41: =SUM(H36:H40) -> 0 | J41: #NAME? | K41: #NAME?
B43: IV. MANO DE OBRA
B44: CODIGO | C44: DESCRIPCIÓN | D44: JORNAL | E44: % PRE. | F44: JORNAL TOTAL | G44: RENDIMIENTO | H44: VALOR UNITARIO
A45: 2 | C45: =IF(A45=0,"",VLOOKUP(A45,'MANO DE OBRA'!A53:G60,2)) -> Cuadrilla AA 1 Of y 2 Ay | D45: =IF(A45=0,"",VLOOKUP(A45,'MANO DE OBRA'!A53:G60,3)) -> 221782 | E45: =IF(A45=0,,0.85) -> 0.85 | F45: =IF(A45=0,"",VLOOKUP(A45,'MANO DE OBRA'!A53:G60,6)) -> 410296.7 | H45: =IF(AND(E45>0,F45>0,G45>0),ROUND(F45/G45,3),0) -> 0
E46: =IF(A46=0,,0.85) -> 0 | H46: =IF(AND(E46>0,F46>0,G46>0),ROUND(F46/G46,3),0) -> 0
E47: =IF(A47=0,,0.85) -> 0 | H47: =IF(AND(E47>0,F47>0,G47>0),ROUND(F47/G47,3),0) -> 0 | I47: EQUIPO: | J47: Cuadrilla AA 1 Ay
E48: =IF(A48=0,,0.85) -> 0 | H48: =IF(AND(E48>0,F48>0,G48>0),ROUND(F48/G48,3),0) -> 0 | I48: ID | J48: {=_xlfn._xlws.FILTER('MANO DE OBRA'!A53:A60,'MANO DE OBRA'!B53:B60='APU CAP 1 ITEM-1.6'!J47,"")} -> 3
B49: Subtotal mano de obra | H49: =ROUND(SUM(H45:H48),0) -> 0
B51: V. COSTOS DIRECTOS | H51: =+ROUND(H49+H32+H41+H19,0) -> 0

Sheet APU CAP 2 ITEM- 2.1
B2: ANÁLISIS DE PRECIO UNITARIO
B3: =CONCATENATE("PROYECTO: ",'PRESUPUESTO '!E5) -> PROYECTO: RECUPERACION Y CONSERVACIÓN DE ÁREAS DE IMPORTANCIA ESTRATEGICA DE LA ZONA DE INFLUENCIA DEL COMPLEJO CENAGOSO DE CASCALOA DE MAGANGUÉ, BOLÍVAR
B5: CAPITULO 2 | D5: EXPLANACIONES | H5: UNIDAD:
B6: ÍTEM 2,1 | D6: Retiro de especies invasivas de flora acuática área de caño y ciénaga | H6: M2
B9: I. EQUIPO
B10: CODIGO | C10: DESCRIPCIÓN | E10: TIPO | F10: TARIFA/HORAD | G10: RENDIMIENTO | H10: VALOR UNITARIO
A11: 24 | C11: RETROEXCAVADORA | F11: 170000 | G11: 60.743768 | H11: =F11/G11 -> 2798.641
A12: 92 | C12: BONGO | F12: 250000 | G12: 130 | H12: =F12/G12 -> 1923.0769
B13: =IF(A13=0,"",VLOOKUP(A13,'EQUIPOS 2026'!$A$6:$E$153,2)) | C13: BOTE CON MOTOR FUERA DE BORDA | F13: 60000 | G13: 130 | H13: =F13/G13 -> 461.53846
B14: =IF(A14=0,"",VLOOKUP(A14,'EQUIPOS 2026'!$A$6:$E$153,2)) | C14: =IF(A14=0,"",VLOOKUP(A14,'EQUIPOS 2026'!$A$6:$E$153,3)) | F14: =IF(A14=0,,VLOOKUP(A14,'EQUIPOS 2026'!$A$6:$E$153,5)) -> 0
B15: =IF(A15=0,"",VLOOKUP(A15,'EQUIPOS 2026'!$A$6:$E$153,2)) | C15: =IF(A15=0,"",VLOOKUP(A15,'EQUIPOS 2026'!$A$6:$E$153,3)) | F15: =IF(A15=0,,VLOOKUP(A15,'EQUIPOS 2026'!$A$6:$E$153,5)) -> 0
B16: =IF(A16=0,"",VLOOKUP(A16,'EQUIPOS 2026'!$A$6:$E$153,2)) | C16: =IF(A16=0,"",VLOOKUP(A16,'EQUIPOS 2026'!$A$6:$E$153,3)) | F16: =IF(A16=0,,VLOOKUP(A16,'EQUIPOS 2026'!$A$6:$E$153,5)) -> 0
B17: Subtotal Equipo | H17: =SUM(H11:H16) -> 5183.2564
B19: II. MATERIALES EN OBRA
B20: CODIGO | C20: DESCRIPCIÓN | E20: UNIDAD | F20: VALOR UNITARIO | G20: CANTIDAD | H20: VALOR UNITARIO
H21: =+ROUND(G21*F21,3) -> 0
B22: =IF(A22=0,"",VLOOKUP(A22,MATERIALES!A7:$E$475,2)) | C22: =IF(A22=0,"",VLOOKUP(A22,MATERIALES!A7:$E$475,3)) | E22: =IF(A22=0,"",VLOOKUP(A22,MATERIALES!A7:$E$475,4)) | F22: =IF(A22=0,,VLOOKUP(A22,MATERIALES!A7:$E$475,5)) -> 0 | H22: =+ROUND(G22*F22,3) -> 0
B23: =IF(A23=0,"",VLOOKUP(A23,MATERIALES!A8:$E$475,2)) | C23: =IF(A23=0,"",VLOOKUP(A23,MATERIALES!A8:$E$475,3)) | E23: =IF(A23=0,"",VLOOKUP(A23,MATERIALES!A8:$E$475,4)) | F23: =IF(A23=0,,VLOOKUP(A23,MATERIALES!A8:$E$475,5)) -> 0 | H23: =+ROUND(G23*F23,3) -> 0
B24: =IF(A24=0,"",VLOOKUP(A24,MATERIALES!A9:$E$475,2)) | C24: =IF(A24=0,"",VLOOKUP(A24,MATERIALES!A9:$E$475,3)) | E24: =IF(A24=0,"",VLOOKUP(A24,MATERIALES!A9:$E$475,4)) | F24: =IF(A24=0,,VLOOKUP(A24,MATERIALES!A9:$E$475,5)) -> 0 | H24: =+ROUND(G24*F24,3) -> 0
B25: =IF(A25=0,"",VLOOKUP(A25,MATERIALES!A10:$E$475,2)) | C25: =IF(A25=0,"",VLOOKUP(A25,MATERIALES!A10:$E$475,3)) | E25: =IF(A25=0,"",VLOOKUP(A25,MATERIALES!A10:$E$475,4)) | F25: =IF(A25=0,,VLOOKUP(A25,MATERIALES!A10:$E$475,5)) -> 0 | H25: =+ROUND(G25*F25,3) -> 0
B26: =IF(A26=0,"",VLOOKUP(A26,MATERIALES!A11:$E$475,2)) | C26: =IF(A26=0,"",VLOOKUP(A26,MATERIALES!A11:$E$475,3)) | E26: =IF(A26=0,"",VLOOKUP(A26,MATERIALES!A11:$E$475,4)) | F26: =IF(A26=0,,VLOOKUP(A26,MATERIALES!A11:$E$475,5)) -> 0 | H26: =+ROUND(G26*F26,3) -> 0
B27: =IF(A27=0,"",VLOOKUP(A27,MATERIALES!A12:$E$475,2)) | C27: =IF(A27=0,"",VLOOKUP(A27,MATERIALES!A12:$E$475,3)) | E27: =IF(A27=0,"",VLOOKUP(A27,MATERIALES!A12:$E$475,4)) | F27: =IF(A27=0,,VLOOKUP(A27,MATERIALES!A12:$E$475,5)) -> 0 | H27: =+ROUND(G27*F27,3) -> 0
B28: Subtotal Materiales en Obra | H28: =SUM(H21:H27) -> 0
B30: III. TRANSPORTES
G31: TARIFA | H31: VALOR UNITARIO
A32: 23 | G32: 0 | H32: =+ROUND(E32*F32*G32,3) -> 0
G33: =IF(A33=0,,VLOOKUP(A33,'TRANSPORTE 2026'!$A$6:$E$42,5)) -> 0 | H33: =+ROUND(E33*F33*G33,3) -> 0
B34: =IF(A34=0,"",VLOOKUP(A34,'TRANSPORTE 2026'!$A$6:E44,2)) | C34: =IF(A34=0,"",VLOOKUP(A34,'TRANSPORTE 2026'!$A$6:E44,3)) | D34: =IF(A34=0,"",VLOOKUP(A34,'TRANSPORTE 2026'!$A$6:$E$42,4)) | G34: =IF(A34=0,,VLOOKUP(A34,'TRANSPORTE 2026'!$A$6:$E$42,5)) -> 0 | H34: =+ROUND(E34*F34*G34,3) -> 0
B35: =IF(A35=0,"",VLOOKUP(A35,'TRANSPORTE 2026'!$A$6:E45,2)) | C35: =IF(A35=0,"",VLOOKUP(A35,'TRANSPORTE 2026'!$A$6:E45,3)) | D35: =IF(A35=0,"",VLOOKUP(A35,'TRANSPORTE 2026'!$A$6:$E$42,4)) | G35: =IF(A35=0,,VLOOKUP(A35,'TRANSPORTE 2026'!$A$6:$E$42,5)) -> 0 | H35: =+ROUND(E35*F35*G35,3) -> 0
B36: =IF(A36=0,"",VLOOKUP(A36,'TRANSPORTE 2026'!$A$6:E45,2)) | C36: =IF(A36=0,"",VLOOKUP(A36,'TRANSPORTE 2026'!$A$6:E45,3)) | D36: =IF(A36=0,"",VLOOKUP(A36,'TRANSPORTE 2026'!$A$6:$E$42,4)) | G36: =IF(A36=0,,VLOOKUP(A36,'TRANSPORTE 2026'!$A$6:$E$42,5)) -> 0 | H36: =+ROUND(E36*F36*G36,3) -> 0
B37: Subtotal transportes | H37: =SUM(H32:H36) -> 0
B39: IV. MANO DE OBRA
B40: CODIGO | C40: DESCRIPCIÓN | D40: JORNAL | E40: % PRE. | F40: JORNAL TOTAL | G40: RENDIMIENTO | H40: VALOR UNITARIO
A41: 5 | C41: =IF(A41=0,"",VLOOKUP(A41,'MANO DE OBRA'!A53:G60,2)) -> Cuadrilla AA 4 Ay | D41: =IF(A41=0,"",VLOOKUP(A41,'MANO DE OBRA'!A53:G60,3)) -> 233456 | E41: =IF(A41=0,,0.85) -> 0.85 | F41: =IF(A41=0,"",VLOOKUP(A41,'MANO DE OBRA'!A53:G60,6)) -> 431893.6 | G41: 269.17704 | H41: =IF(AND(E41>0,F41>0,G41>0),ROUND(F41/G41,3),0) -> 1604.496
E42: =IF(A42=0,,0.85) -> 0 | H42: =IF(AND(E42>0,F42>0,G42>0),ROUND(F42/G42,3),0) -> 0
E43: =IF(A43=0,,0.85) -> 0 | H43: =IF(AND(E43>0,F43>0,G43>0),ROUND(F43/G43,3),0) -> 0
E44: =IF(A44=0,,0.85) -> 0 | H44: =IF(AND(E44>0,F44>0,G44>0),ROUND(F44/G44,3),0) -> 0
B45: Subtotal mano de obra | H45: =ROUND(SUM(H41:H44),0) -> 1604
B47: V. COSTOS DIRECTOS | H47: =+ROUND(H45+H28+H37+H17,0) -> 6787
B49: DESCRIPCION | G49: PORCENTAJE | H49: VALOR
B51: ADMINISTRACION | G51: ='ANALISIS AIU '!$F$31 -> 0.22 | H51: =G51*H47 -> 1493.14
B52: IMPREVISTOS | G52: ='ANALISIS AIU '!$F$35 -> 0.03 | H52: =G52*H47 -> 203.61
B53: UTILIDAD | G53: ='ANALISIS AIU '!$F$39 -> 0.05 | H53: =G53*H47 -> 339.35
B55: TOTAL PRECION UNITARIO | H55: =H53+H52+H51+H47 -> 8823.1

Sheet APU CAP 2 ITEM- 2.2
B2: ANÁLISIS DE PRECIO UNITARIO
B3: =CONCATENATE("PROYECTO: ",'PRESUPUESTO '!E5) -> PROYECTO: RECUPERACION Y CONSERVACIÓN DE ÁREAS DE IMPORTANCIA ESTRATEGICA DE LA ZONA DE INFLUENCIA DEL COMPLEJO CENAGOSO DE CASCALOA DE MAGANGUÉ, BOLÍVAR
B5: CAPITULO 2 | D5: EXPLANACIONES | H5: UNIDAD:
B6: ÍTEM 2,2 | D6: Realizar la excavación con maquina en lecho de caños y Ciénegas priorizados para el complejo hídricos de Cascaloa (Magangué) | H6: M3 | O6: EQUIPOS
B9: I. EQUIPO | O9: {=_xlfn._xlws.FILTER('EQUIPOS 2026'!C6:C153,ISNUMBER(FIND(J9,'EQUIPOS 2026'!C6:C153)),"NO ENCONTRADO")} -> Andamiaje para aplicar la carga (Equipo sustituto de la tara)
B10: CODIGO | C10: DESCRIPCIÓN | E10: TIPO | F10: TARIFA/HORAD | G10: RENDIMIENTO | H10: VALOR UNITARIO | O10: Aspersor manual de 20 litros
A11: 114 | C11: Retroexcavadora sobre oruga, potencia 158 kw, balde de 1.5 m3 | F11: 350191.59 | G11: 0.05 | H11: =G11*F11 -> 17509.579 | O11: Astilladora de madera para triturar, potencia aproximada 75 HP
A12: 11 | C12: Bote para movimiento de la retroexcavadora sobre caudal del caño | F12: 250000 | G12: 0.05 | H12: =G12*F12 -> 12500 | O12: Motobomba de concreto
A13: 90 | H13: =+ROUND(F13*G13,3) -> 0 | O13: Barredora de succión, almacenamiento aproximado 6 m3
A14: 28 | H14: =+ROUND(F14*G14,3) -> 0 | O14: Bomba de concreto, producción: 30 m3/h- 50 m3/h
H15: =+ROUND(F15*G15,3) -> 0 | O15: Bomba de inyección de lechada
H16: =+ROUND(F16*G16,3) -> 0 | O16: Bomba eléctrica para accionar la celda especial de carga
H17: =+ROUND(F17*G17,3) -> 0 | O17: Bomba para gato de tensionamiento (fuerza máxima 300 toneladas)
H18: =+ROUND(F18*G18,3) -> 0 | O18: Buldozer potencia al volante de 305 HP, motor de 2100 RPM, longitud de hoja 6,39m
B19: Subtotal Equipo | H19: =SUM(H11:H18) -> 30009.579 | O19: Buldozer, potencia al volante de 140 HP, motor de 2200 RPM, longitud de hoja 4,80m
O20: Buldozer, Potencia al volante de 80 HP, motor de 2400 RPM, longitud de hoja 3,99m
B21: II. MATERIALES EN OBRA | O21: Caldera para pintura termoplástica (NTC 4744-2) | P21: MATERIALES
B22: CODIGO | C22: DESCRIPCIÓN | E22: UNIDAD | F22: VALOR UNITARIO | G22: CANTIDAD | H22: VALOR UNITARIO | O22: Camabaja capacidad de 30-40 toneladas
A23: 131 | H23: =+ROUND(G23*F23,3) -> 0 | O23: Camión 350 (F-350, Cheyenne 350 o similares)
H24: =+ROUND(G24*F24,3) -> 0 | O24: Camión con capacidad de 5 ton o superior | P24: {=_xlfn._xlws.FILTER(MATERIALES!C6:C467,ISNUMBER(FIND(J25,MATERIALES!C6:C467)),"NO ENCONTRADO")} -> #NAME?
H25: =+ROUND(G25*F25,3) -> 0 | O25: Camión de slurry, volumen de depósito de emulsión 4m3 a 6 m3, ancho aproximado 7 m | P25: #NAME?
H26: =+ROUND(G26*F26,3) -> 0 | O26: Camión grúa capacidad 5 toneladas | P26: #NAME?
H27: =+ROUND(G27*F27,3) -> 0 | O27: Camión mixer | P27: #NAME?
H28: =+ROUND(G28*F28,3) -> 0 | O28: Camioneta de estacas 4x4 | P28: #NAME?
H29: =+ROUND(G29*F29,3) -> 0 | O29: Camisa metálica para pilote calibre 36 D=1.20m - Recuperable (kg) | P29: #NAME?
H30: =+ROUND(G30*F30,3) -> 0 | O30: Camisa metálica para pilote calibre 36 D=1m - Recuperable (m) | P30: #NAME?
H31: =+ROUND(G31*F31,3) -> 0 | O31: Cargador: potencia en el volante 110 hp, clasificación de rpm del motor 2300 | P31: #NAME?
B32: Subtotal Materiales en Obra | H32: =SUM(H23:H31) -> 0 | O32: Cargador: potencia en el volante 125 hp, clasificación de rpm del motor 2300 | P32: #NAME?
O33: Carrotanque de agua(1000 Galones) | P33: #NAME? | Q33: MATERIALES
B34: III. TRANSPORTES | O34: Carrotanque irrigador de asfalto, 1000 galones de capacidad | P34: #NAME?
B35: CODIGO | C35: DESCRIPCIÓN | D35: UNIDAD | E35: CANT. (1) | F35: DISTANCIA (2) | G35: TARIFA | H35: VALOR UNITARIO | O35: Cizalla manual de 90 cm | P35: #NAME?
A36: 1 | H36: =+ROUND(E36*F36*G36,3) -> 0 | O36: Compactador de rodillo potencia: 80HP, peso: 7 ton | P36: #NAME? | Q36: {=_xlfn._xlws.FILTER('TRANSPORTE 2026'!C6:C42,ISNUMBER(FIND(J39,'TRANSPORTE 2026'!C6:C42)),"NO ENCONTRADO")} -> #NAME?
H37: =+ROUND(E37*F37*G37,3) -> 0 | O37: Compactador de rodillo potencia: 99 hp, peso: 8 toneladas | P37: #NAME? | Q37: #NAME?
H38: =+ROUND(E38*F38*G38,3) -> 0 | O38: Compactador de rodillo, potencia 105 hp, peso de 6 toneladas | P38: #NAME? | Q38: #NAME?
H39: =+ROUND(E39*F39*G39,3) -> 0 | O39: Compactador manual (saltarín) peso de operación (kg.) 52, fuerza de impacto por golpe (KN) 12 | P39: #NAME? | Q39: #NAME?
H40: =+ROUND(E40*F40*G40,3) -> 0 | O40: Compactador manual de rodillo | P40: #NAME? | Q40: #NAME?
B41: Subtotal transportes | H41: =SUM(H36:H40) -> 0 | O41: Compactador manual vibratorio (CANGURO) (Apisonadores), potencia aproximada 5 HP | P41: #NAME? | Q41: #NAME?
O42: Compactador manual vibratorio (rana) con motor de 6 hp | P42: #NAME? | Q42: #NAME?
B43: IV. MANO DE OBRA | O43: Compactador neumático de Potencia 70 HP, peso de 13 ton | P43: #NAME? | Q43: #NAME?
B44: CODIGO | C44: DESCRIPCIÓN | D44: JORNAL | E44: % PRE. | F44: JORNAL TOTAL | G44: RENDIMIENTO | H44: VALOR UNITARIO | O44: Compactador neumático peso 3,5 ton | P44: #NAME? | Q44: #NAME?
A45: 5 | C45: =IF(A45=0,"",VLOOKUP(A45,'MANO DE OBRA'!A57:G64,2)) -> Cuadrilla AA 4 Ay | D45: =IF(A45=0,"",VLOOKUP(A45,'MANO DE OBRA'!A57:G64,3)) -> 233456 | E45: =IF(A45=0,,0.85) -> 0.85 | F45: =IF(A45=0,"",VLOOKUP(A45,'MANO DE OBRA'!A57:G64,6)) -> 431893.6 | G45: 382.52149 | H45: =IF(AND(E45>0,F45>0,G45>0),ROUND(F45/G45,3),0) -> 1129.07 | O45: Compactador vibratorio potencia aproximada de 15 Kw | P45: #NAME? | Q45: #NAME?
H46: =IF(AND(E46>0,F46>0,G46>0),ROUND(F46/G46,3),0) -> 0 | O46: Compresor (barrido y soplado) | P46: #NAME? | Q46: #NAME?
H47: =IF(AND(E47>0,F47>0,G47>0),ROUND(F47/G47,3),0) -> 0 | O47: Compresor para penetrar roca | P47: #NAME? | Q47: #NAME?
H48: =IF(AND(E48>0,F48>0,G48>0),ROUND(F48/G48,3),0) -> 0 | O48: Compresor portátil de 70 a 120 HP, con martillo | P48: #NAME? | Q48: #NAME?
B49: Subtotal mano de obra | H49: =ROUND(SUM(H45:H48),0) -> 1129 | O49: Cortadora de adoquines | P49: #NAME? | Q49: #NAME?
O50: Cortadora de pavimento, profundidad de corte: 16- 19 cm. capacidad de disco: desde 12" hasta 20" de diámetro | P50: #NAME? | Q50: #NAME?
B51: V. COSTOS DIRECTOS | H51: =+ROUND(H49+H32+H41+H19,0) -> 31139 | O51: Derretidora de asfalto (crafco o similar) | P51: #NAME? | Q51: #NAME?
O52: Diferencial de 2 toneladas | P52: #NAME? | Q52: #NAME?
B53: DESCRIPCION | G53: PORCENTAJE | H53: VALOR | O53: Diferencial de 3 toneladas | P53: #NAME? | Q53: #NAME?
O54: Equipo autopropulsado para aplicación de pintura termoplástica (NTC 4744-2) | P54: #NAME? | Q54: #NAME?
B55: ADMINISTRACION | G55: ='ANALISIS AIU '!$F$31 -> 0.22 | H55: =G55*H51 -> 6850.58 | O55: Equipo de acarreo interno | P55: #NAME? | Q55: #NAME?
B56: IMPREVISTOS | G56: ='ANALISIS AIU '!$F$35 -> 0.03 | H56: =G56*H51 -> 934.17 | O56: Equipo de izaje | P56: #NAME? | Q56: #NAME?
B57: UTILIDAD | G57: ='ANALISIS AIU '!$F$39 -> 0.05 | H57: =G57*H51 -> 1556.95 | O57: Equipo de medición (deformímetros eléctricos, mecánicos, celdas de carga, etc.) para prueba de carga | P57: #NAME? | Q57: #NAME?
O58: Equipo de oxicorte y soldadura, capacidad de corte 6"-14" | P58: #NAME? | Q58: #NAME?
B59: TOTAL PRECION UNITARIO | H59: =H57+H56+H55+H51 -> 40480.7 | O59: Equipo de perforación (TRACKDRILL), potencia aproximada 40 HP, 2100 golpes / minuto | P59: #NAME? | Q59: #NAME?
O60: Equipo de pintura (Compresor). Presión máxima de trabajo 7 HP | P60: #NAME? | Q60: #NAME?
O61: Equipo de rayos X y/o ultrasonido industrial | P61: #NAME? | Q61: #NAME?
O62: Equipo de sandblasting y pintura, compresora 250cfm a 100 psi, pulmón de 70 gal (250 L) para 160 psi | P62: #NAME? | Q62: #NAME?
O63: Equipo de soldadura 250 AMP | P63: #NAME? | Q63: #NAME?
O64: Equipo de soldadura 400 AMP | P64: #NAME? | Q64: #NAME?
O65: Equipo de soldadura 600 AMP | P65: #NAME? | Q65: #NAME?
O66: Equipo de topografía teodolito electrónico con abertura de anteojo de 42- 45 mm. aumento del anteojo: 30x.distancia mínima de enfoque: 1 - 1.5 m. precisión: 5´´ | P66: #NAME? | Q66: #NAME?
O67: Esparcidor de gravilla, ancho de esparcimiento 3 - 7.5 m | P67: #NAME? | Q67: #NAME?
O68: Estación Total con precisión angular de 6". Precisión lineal 2 mm ± 2 ppm | P68: #NAME? | Q68: #NAME?
O69: Formaleta metálica para baranda de concreto (m) | P69: #NAME? | Q69: #NAME?
O70: Formaleta metálica para concreto (m2) | P70: #NAME? | Q70: #NAME?
O71: Formaleta metálica para defensa de concreto (m) | P71: #NAME? | Q71: #NAME?
O72: Formaleta metálica para fabricación de paneles de concreto (m2) | P72: #NAME? | Q72: #NAME?
O73: Formaleta metálica para pavimento en concreto hidráulico (m) | P73: #NAME?
O74: Formaleta metálica para pilotes de concreto prefabricado in situ (m) | P74: #NAME?
O75: Formaleta para camisa de pilote | P75: #NAME?
O76: Formaleta, platina y accesorios (glo) | P76: #NAME?
O77: Formaleta, platina y accesorios (m) | P77: #NAME?
O78: Fresadora de pavimento, ancho de trabajo 1.3 m a 1.5 m, potencia aproximada 430 HP, profundidad de corte 30 cm | P78: #NAME?
O79: Fresadora de pavimento, ancho de trabajo 2 m, con tambor especial de puntas de acero de alta dureza, profundidad de corte menor a 2.5 cm para microfresado (W2000 o similares) | P79: #NAME?
O80: Fresadora de pavimento, ancho de trabajo 2 m, potencia aproximada 580 HP, profundidad de corte 30 cm | P80: #NAME?
O81: Gato para tensionamiento, fuerza Max 300 toneladas | P81: #NAME?
O82: Grúa capacidad 10 toneladas | P82: #NAME?
O83: Grúa capacidad 15 toneladas | P83: #NAME?
O84: Grúa telescópica capacidad 50 toneladas | P84: #NAME?
... O156: Estación Total con precisión angular | P156: #NAME?
P157: #NAME?
P158: #NAME?
P159: #NAME?
P160: #NAME?
P161: #NAME?
P162: #NAME?
P163: #NAME?
P164: #NAME?
P165: #NAME?
P166: #NAME?
P167: #NAME?
P168: #NAME?
... P485: #NAME?

Sheet APU CAP 2 ITEM- 2.3
B2: ANÁLISIS DE PRECIO UNITARIO
B3: =CONCATENATE("PROYECTO: ",'PRESUPUESTO '!E5) -> PROYECTO: RECUPERACION Y CONSERVACIÓN DE ÁREAS DE IMPORTANCIA ESTRATEGICA DE LA ZONA DE INFLUENCIA DEL COMPLEJO CENAGOSO DE CASCALOA DE MAGANGUÉ, BOLÍVAR
B5: CAPITULO 2 | D5: EXPLANACIONES | H5: UNIDAD:
B6: ÍTEM 2,3 | D6: Realizar extendida de material de excavación con espesor de 0.50 m | H6: M2 | O6: EQUIPOS
B9: I. EQUIPO | O9: {=_xlfn._xlws.FILTER('EQUIPOS 2026'!C6:C153,ISNUMBER(FIND(J9,'EQUIPOS 2026'!C6:C153)),"NO ENCONTRADO")} -> Andamiaje para aplicar la carga (Equipo sustituto de la tara)
B10: CODIGO | C10: DESCRIPCIÓN | E10: TIPO | F10: TARIFA/HORAD | G10: RENDIMIENTO | H10: VALOR UNITARIO | O10: Aspersor manual de 20 litros
A11: 114 | C11: Retroexcavadora sobre oruga, potencia 158 kw, balde de 1.5 m3 | F11: 350191.59 | G11: 0.0050326452 | H11: =G11*F11 -> 1762.39 | O11: Astilladora de madera para triturar, potencia aproximada 75 HP
A12: 25 | H12: =+ROUND(F12*G12,3) -> 0 | O12: Motobomba de concreto
A13: 90 | H13: =+ROUND(F13*G13,3) -> 0 | O13: Barredora de succión, almacenamiento aproximado 6 m3
A14: 128 | H14: =+ROUND(F14*G14,3) -> 0 | O14: Bomba de concreto, producción: 30 m3/h- 50 m3/h
B15: =IF(A15=0,"",VLOOKUP(A15,'EQUIPOS 2026'!$A$6:$E$153,2)) | C15: =IF(A15=0,"",VLOOKUP(A15,'EQUIPOS 2026'!$A$6:$E$153,3)) | H15: =+ROUND(F15*G15,3) -> 0 | O15: Bomba de inyección de lechada
B16: =IF(A16=0,"",VLOOKUP(A16,'EQUIPOS 2026'!$A$6:$E$153,2)) | C16: =IF(A16=0,"",VLOOKUP(A16,'EQUIPOS 2026'!$A$6:$E$153,3)) | H16: =+ROUND(F16*G16,3) -> 0 | O16: Bomba eléctrica para accionar la celda especial de carga
B17: =IF(A17=0,"",VLOOKUP(A17,'EQUIPOS 2026'!$A$6:$E$153,2)) | C17: =IF(A17=0,"",VLOOKUP(A17,'EQUIPOS 2026'!$A$6:$E$153,3)) | H17: =+ROUND(F17*G17,3) -> 0 | O17: Bomba para gato de tensionamiento (fuerza máxima 300 toneladas)
B18: =IF(A18=0,"",VLOOKUP(A18,'EQUIPOS 2026'!$A$6:$E$153,2)) | C18: =IF(A18=0,"",VLOOKUP(A18,'EQUIPOS 2026'!$A$6:$E$153,3)) | H18: =+ROUND(F18*G18,3) -> 0 | O18: Buldozer potencia al volante de 305 HP, motor de 2100 RPM, longitud de hoja 6,39m
B19: Subtotal Equipo | H19: =SUM(H11:H18) -> 1762.39 | O19: Buldozer, potencia al volante de 140 HP, motor de 2200 RPM, longitud de hoja 4,80m
O20: Buldozer, Potencia al volante de 80 HP, motor de 2400 RPM, longitud de hoja 3,99m
B21: II. MATERIALES EN OBRA | O21: Caldera para pintura termoplástica (NTC 4744-2) | P21: MATERIALES
B22: CODIGO | C22: DESCRIPCIÓN | E22: UNIDAD | F22: VALOR UNITARIO | G22: CANTIDAD | H22: VALOR UNITARIO | O22: Camabaja capacidad de 30-40 toneladas
A23: 39 | H23: =+ROUND(G23*F23,3) -> 0 | O23: Camión 350 (F-350, Cheyenne 350 o similares)
A24: 245 | H24: =+ROUND(G24*F24,3) -> 0 | O24: Camión con capacidad de 5 ton o superior | P24: {=_xlfn._xlws.FILTER(MATERIALES!C6:C467,ISNUMBER(FIND(J25,MATERIALES!C6:C467)),"NO ENCONTRADO")} -> #NAME?
H25: =+ROUND(G25*F25,3) -> 0 | O25: Camión de slurry, volumen de depósito de emulsión 4m3 a 6 m3, ancho aproximado 7 m | P25: #NAME?
H26: =+ROUND(G26*F26,3) -> 0 | O26: Camión grúa capacidad 5 toneladas | P26: #NAME?
H27: =+ROUND(G27*F27,3) -> 0 | O27: Camión mixer | P27: #NAME?
H28: =+ROUND(G28*F28,3) -> 0 | O28: Camioneta de estacas 4x4 | P28: #NAME?
B29: =IF(A29=0,"",VLOOKUP(A29,MATERIALES!A12:$E$475,2)) | C29: =IF(A29=0,"",VLOOKUP(A29,MATERIALES!A12:$E$475,3)) | E29: =IF(A29=0,"",VLOOKUP(A29,MATERIALES!A12:$E$475,4)) | F29: =IF(A29=0,,VLOOKUP(A29,MATERIALES!A12:$E$475,5)) -> 0 | H29: =+ROUND(G29*F29,3) -> 0 | O29: Camisa metálica para pilote calibre 36 D=1.20m - Recuperable (kg) | P29: #NAME?
B30: =IF(A30=0,"",VLOOKUP(A30,MATERIALES!A13:$E$475,2)) | C30: =IF(A30=0,"",VLOOKUP(A30,MATERIALES!A13:$E$475,3)) | E30: =IF(A30=0,"",VLOOKUP(A30,MATERIALES!A13:$E$475,4)) | F30: =IF(A30=0,,VLOOKUP(A30,MATERIALES!A13:$E$475,5)) -> 0 | H30: =+ROUND(G30*F30,3) -> 0 | O30: Camisa metálica para pilote calibre 36 D=1m - Recuperable (m) | P30: #NAME?
B31: =IF(A31=0,"",VLOOKUP(A31,MATERIALES!A14:$E$475,2)) | C31: =IF(A31=0,"",VLOOKUP(A31,MATERIALES!A14:$E$475,3)) | E31: =IF(A31=0,"",VLOOKUP(A31,MATERIALES!A14:$E$475,4)) | F31: =IF(A31=0,,VLOOKUP(A31,MATERIALES!A14:$E$475,5)) -> 0 | H31: =+ROUND(G31*F31,3) -> 0 | O31: Cargador: potencia en el volante 110 hp, clasificación de rpm del motor 2300 | P31: #NAME?
B32: Subtotal Materiales en Obra | H32: =SUM(H23:H31) -> 0 | O32: Cargador: potencia en el volante 125 hp, clasificación de rpm del motor 2300 | P32: #NAME?
O33: Carrotanque de agua(1000 Galones) | P33: #NAME? | Q33: MATERIALES
B34: III. TRANSPORTES | O34: Carrotanque irrigador de asfalto, 1000 galones de capacidad | P34: #NAME?
B35: CODIGO | C35: DESCRIPCIÓN | D35: UNIDAD | E35: CANT. (1) | F35: DISTANCIA (2) | G35: TARIFA | H35: VALOR UNITARIO | O35: Cizalla manual de 90 cm | P35: #NAME?
A36: 1 | H36: =+ROUND(E36*F36*G36,3) -> 0 | O36: Compactador de rodillo potencia: 80HP, peso: 7 ton | P36: #NAME? | Q36: {=_xlfn._xlws.FILTER('TRANSPORTE 2026'!C6:C42,ISNUMBER(FIND(J39,'TRANSPORTE 2026'!C6:C42)),"NO ENCONTRADO")} -> #NAME?
H37: =+ROUND(E37*F37*G37,3) -> 0 | O37: Compactador de rodillo potencia: 99 hp, peso: 8 toneladas | P37: #NAME? | Q37: #NAME?
H38: =+ROUND(E38*F38*G38,3) -> 0 | O38: Compactador de rodillo, potencia 105 hp, peso de 6 toneladas | P38: #NAME? | Q38: #NAME?
B39: =IF(A39=0,"",VLOOKUP(A39,'TRANSPORTE 2026'!$A$6:E45,2)) | C39: =IF(A39=0,"",VLOOKUP(A39,'TRANSPORTE 2026'!$A$6:E45,3)) | D39: =IF(A39=0,"",VLOOKUP(A39,'TRANSPORTE 2026'!$A$6:$E$42,4)) | G39: =IF(A39=0,,VLOOKUP(A39,'TRANSPORTE 2026'!$A$6:$E$42,5)) -> 0 | H39: =+ROUND(E39*F39*G39,3) -> 0 | O39: Compactador manual (saltarín) peso de operación (kg.) 52, fuerza de impacto por golpe (KN) 12 | P39: #NAME? | Q39: #NAME?
B40: =IF(A40=0,"",VLOOKUP(A40,'TRANSPORTE 2026'!$A$6:E45,2)) | C40: =IF(A40=0,"",VLOOKUP(A40,'TRANSPORTE 2026'!$A$6:E45,3)) | D40: =IF(A40=0,"",VLOOKUP(A40,'TRANSPORTE 2026'!$A$6:$E$42,4)) | G40: =IF(A40=0,,VLOOKUP(A40,'TRANSPORTE 2026'!$A$6:$E$42,5)) -> 0 | H40: =+ROUND(E40*F40*G40,3) -> 0 | O40: Compactador manual de rodillo | P40: #NAME? | Q40: #NAME?
B41: Subtotal transportes | H41: =SUM(H36:H40) -> 0 | O41: Compactador manual vibratorio (CANGURO) (Apisonadores), potencia aproximada 5 HP | P41: #NAME? | Q41: #NAME?
O42: Compactador manual vibratorio (rana) con motor de 6 hp | P42: #NAME? | Q42: #NAME?
B43: IV. MANO DE OBRA | O43: Compactador neumático de Potencia 70 HP, peso de 13 ton | P43: #NAME? | Q43: #NAME?
B44: CODIGO | C44: DESCRIPCIÓN | D44: JORNAL | E44: % PRE. | F44: JORNAL TOTAL | G44: RENDIMIENTO | H44: VALOR UNITARIO | O44: Compactador neumático peso 3,5 ton | P44: #NAME? | Q44: #NAME?
A45: 2 | C45: =IF(A45=0,"",VLOOKUP(A45,'MANO DE OBRA'!A53:G60,2)) -> Cuadrilla AA 1 Of y 2 Ay | D45: =IF(A45=0,"",VLOOKUP(A45,'MANO DE OBRA'!A53:G60,3)) -> 221782 | E45: =IF(A45=0,,0.85) -> 0.85 | F45: =IF(A45=0,"",VLOOKUP(A45,'MANO DE OBRA'!A53:G60,6)) -> 410296.7 | G45: 1790.0137 | H45: =IF(AND(E45>0,F45>0,G45>0),ROUND(F45/G45,3),0) -> 229.214 | O45: Compactador vibratorio potencia aproximada de 15 Kw | P45: #NAME? | Q45: #NAME?
E46: =IF(A46=0,,0.85) -> 0 | H46: =IF(AND(E46>0,F46>0,G46>0),ROUND(F46/G46,3),0) -> 0 | O46: Compresor (barrido y soplado) | P46: #NAME? | Q46: #NAME?
E47: =IF(A47=0,,0.85) -> 0 | H47: =IF(AND(E47>0,F47>0,G47>0),ROUND(F47/G47,3),0) -> 0 | O47: Compresor para penetrar roca | P47: #NAME? | Q47: #NAME?
E48: =IF(A48=0,,0.85) -> 0 | H48: =IF(AND(E48>0,F48>0,G48>0),ROUND(F48/G48,3),0) -> 0 | O48: Compresor portátil de 70 a 120 HP, con martillo | P48: #NAME? | Q48: #NAME?
B49: Subtotal mano de obra | H49: =ROUND(SUM(H45:H48),0) -> 229 | O49: Cortadora de adoquines | P49: #NAME? | Q49: #NAME?
O50: Cortadora de pavimento, profundidad de corte: 16- 19 cm. capacidad de disco: desde 12" hasta 20" de diámetro | P50: #NAME? | Q50: #NAME?
B51: V. COSTOS DIRECTOS | H51: =+ROUND(H49+H32+H41+H19,0) -> 1991 | O51: Derretidora de asfalto (crafco o similar) | P51: #NAME? | Q51: #NAME?
O52: Diferencial de 2 toneladas | P52: #NAME? | Q52: #NAME?
B53: DESCRIPCION | G53: PORCENTAJE | H53: VALOR | O53: Diferencial de 3 toneladas | P53: #NAME? | Q53: #NAME?
O54: Equipo autopropulsado para aplicación de pintura termoplástica (NTC 4744-2) | P54: #NAME? | Q54: #NAME?
B55: ADMINISTRACION | G55: ='ANALISIS AIU '!$F$31 -> 0.22 | H55: =G55*H51 -> 438.02 | O55: Equipo de acarreo interno | P55: #NAME? | Q55: #NAME?
B56: IMPREVISTOS | G56: ='ANALISIS AIU '!$F$35 -> 0.03 | H56: =G56*H51 -> 59.73 | O56: Equipo de izaje | P56: #NAME? | Q56: #NAME?
B57: UTILIDAD | G57: ='ANALISIS AIU '!$F$39 -> 0.05 | H57: =G57*H51 -> 99.55 | O57: Equipo de medición (deformímetros eléctricos, mecánicos, celdas de carga, etc.) para prueba de carga | P57: #NAME? | Q57: #NAME?
O58: Equipo de oxicorte y soldadura, capacidad de corte 6"-14" | P58: #NAME? | Q58: #NAME?
B59: TOTAL PRECION UNITARIO | H59: =H57+H56+H55+H51 -> 2588.3 | O59: Equipo de perforación (TRACKDRILL), potencia aproximada 40 HP, 2100 golpes / minuto | P59: #NAME? | Q59: #NAME?
O60: Equipo de pintura (Compresor). Presión máxima de trabajo 7 HP | P60: #NAME? | Q60: #NAME?
O61: Equipo de rayos X y/o ultrasonido industrial | P61: #NAME? | Q61: #NAME?
O62: Equipo de sandblasting y pintura, compresora 250cfm a 100 psi, pulmón de 70 gal (250 L) para 160 psi | P62: #NAME? | Q62: #NAME?
O63: Equipo de soldadura 250 AMP | P63: #NAME? | Q63: #NAME?
O64: Equipo de soldadura 400 AMP | P64: #NAME? | Q64: #NAME?
O65: Equipo de soldadura 600 AMP | P65: #NAME? | Q65: #NAME?
O66: Equipo de topografía teodolito electrónico con abertura de anteojo de 42- 45 mm. aumento del anteojo: 30x.distancia mínima de enfoque: 1 - 1.5 m. precisión: 5´´ | P66: #NAME? | Q66: #NAME?
O67: Esparcidor de gravilla, ancho de esparcimiento 3 - 7.5 m | P67: #NAME? | Q67: #NAME?
O68: Estación Total con precisión angular de 6". Precisión lineal 2 mm ± 2 ppm | P68: #NAME? | Q68: #NAME?
O69: Formaleta metálica para baranda de concreto (m) | P69: #NAME? | Q69: #NAME?
O70: Formaleta metálica para concreto (m2) | P70: #NAME? | Q70: #NAME?
O71: Formaleta metálica para defensa de concreto (m) | P71: #NAME? | Q71: #NAME?
O72: Formaleta metálica para fabricación de paneles de concreto (m2) | P72: #NAME? | Q72: #NAME?
O73: Formaleta metálica para pavimento en concreto hidráulico (m) | P73: #NAME?
O74: Formaleta metálica para pilotes de concreto prefabricado in situ (m) | P74: #NAME?
O75: Formaleta para camisa de pilote | P75: #NAME?
O76: Formaleta, platina y accesorios (glo) | P76: #NAME?
O77: Formaleta, platina y accesorios (m) | P77: #NAME?
O78: Fresadora de pavimento, ancho de trabajo 1.3 m a 1.5 m, potencia aproximada 430 HP, profundidad de corte 30 cm | P78: #NAME?
O79: Fresadora de pavimento, ancho de trabajo 2 m, con tambor especial de puntas de acero de alta dureza, profundidad de corte menor a 2.5 cm para microfresado (W2000 o similares) | P79: #NAME?
O80: Fresadora de pavimento, ancho de trabajo 2 m, potencia aproximada 580 HP, profundidad de corte 30 cm | P80: #NAME?
O81: Gato para tensionamiento, fuerza Max 300 toneladas | P81: #NAME?
O82: Grúa capacidad 10 toneladas | P82: #NAME?
O83: Grúa capacidad 15 toneladas | P83: #NAME?
O84: Grúa telescópica capacidad 50 toneladas | P84: #NAME?
... O156: Estación Total con precisión angular | P156: #NAME?
P157: #NAME?
P158: #NAME?
P159: #NAME?
P160: #NAME?
P161: #NAME?
P162: #NAME?
P163: #NAME?
P164: #NAME?
P165: #NAME?
P166: #NAME?
P167: #NAME?
P168: #NAME?
... P485: #NAME?

Sheet APU CAP 3 ITEM- 3.1
B2: ANÁLISIS DE PRECIO UNITARIO
B3: =CONCATENATE("PROYECTO: ",'PRESUPUESTO '!E5) -> PROYECTO: RECUPERACION Y CONSERVACIÓN DE ÁREAS DE IMPORTANCIA ESTRATEGICA DE LA ZONA DE INFLUENCIA DEL COMPLEJO CENAGOSO DE CASCALOA DE MAGANGUÉ, BOLÍVAR
B5: CAPITULO 3 | D5: SUBBASE,BASE Y AFIRMADOS | H5: UNIDAD:
B6: ÍTEM 3,1 | D6: Realizar talleres de capacitación en educación ambiental y participación comunitaria | H6: UN | O6: EQUIPOS
B9: I. EQUIPO | O9: {=_xlfn._xlws.FILTER('EQUIPOS 2026'!C6:C153,ISNUMBER(FIND(J9,'EQUIPOS 2026'!C6:C153)),"NO ENCONTRADO")} -> Andamiaje para aplicar la carga (Equipo sustituto de la tara)
B10: CODIGO | C10: DESCRIPCIÓN | E10: TIPO | F10: TARIFA/HORAD | G10: RENDIMIENTO | H10: VALOR UNITARIO | O10: Aspersor manual de 20 litros
A11: 25 | C11: Alquiler de sitio | F11: 430000 | G11: 1 | H11: =+ROUND(F11*G11,3) -> 430000 | O11: Astilladora de madera para triturar, potencia aproximada 75 HP
A12: 90 | H12: =+ROUND(F12*G12,3) -> 0 | O12: Motobomba de concreto
A13: 128 | H13: =+ROUND(F13*G13,3) -> 0 | O13: Barredora de succión, almacenamiento aproximado 6 m3
H14: =+ROUND(F14*G14,3) -> 0 | O14: Bomba de concreto, producción: 30 m3/h- 50 m3/h
H15: =+ROUND(F15*G15,3) -> 0 | O15: Bomba de inyección de lechada
H16: =+ROUND(F16*G16,3) -> 0 | O16: Bomba eléctrica para accionar la celda especial de carga
H17: =+ROUND(F17*G17,3) -> 0 | O17: Bomba para gato de tensionamiento (fuerza máxima 300 toneladas)
H18: =+ROUND(F18*G18,3) -> 0 | O18: Buldozer potencia al volante de 305 HP, motor de 2100 RPM, longitud de hoja 6,39m
B19: Subtotal Equipo | H19: =SUM(H11:H18) -> 430000 | O19: Buldozer, potencia al volante de 140 HP, motor de 2200 RPM, longitud de hoja 4,80m
O20: Buldozer, Potencia al volante de 80 HP, motor de 2400 RPM, longitud de hoja 3,99m
B21: II. MATERIALES EN OBRA | O21: Caldera para pintura termoplástica (NTC 4744-2) | P21: MATERIALES
B22: CODIGO | C22: DESCRIPCIÓN | E22: UNIDAD | F22: VALOR UNITARIO | G22: CANTIDAD | H22: VALOR UNITARIO | O22: Camabaja capacidad de 30-40 toneladas
A23: 238 | C23: 20001 Alimentación - almuerzo y refrigerios | F23: 15000 | G23: 30 | H23: =+ROUND(G23*F23,3) -> 450000 | O23: Camión 350 (F-350, Cheyenne 350 o similares)
A24: 39 | H24: =+ROUND(G24*F24,3) -> 0 | O24: Camión con capacidad de 5 ton o superior | P24: {=_xlfn._xlws.FILTER(MATERIALES!C6:C467,ISNUMBER(FIND(J25,MATERIALES!C6:C467)),"NO ENCONTRADO")} -> #NAME?
H25: =+ROUND(G25*F25,3) -> 0 | O25: Camión de slurry, volumen de depósito de emulsión 4m3 a 6 m3, ancho aproximado 7 m | P25: #NAME?
H26: =+ROUND(G26*F26,3) -> 0 | O26: Camión grúa capacidad 5 toneladas | P26: #NAME?
H27: =+ROUND(G27*F27,3) -> 0 | O27: Camión mixer | P27: #NAME?
H28: =+ROUND(G28*F28,3) -> 0 | O28: Camioneta de estacas 4x4 | P28: #NAME?
H29: =+ROUND(G29*F29,3) -> 0 | O29: Camisa metálica para pilote calibre 36 D=1.20m - Recuperable (kg) | P29: #NAME?
H30: =+ROUND(G30*F30,3) -> 0 | O30: Camisa metálica para pilote calibre 36 D=1m - Recuperable (m) | P30: #NAME?
H31: =+ROUND(G31*F31,3) -> 0 | O31: Cargador: potencia en el volante 110 hp, clasificación de rpm del motor 2300 | P31: #NAME?
B32: Subtotal Materiales en Obra | H32: =SUM(H23:H31) -> 450000 | O32: Cargador: potencia en el volante 125 hp, clasificación de rpm del motor 2300 | P32: #NAME?
O33: Carrotanque de agua(1000 Galones) | P33: #NAME? | Q33: MATERIALES
B34: III. TRANSPORTES | O34: Carrotanque irrigador de asfalto, 1000 galones de capacidad | P34: #NAME?
B35: CODIGO | C35: DESCRIPCIÓN | D35: UNIDAD | E35: CANT. (1) | F35: DISTANCIA (2) | G35: TARIFA | H35: VALOR UNITARIO | O35: Cizalla manual de 90 cm | P35: #NAME?
A36: 22 | C36: VIATICOS TALLERISTA | E36: 1 | G36: 850000 | H36: =G36 -> 850000 | O36: Compactador de rodillo potencia: 80HP, peso: 7 ton | P36: #NAME? | Q36: {=_xlfn._xlws.FILTER('TRANSPORTE 2026'!C6:C42,ISNUMBER(FIND(J39,'TRANSPORTE 2026'!C6:C42)),"NO ENCONTRADO")} -> #NAME?
H37: =+ROUND(E37*F37*G37,3) -> 0 | O37: Compactador de rodillo potencia: 99 hp, peso: 8 toneladas | P37: #NAME? | Q37: #NAME?
H38: =+ROUND(E38*F38*G38,3) -> 0 | O38: Compactador de rodillo, potencia 105 hp, peso de 6 toneladas | P38: #NAME? | Q38: #NAME?
H39: =+ROUND(E39*F39*G39,3) -> 0 | O39: Compactador manual (saltarín) peso de operación (kg.) 52, fuerza de impacto por golpe (KN) 12 | P39: #NAME? | Q39: #NAME?
H40: =+ROUND(E40*F40*G40,3) -> 0 | O40: Compactador manual de rodillo | P40: #NAME? | Q40: #NAME?
B41: Subtotal transportes | H41: =SUM(H36:H40) -> 850000 | O41: Compactador manual vibratorio (CANGURO) (Apisonadores), potencia aproximada 5 HP | P41: #NAME? | Q41: #NAME?
O42: Compactador manual vibratorio (rana) con motor de 6 hp | P42: #NAME? | Q42: #NAME?
B43: IV. MANO DE OBRA | O43: Compactador neumático de Potencia 70 HP, peso de 13 ton | P43: #NAME? | Q43: #NAME?
B44: CODIGO | C44: DESCRIPCIÓN | D44: JORNAL | E44: % PRE. | F44: JORNAL TOTAL | G44: RENDIMIENTO | H44: VALOR UNITARIO | O44: Compactador neumático peso 3,5 ton | P44: #NAME? | Q44: #NAME?
A45: 4 | C45: Auxiliar | D45: ='MANO DE OBRA'!D6 -> 58364 | E45: =IF(A45=0,,0.85) -> 0.85 | F45: =D45*(1+E45) -> 107973.4 | G45: 0.33829835 | H45: =IF(AND(E45>0,F45>0,G45>0),ROUND(F45/G45,3),0) -> 319166.2 | O45: Compactador vibratorio potencia aproximada de 15 Kw | P45: #NAME? | Q45: #NAME?
C46: profesional experto | D46: ='MANO DE OBRA'!D26 -> 466908 | E46: ='FACTOR PRESTACIONAL'!F30 -> 0.73345 | F46: =D46*(1+E46) -> 809361.67 | G46: =G45 -> 0.33829835 | H46: =IF(AND(E46>0,F46>0,G46>0),ROUND(F46/G46,3),0) -> 2392449.3 | O46: Compresor (barrido y soplado) | P46: #NAME? | Q46: #NAME?
E47: =IF(A47=0,,0.85) -> 0 | H47: =IF(AND(E47>0,F47>0,G47>0),ROUND(F47/G47,3),0) -> 0 | O47: Compresor para penetrar roca | P47: #NAME? | Q47: #NAME?
E48: =IF(A48=0,,0.85) -> 0 | H48: =IF(AND(E48>0,F48>0,G48>0),ROUND(F48/G48,3),0) -> 0 | O48: Compresor portátil de 70 a 120 HP, con martillo | P48: #NAME? | Q48: #NAME?
B49: Subtotal mano de obra | H49: =ROUND(SUM(H45:H48),0) -> 2711616 | O49: Cortadora de adoquines | P49: #NAME? | Q49: #NAME?
O50: Cortadora de pavimento, profundidad de corte: 16- 19 cm. capacidad de disco: desde 12" hasta 20" de diámetro | P50: #NAME? | Q50: #NAME?
B51: V. COSTOS DIRECTOS | H51: =+ROUND(H49+H32+H41+H19,0) -> 4441616 | O51: Derretidora de asfalto (crafco o similar) | P51: #NAME? | Q51: #NAME?
O52: Diferencial de 2 toneladas | P52: #NAME? | Q52: #NAME?
B53: DESCRIPCION | G53: PORCENTAJE | H53: VALOR | O53: Diferencial de 3 toneladas | P53: #NAME? | Q53: #NAME?
O54: Equipo autopropulsado para aplicación de pintura termoplástica (NTC 4744-2) | P54: #NAME? | Q54: #NAME?
B55: ADMINISTRACION | G55: ='ANALISIS AIU '!$F$31 -> 0.22 | H55: =G55*H51 -> 977155.52 | O55: Equipo de acarreo interno | P55: #NAME? | Q55: #NAME?
B56: IMPREVISTOS | G56: ='ANALISIS AIU '!$F$35 -> 0.03 | H56: =G56*H51 -> 133248.48 | O56: Equipo de izaje | P56: #NAME? | Q56: #NAME?
B57: UTILIDAD | G57: ='ANALISIS AIU '!$F$39 -> 0.05 | H57: =G57*H51 -> 222080.8 | O57: Equipo de medición (deformímetros eléctricos, mecánicos, celdas de carga, etc.) para prueba de carga | P57: #NAME? | Q57: #NAME?
O58: Equipo de oxicorte y soldadura, capacidad de corte 6"-14" | P58: #NAME? | Q58: #NAME?
B59: TOTAL PRECION UNITARIO | H59: =H57+H56+H55+H51 -> 5774100.8 | O59: Equipo de perforación (TRACKDRILL), potencia aproximada 40 HP, 2100 golpes / minuto | P59: #NAME? | Q59: #NAME?
O60: Equipo de pintura (Compresor). Presión máxima de trabajo 7 HP | P60: #NAME? | Q60: #NAME?
O61: Equipo de rayos X y/o ultrasonido industrial | P61: #NAME? | Q61: #NAME?
O62: Equipo de sandblasting y pintura, compresora 250cfm a 100 psi, pulmón de 70 gal (250 L) para 160 psi | P62: #NAME? | Q62: #NAME?
O63: Equipo de soldadura 250 AMP | P63: #NAME? | Q63: #NAME?
O64: Equipo de soldadura 400 AMP | P64: #NAME? | Q64: #NAME?
O65: Equipo de soldadura 600 AMP | P65: #NAME? | Q65: #NAME?
O66: Equipo de topografía teodolito electrónico con abertura de anteojo de 42- 45 mm. aumento del anteojo: 30x.distancia mínima de enfoque: 1 - 1.5 m. precisión: 5´´ | P66: #NAME? | Q66: #NAME?
O67: Esparcidor de gravilla, ancho de esparcimiento 3 - 7.5 m | P67: #NAME? | Q67: #NAME?
O68: Estación Total con precisión angular de 6". Precisión lineal 2 mm ± 2 ppm | P68: #NAME? | Q68: #NAME?
O69: Formaleta metálica para baranda de concreto (m) | P69: #NAME? | Q69: #NAME?
O70: Formaleta metálica para concreto (m2) | P70: #NAME? | Q70: #NAME?
O71: Formaleta metálica para defensa de concreto (m) | P71: #NAME? | Q71: #NAME?
O72: Formaleta metálica para fabricación de paneles de concreto (m2) | P72: #NAME? | Q72: #NAME?
O73: Formaleta metálica para pavimento en concreto hidráulico (m) | P73: #NAME?
O74: Formaleta metálica para pilotes de concreto prefabricado in situ (m) | P74: #NAME?
O75: Formaleta para camisa de pilote | P75: #NAME?
O76: Formaleta, platina y accesorios (glo) | P76: #NAME?
O77: Formaleta, platina y accesorios (m) | P77: #NAME?
O78: Fresadora de pavimento, ancho de trabajo 1.3 m a 1.5 m, potencia aproximada 430 HP, profundidad de corte 30 cm | P78: #NAME?
O79: Fresadora de pavimento, ancho de trabajo 2 m, con tambor especial de puntas de acero de alta dureza, profundidad de corte menor a 2.5 cm para microfresado (W2000 o similares) | P79: #NAME?
O80: Fresadora de pavimento, ancho de trabajo 2 m, potencia aproximada 580 HP, profundidad de corte 30 cm | P80: #NAME?
O81: Gato para tensionamiento, fuerza Max 300 toneladas | P81: #NAME?
O82: Grúa capacidad 10 toneladas | P82: #NAME?
O83: Grúa capacidad 15 toneladas | P83: #NAME?
O84: Grúa telescópica capacidad 50 toneladas | P84: #NAME?
... O156: Estación Total con precisión angular | P156: #NAME?
P157: #NAME?
P158: #NAME?
P159: #NAME?
P160: #NAME?
P161: #NAME?
P162: #NAME?
P163: #NAME?
P164: #NAME?
P165: #NAME?
P166: #NAME?
P167: #NAME?
P168: #NAME?
... P485: #NAME?

Sheet APU CAP 2 ITEM- 2.4
B2: ANÁLISIS DE PRECIO UNITARIO
B3: =CONCATENATE("PROYECTO: ",'PRESUPUESTO '!E5) -> PROYECTO: RECUPERACION Y CONSERVACIÓN DE ÁREAS DE IMPORTANCIA ESTRATEGICA DE LA ZONA DE INFLUENCIA DEL COMPLEJO CENAGOSO DE CASCALOA DE MAGANGUÉ, BOLÍVAR
B5: =_xlfn.CONCAT("CAPITULO ",K5) -> CAPITULO 2 | D5: =VLOOKUP(K5,'PRESUPUESTO '!B12:K26,2) -> EXPLANACIONES | H5: UNIDAD: | J5: CAPITULO | K5: ='PRESUPUESTO '!B17 -> 2
B6: =_xlfn.CONCAT("ÍTEM ",K6) -> #REF! | D6: =VLOOKUP(K6,'PRESUPUESTO '!B12:K26,5) -> #REF! | H6: =VLOOKUP(K6,'PRESUPUESTO '!B12:K26,6) -> #REF! | J6: ITEM | K6: ='PRESUPUESTO '!#REF! -> #REF! | O6: EQUIPOS
B9: I. EQUIPO | I9: EQUIPO: | J9: Astilladora de madera para triturar, potencia aproximada 75 HP | O9: {=_xlfn._xlws.FILTER('EQUIPOS 2026'!C6:C153,ISNUMBER(FIND(J9,'EQUIPOS 2026'!C6:C153)),"NO ENCONTRADO")} -> Astilladora de madera para triturar, potencia aproximada 75 HP
B10: CODIGO | C10: DESCRIPCIÓN | E10: TIPO | F10: TARIFA/HORAD | G10: RENDIMIENTO | H10: VALOR UNITARIO | I10: ID | J10: {=_xlfn._xlws.FILTER('EQUIPOS 2026'!A6:A153,'EQUIPOS 2026'!C6:C153='APU CAP 2 ITEM- 2.4'!J9,"")} -> 3
B11: =IF(A11=0,"",VLOOKUP(A11,'EQUIPOS 2026'!$A$6:$E$153,2)) | C11: =IF(A11=0,"",VLOOKUP(A11,'EQUIPOS 2026'!$A$6:$E$153,3)) | F11: =IF(A11=0,,VLOOKUP(A11,'EQUIPOS 2026'!$A$6:$E$153,5)) -> 0 | H11: =+ROUND(F11*G11,3) -> 0
B12: =IF(A12=0,"",VLOOKUP(A12,'EQUIPOS 2026'!$A$6:$E$153,2)) | C12: =IF(A12=0,"",VLOOKUP(A12,'EQUIPOS 2026'!$A$6:$E$153,3)) | F12: =IF(A12=0,,VLOOKUP(A12,'EQUIPOS 2026'!$A$6:$E$153,5)) -> 0 | H12: =+ROUND(F12*G12,3) -> 0
B13: =IF(A13=0,"",VLOOKUP(A13,'EQUIPOS 2026'!$A$6:$E$153,2)) | C13: =IF(A13=0,"",VLOOKUP(A13,'EQUIPOS 2026'!$A$6:$E$153,3)) | F13: =IF(A13=0,,VLOOKUP(A13,'EQUIPOS 2026'!$A$6:$E$153,5)) -> 0 | H13: =+ROUND(F13*G13,3) -> 0
B14: =IF(A14=0,"",VLOOKUP(A14,'EQUIPOS 2026'!$A$6:$E$153,2)) | C14: =IF(A14=0,"",VLOOKUP(A14,'EQUIPOS 2026'!$A$6:$E$153,3)) | F14: =IF(A14=0,,VLOOKUP(A14,'EQUIPOS 2026'!$A$6:$E$153,5)) -> 0 | H14: =+ROUND(F14*G14,3) -> 0
B15: =IF(A15=0,"",VLOOKUP(A15,'EQUIPOS 2026'!$A$6:$E$153,2)) | C15: =IF(A15=0,"",VLOOKUP(A15,'EQUIPOS 2026'!$A$6:$E$153,3)) | F15: =IF(A15=0,,VLOOKUP(A15,'EQUIPOS 2026'!$A$6:$E$153,5)) -> 0 | H15: =+ROUND(F15*G15,3) -> 0
B16: =IF(A16=0,"",VLOOKUP(A16,'EQUIPOS 2026'!$A$6:$E$153,2)) | C16: =IF(A16=0,"",VLOOKUP(A16,'EQUIPOS 2026'!$A$6:$E$153,3)) | F16: =IF(A16=0,,VLOOKUP(A16,'EQUIPOS 2026'!$A$6:$E$153,5)) -> 0 | H16: =+ROUND(F16*G16,3) -> 0
B17: =IF(A17=0,"",VLOOKUP(A17,'EQUIPOS 2026'!$A$6:$E$153,2)) | C17: =IF(A17=0,"",VLOOKUP(A17,'EQUIPOS 2026'!$A$6:$E$153,3)) | F17: =IF(A17=0,,VLOOKUP(A17,'EQUIPOS 2026'!$A$6:$E$153,5)) -> 0 | H17: =+ROUND(F17*G17,3) -> 0
B18: =IF(A18=0,"",VLOOKUP(A18,'EQUIPOS 2026'!$A$6:$E$153,2)) | C18: =IF(A18=0,"",VLOOKUP(A18,'EQUIPOS 2026'!$A$6:$E$153,3)) | F18: =IF(A18=0,,VLOOKUP(A18,'EQUIPOS 2026'!$A$6:$E$153,5)) -> 0 | H18: =+ROUND(F18*G18,3) -> 0
B19: Subtotal Equipo | H19: =SUM(H11:H18) -> 0
B21: II. MATERIALES EN OBRA | P21: MATERIALES
B22: CODIGO | C22: DESCRIPCIÓN | E22: UNIDAD | F22: VALOR UNITARIO | G22: CANTIDAD | H22: VALOR UNITARIO
B23: =IF(A23=0,"",VLOOKUP(A23,MATERIALES!A6:$E$475,2)) | C23: =IF(A23=0,"",VLOOKUP(A23,MATERIALES!A6:$E$475,3)) | E23: =IF(A23=0,"",VLOOKUP(A23,MATERIALES!A6:$E$475,4)) | F23: =IF(A23=0,,VLOOKUP(A23,MATERIALES!A6:$E$475,5)) -> 0 | H23: =+ROUND(G23*F23,3) -> 0
B24: =IF(A24=0,"",VLOOKUP(A24,MATERIALES!A7:$E$475,2)) | C24: =IF(A24=0,"",VLOOKUP(A24,MATERIALES!A7:$E$475,3)) | E24: =IF(A24=0,"",VLOOKUP(A24,MATERIALES!A7:$E$475,4)) | F24: =IF(A24=0,,VLOOKUP(A24,MATERIALES!A7:$E$475,5)) -> 0 | H24: =+ROUND(G24*F24,3) -> 0 | P24: {=_xlfn._xlws.FILTER(MATERIALES!C6:C467,ISNUMBER(FIND(J25,MATERIALES!C6:C467)),"NO ENCONTRADO")} -> #NAME?
B25: =IF(A25=0,"",VLOOKUP(A25,MATERIALES!A8:$E$475,2)) | C25: =IF(A25=0,"",VLOOKUP(A25,MATERIALES!A8:$E$475,3)) | E25: =IF(A25=0,"",VLOOKUP(A25,MATERIALES!A8:$E$475,4)) | F25: =IF(A25=0,,VLOOKUP(A25,MATERIALES!A8:$E$475,5)) -> 0 | H25: =+ROUND(G25*F25,3) -> 0 | I25: EQUIPO: | J25: Acero A-37
B26: =IF(A26=0,"",VLOOKUP(A26,MATERIALES!A9:$E$475,2)) | C26: =IF(A26=0,"",VLOOKUP(A26,MATERIALES!A9:$E$475,3)) | E26: =IF(A26=0,"",VLOOKUP(A26,MATERIALES!A9:$E$475,4)) | F26: =IF(A26=0,,VLOOKUP(A26,MATERIALES!A9:$E$475,5)) -> 0 | H26: =+ROUND(G26*F26,3) -> 0 | I26: ID | J26: {=_xlfn._xlws.FILTER(MATERIALES!A6:A467,MATERIALES!C6:C467='APU CAP 2 ITEM- 2.4'!J25,"")} -> #NAME?
B27: =IF(A27=0,"",VLOOKUP(A27,MATERIALES!A10:$E$475,2)) | C27: =IF(A27=0,"",VLOOKUP(A27,MATERIALES!A10:$E$475,3)) | E27: =IF(A27=0,"",VLOOKUP(A27,MATERIALES!A10:$E$475,4)) | F27: =IF(A27=0,,VLOOKUP(A27,MATERIALES!A10:$E$475,5)) -> 0 | H27: =+ROUND(G27*F27,3) -> 0
B28: =IF(A28=0,"",VLOOKUP(A28,MATERIALES!A11:$E$475,2)) | C28: =IF(A28=0,"",VLOOKUP(A28,MATERIALES!A11:$E$475,3)) | E28: =IF(A28=0,"",VLOOKUP(A28,MATERIALES!A11:$E$475,4)) | F28: =IF(A28=0,,VLOOKUP(A28,MATERIALES!A11:$E$475,5)) -> 0 | H28: =+ROUND(G28*F28,3) -> 0 | I28: ID | J28: {=_xlfn._xlws.FILTER(MATERIALES!A8:A469,MATERIALES!C8:C469='APU CAP 2 ITEM- 2.4'!J27,"")} -> #NAME?
B29: =IF(A29=0,"",VLOOKUP(A29,MATERIALES!A12:$E$475,2)) | C29: =IF(A29=0,"",VLOOKUP(A29,MATERIALES!A12:$E$475,3)) | E29: =IF(A29=0,"",VLOOKUP(A29,MATERIALES!A12:$E$475,4)) | F29: =IF(A29=0,,VLOOKUP(A29,MATERIALES!A12:$E$475,5)) -> 0 | H29: =+ROUND(G29*F29,3) -> 0 | J29: #NAME?
B30: =IF(A30=0,"",VLOOKUP(A30,MATERIALES!A13:$E$475,2)) | C30: =IF(A30=0,"",VLOOKUP(A30,MATERIALES!A13:$E$475,3)) | E30: =IF(A30=0,"",VLOOKUP(A30,MATERIALES!A13:$E$475,4)) | F30: =IF(A30=0,,VLOOKUP(A30,MATERIALES!A13:$E$475,5)) -> 0 | H30: =+ROUND(G30*F30,3) -> 0
B31: =IF(A31=0,"",VLOOKUP(A31,MATERIALES!A14:$E$475,2)) | C31: =IF(A31=0,"",VLOOKUP(A31,MATERIALES!A14:$E$475,3)) | E31: =IF(A31=0,"",VLOOKUP(A31,MATERIALES!A14:$E$475,4)) | F31: =IF(A31=0,,VLOOKUP(A31,MATERIALES!A14:$E$475,5)) -> 0 | H31: =+ROUND(G31*F31,3) -> 0
B32: Subtotal Materiales en Obra | H32: =SUM(H23:H31) -> 0
Q33: MATERIALES
B34: III. TRANSPORTES
B35: CODIGO | C35: DESCRIPCIÓN | D35: UNIDAD | E35: CANT. (1) | F35: DISTANCIA (2) | G35: TARIFA | H35: VALOR UNITARIO
A36: 1 | B36: =IF(A36=0,"",VLOOKUP(A36,'TRANSPORTE 2026'!$A$6:E42,2)) -> T0100002 | C36: =IF(A36=0,"",VLOOKUP(A36,'TRANSPORTE 2026'!$A$6:E42,3)) -> Transporte de acero | D36: =IF(A36=0,"",VLOOKUP(A36,'TRANSPORTE 2026'!$A$6:$E$42,4)) -> kg-km | G36: =IF(A36=0,,VLOOKUP(A36,'TRANSPORTE 2026'!$A$6:$E$42,5)) -> 9 | H36: =+ROUND(E36*F36*G36,3) -> 0 | Q36: {=_xlfn._xlws.FILTER('TRANSPORTE 2026'!C6:C42,ISNUMBER(FIND(J39,'TRANSPORTE 2026'!C6:C42)),"NO ENCONTRADO")} -> #NAME?
B37: =IF(A37=0,"",VLOOKUP(A37,'TRANSPORTE 2026'!$A$6:E43,2)) | C37: =IF(A37=0,"",VLOOKUP(A37,'TRANSPORTE 2026'!$A$6:E43,3)) | D37: =IF(A37=0,"",VLOOKUP(A37,'TRANSPORTE 2026'!$A$6:$E$42,4)) | G37: =IF(A37=0,,VLOOKUP(A37,'TRANSPORTE 2026'!$A$6:$E$42,5)) -> 0 | H37: =+ROUND(E37*F37*G37,3) -> 0 | Q37: #NAME?
B38: =IF(A38=0,"",VLOOKUP(A38,'TRANSPORTE 2026'!$A$6:E44,2)) | C38: =IF(A38=0,"",VLOOKUP(A38,'TRANSPORTE 2026'!$A$6:E44,3)) | D38: =IF(A38=0,"",VLOOKUP(A38,'TRANSPORTE 2026'!$A$6:$E$42,4)) | G38: =IF(A38=0,,VLOOKUP(A38,'TRANSPORTE 2026'!$A$6:$E$42,5)) -> 0 | H38: =+ROUND(E38*F38*G38,3) -> 0
B39: =IF(A39=0,"",VLOOKUP(A39,'TRANSPORTE 2026'!$A$6:E45,2)) | C39: =IF(A39=0,"",VLOOKUP(A39,'TRANSPORTE 2026'!$A$6:E45,3)) | D39: =IF(A39=0,"",VLOOKUP(A39,'TRANSPORTE 2026'!$A$6:$E$42,4)) | G39: =IF(A39=0,,VLOOKUP(A39,'TRANSPORTE 2026'!$A$6:$E$42,5)) -> 0 | H39: =+ROUND(E39*F39*G39,3) -> 0 | I39: EQUIPO: | J39: Transporte de acero
B40: =IF(A40=0,"",VLOOKUP(A40,'TRANSPORTE 2026'!$A$6:E45,2)) | C40: =IF(A40=0,"",VLOOKUP(A40,'TRANSPORTE 2026'!$A$6:E45,3)) | D40: =IF(A40=0,"",VLOOKUP(A40,'TRANSPORTE 2026'!$A$6:$E$42,4)) | G40: =IF(A40=0,,VLOOKUP(A40,'TRANSPORTE 2026'!$A$6:$E$42,5)) -> 0 | H40: =+ROUND(E40*F40*G40,3) -> 0 | I40: ID | J40: {=_xlfn._xlws.FILTER('TRANSPORTE 2026'!A6:A42,'TRANSPORTE 2026'!C6:C42='APU CAP 2 ITEM- 2.4'!J39,"")} -> #NAME? | K40: {=_xlfn._xlws.FILTER('TRANSPORTE 2026'!D6:D42,'TRANSPORTE 2026'!C6:C42='APU CAP 2 ITEM- 2.4'!J39,"")} -> #NAME?
B41: Subtotal transportes | H41: =SUM(H36:H40) -> 0 | J41: #NAME? | K41: #NAME?
B43: IV. MANO DE OBRA
B44: CODIGO | C44: DESCRIPCIÓN | D44: JORNAL | E44: % PRE. | F44: JORNAL TOTAL | G44: RENDIMIENTO | H44: VALOR UNITARIO
A45: 2 | C45: =IF(A45=0,"",VLOOKUP(A45,'MANO DE OBRA'!A53:G60,2)) -> Cuadrilla AA 1 Of y 2 Ay | D45: =IF(A45=0,"",VLOOKUP(A45,'MANO DE OBRA'!A53:G60,3)) -> 221782 | E45: =IF(A45=0,,0.85) -> 0.85 | F45: =IF(A45=0,"",VLOOKUP(A45,'MANO DE OBRA'!A53:G60,6)) -> 410296.7 | H45: =IF(AND(E45>0,F45>0,G45>0),ROUND(F45/G45,3),0) -> 0
E46: =IF(A46=0,,0.85) -> 0 | H46: =IF(AND(E46>0,F46>0,G46>0),ROUND(F46/G46,3),0) -> 0
E47: =IF(A47=0,,0.85) -> 0 | H47: =IF(AND(E47>0,F47>0,G47>0),ROUND(F47/G47,3),0) -> 0 | I47: EQUIPO: | J47: Cuadrilla AA 1 Ay
E48: =IF(A48=0,,0.85) -> 0 | H48: =IF(AND(E48>0,F48>0,G48>0),ROUND(F48/G48,3),0) -> 0 | I48: ID | J48: {=_xlfn._xlws.FILTER('MANO DE OBRA'!A53:A60,'MANO DE OBRA'!B53:B60='APU CAP 2 ITEM- 2.4'!J47,"")} -> 3
B49: Subtotal mano de obra | H49: =ROUND(SUM(H45:H48),0) -> 0
B51: V. COSTOS DIRECTOS | H51: =+ROUND(H49+H32+H41+H19,0) -> 0

Sheet APU CAP 2 ITEM- 2.5
B2: ANÁLISIS DE PRECIO UNITARIO
B3: =CONCATENATE("PROYECTO: ",'PRESUPUESTO '!E5) -> PROYECTO: RECUPERACION Y CONSERVACIÓN DE ÁREAS DE IMPORTANCIA ESTRATEGICA DE LA ZONA DE INFLUENCIA DEL COMPLEJO CENAGOSO DE CASCALOA DE MAGANGUÉ, BOLÍVAR
B5: =_xlfn.CONCAT("CAPITULO ",K5) -> CAPITULO 2 | D5: =VLOOKUP(K5,'PRESUPUESTO '!B12:K26,2) -> EXPLANACIONES | H5: UNIDAD: | J5: CAPITULO | K5: ='PRESUPUESTO '!B17 -> 2
B6: =_xlfn.CONCAT("ÍTEM ",K6) -> #REF! | D6: =VLOOKUP(K6,'PRESUPUESTO '!B12:K26,5) -> #REF! | H6: =VLOOKUP(K6,'PRESUPUESTO '!B12:K26,6) -> #REF! | J6: ITEM | K6: ='PRESUPUESTO '!#REF! -> #REF! | O6: EQUIPOS
B9: I. EQUIPO | I9: EQUIPO: | J9: Astilladora de madera para triturar, potencia aproximada 75 HP | O9: {=_xlfn._xlws.FILTER('EQUIPOS 2026'!C6:C153,ISNUMBER(FIND(J9,'EQUIPOS 2026'!C6:C153)),"NO ENCONTRADO")} -> Astilladora de madera para triturar, potencia aproximada 75 HP
B10: CODIGO | C10: DESCRIPCIÓN | E10: TIPO | F10: TARIFA/HORAD | G10: RENDIMIENTO | H10: VALOR UNITARIO | I10: ID | J10: {=_xlfn._xlws.FILTER('EQUIPOS 2026'!A6:A153,'EQUIPOS 2026'!C6:C153='APU CAP 2 ITEM- 2.5'!J9,"")} -> 3
B11: =IF(A11=0,"",VLOOKUP(A11,'EQUIPOS 2026'!$A$6:$E$153,2)) | C11: =IF(A11=0,"",VLOOKUP(A11,'EQUIPOS 2026'!$A$6:$E$153,3)) | F11: =IF(A11=0,,VLOOKUP(A11,'EQUIPOS 2026'!$A$6:$E$153,5)) -> 0 | H11: =+ROUND(F11*G11,3) -> 0
B12: =IF(A12=0,"",VLOOKUP(A12,'EQUIPOS 2026'!$A$6:$E$153,2)) | C12: =IF(A12=0,"",VLOOKUP(A12,'EQUIPOS 2026'!$A$6:$E$153,3)) | F12: =IF(A12=0,,VLOOKUP(A12,'EQUIPOS 2026'!$A$6:$E$153,5)) -> 0 | H12: =+ROUND(F12*G12,3) -> 0
B13: =IF(A13=0,"",VLOOKUP(A13,'EQUIPOS 2026'!$A$6:$E$153,2)) | C13: =IF(A13=0,"",VLOOKUP(A13,'EQUIPOS 2026'!$A$6:$E$153,3)) | F13: =IF(A13=0,,VLOOKUP(A13,'EQUIPOS 2026'!$A$6:$E$153,5)) -> 0 | H13: =+ROUND(F13*G13,3) -> 0
B14: =IF(A14=0,"",VLOOKUP(A14,'EQUIPOS 2026'!$A$6:$E$153,2)) | C14: =IF(A14=0,"",VLOOKUP(A14,'EQUIPOS 2026'!$A$6:$E$153,3)) | F14: =IF(A14=0,,VLOOKUP(A14,'EQUIPOS 2026'!$A$6:$E$153,5)) -> 0 | H14: =+ROUND(F14*G14,3) -> 0
B15: =IF(A15=0,"",VLOOKUP(A15,'EQUIPOS 2026'!$A$6:$E$153,2)) | C15: =IF(A15=0,"",VLOOKUP(A15,'EQUIPOS 2026'!$A$6:$E$153,3)) | F15: =IF(A15=0,,VLOOKUP(A15,'EQUIPOS 2026'!$A$6:$E$153,5)) -> 0 | H15: =+ROUND(F15*G15,3) -> 0
B16: =IF(A16=0,"",VLOOKUP(A16,'EQUIPOS 2026'!$A$6:$E$153,2)) | C16: =IF(A16=0,"",VLOOKUP(A16,'EQUIPOS 2026'!$A$6:$E$153,3)) | F16: =IF(A16=0,,VLOOKUP(A16,'EQUIPOS 2026'!$A$6:$E$153,5)) -> 0 | H16: =+ROUND(F16*G16,3) -> 0
B17: =IF(A17=0,"",VLOOKUP(A17,'EQUIPOS 2026'!$A$6:$E$153,2)) | C17: =IF(A17=0,"",VLOOKUP(A17,'EQUIPOS 2026'!$A$6:$E$153,3)) | F17: =IF(A17=0,,VLOOKUP(A17,'EQUIPOS 2026'!$A$6:$E$153,5)) -> 0 | H17: =+ROUND(F17*G17,3) -> 0
B18: =IF(A18=0,"",VLOOKUP(A18,'EQUIPOS 2026'!$A$6:$E$153,2)) | C18: =IF(A18=0,"",VLOOKUP(A18,'EQUIPOS 2026'!$A$6:$E$153,3)) | F18: =IF(A18=0,,VLOOKUP(A18,'EQUIPOS 2026'!$A$6:$E$153,5)) -> 0 | H18: =+ROUND(F18*G18,3) -> 0
B19: Subtotal Equipo | H19: =SUM(H11:H18) -> 0
B21: II. MATERIALES EN OBRA | P21: MATERIALES
B22: CODIGO | C22: DESCRIPCIÓN | E22: UNIDAD | F22: VALOR UNITARIO | G22: CANTIDAD | H22: VALOR UNITARIO
B23: =IF(A23=0,"",VLOOKUP(A23,MATERIALES!A6:$E$475,2)) | C23: =IF(A23=0,"",VLOOKUP(A23,MATERIALES!A6:$E$475,3)) | E23: =IF(A23=0,"",VLOOKUP(A23,MATERIALES!A6:$E$475,4)) | F23: =IF(A23=0,,VLOOKUP(A23,MATERIALES!A6:$E$475,5)) -> 0 | H23: =+ROUND(G23*F23,3) -> 0
B24: =IF(A24=0,"",VLOOKUP(A24,MATERIALES!A7:$E$475,2)) | C24: =IF(A24=0,"",VLOOKUP(A24,MATERIALES!A7:$E$475,3)) | E24: =IF(A24=0,"",VLOOKUP(A24,MATERIALES!A7:$E$475,4)) | F24: =IF(A24=0,,VLOOKUP(A24,MATERIALES!A7:$E$475,5)) -> 0 | H24: =+ROUND(G24*F24,3) -> 0 | P24: {=_xlfn._xlws.FILTER(MATERIALES!C6:C467,ISNUMBER(FIND(J25,MATERIALES!C6:C467)),"NO ENCONTRADO")} -> #NAME?
B25: =IF(A25=0,"",VLOOKUP(A25,MATERIALES!A8:$E$475,2)) | C25: =IF(A25=0,"",VLOOKUP(A25,MATERIALES!A8:$E$475,3)) | E25: =IF(A25=0,"",VLOOKUP(A25,MATERIALES!A8:$E$475,4)) | F25: =IF(A25=0,,VLOOKUP(A25,MATERIALES!A8:$E$475,5)) -> 0 | H25: =+ROUND(G25*F25,3) -> 0 | I25: EQUIPO: | J25: Acero A-37
B26: =IF(A26=0,"",VLOOKUP(A26,MATERIALES!A9:$E$475,2)) | C26: =IF(A26=0,"",VLOOKUP(A26,MATERIALES!A9:$E$475,3)) | E26: =IF(A26=0,"",VLOOKUP(A26,MATERIALES!A9:$E$475,4)) | F26: =IF(A26=0,,VLOOKUP(A26,MATERIALES!A9:$E$475,5)) -> 0 | H26: =+ROUND(G26*F26,3) -> 0 | I26: ID | J26: {=_xlfn._xlws.FILTER(MATERIALES!A6:A467,MATERIALES!C6:C467='APU CAP 2 ITEM- 2.5'!J25,"")} -> #NAME?
B27: =IF(A27=0,"",VLOOKUP(A27,MATERIALES!A10:$E$475,2)) | C27: =IF(A27=0,"",VLOOKUP(A27,MATERIALES!A10:$E$475,3)) | E27: =IF(A27=0,"",VLOOKUP(A27,MATERIALES!A10:$E$475,4)) | F27: =IF(A27=0,,VLOOKUP(A27,MATERIALES!A10:$E$475,5)) -> 0 | H27: =+ROUND(G27*F27,3) -> 0
B28: =IF(A28=0,"",VLOOKUP(A28,MATERIALES!A11:$E$475,2)) | C28: =IF(A28=0,"",VLOOKUP(A28,MATERIALES!A11:$E$475,3)) | E28: =IF(A28=0,"",VLOOKUP(A28,MATERIALES!A11:$E$475,4)) | F28: =IF(A28=0,,VLOOKUP(A28,MATERIALES!A11:$E$475,5)) -> 0 | H28: =+ROUND(G28*F28,3) -> 0 | I28: ID | J28: {=_xlfn._xlws.FILTER(MATERIALES!A8:A469,MATERIALES!C8:C469='APU CAP 2 ITEM- 2.5'!J27,"")} -> #NAME?
B29: =IF(A29=0,"",VLOOKUP(A29,MATERIALES!A12:$E$475,2)) | C29: =IF(A29=0,"",VLOOKUP(A29,MATERIALES!A12:$E$475,3)) | E29: =IF(A29=0,"",VLOOKUP(A29,MATERIALES!A12:$E$475,4)) | F29: =IF(A29=0,,VLOOKUP(A29,MATERIALES!A12:$E$475,5)) -> 0 | H29: =+ROUND(G29*F29,3) -> 0 | J29: #NAME?
B30: =IF(A30=0,"",VLOOKUP(A30,MATERIALES!A13:$E$475,2)) | C30: =IF(A30=0,"",VLOOKUP(A30,MATERIALES!A13:$E$475,3)) | E30: =IF(A30=0,"",VLOOKUP(A30,MATERIALES!A13:$E$475,4)) | F30: =IF(A30=0,,VLOOKUP(A30,MATERIALES!A13:$E$475,5)) -> 0 | H30: =+ROUND(G30*F30,3) -> 0
B31: =IF(A31=0,"",VLOOKUP(A31,MATERIALES!A14:$E$475,2)) | C31: =IF(A31=0,"",VLOOKUP(A31,MATERIALES!A14:$E$475,3)) | E31: =IF(A31=0,"",VLOOKUP(A31,MATERIALES!A14:$E$475,4)) | F31: =IF(A31=0,,VLOOKUP(A31,MATERIALES!A14:$E$475,5)) -> 0 | H31: =+ROUND(G31*F31,3) -> 0
B32: Subtotal Materiales en Obra | H32: =SUM(H23:H31) -> 0
Q33: MATERIALES
B34: III. TRANSPORTES
B35: CODIGO | C35: DESCRIPCIÓN | D35: UNIDAD | E35: CANT. (1) | F35: DISTANCIA (2) | G35: TARIFA | H35: VALOR UNITARIO
A36: 1 | B36: =IF(A36=0,"",VLOOKUP(A36,'TRANSPORTE 2026'!$A$6:E42,2)) -> T0100002 | C36: =IF(A36=0,"",VLOOKUP(A36,'TRANSPORTE 2026'!$A$6:E42,3)) -> Transporte de acero | D36: =IF(A36=0,"",VLOOKUP(A36,'TRANSPORTE 2026'!$A$6:$E$42,4)) -> kg-km | G36: =IF(A36=0,,VLOOKUP(A36,'TRANSPORTE 2026'!$A$6:$E$42,5)) -> 9 | H36: =+ROUND(E36*F36*G36,3) -> 0 | Q36: {=_xlfn._xlws.FILTER('TRANSPORTE 2026'!C6:C42,ISNUMBER(FIND(J39,'TRANSPORTE 2026'!C6:C42)),"NO ENCONTRADO")} -> #NAME?
B37: =IF(A37=0,"",VLOOKUP(A37,'TRANSPORTE 2026'!$A$6:E43,2)) | C37: =IF(A37=0,"",VLOOKUP(A37,'TRANSPORTE 2026'!$A$6:E43,3)) | D37: =IF(A37=0,"",VLOOKUP(A37,'TRANSPORTE 2026'!$A$6:$E$42,4)) | G37: =IF(A37=0,,VLOOKUP(A37,'TRANSPORTE 2026'!$A$6:$E$42,5)) -> 0 | H37: =+ROUND(E37*F37*G37,3) -> 0 | Q37: #NAME?
B38: =IF(A38=0,"",VLOOKUP(A38,'TRANSPORTE 2026'!$A$6:E44,2)) | C38: =IF(A38=0,"",VLOOKUP(A38,'TRANSPORTE 2026'!$A$6:E44,3)) | D38: =IF(A38=0,"",VLOOKUP(A38,'TRANSPORTE 2026'!$A$6:$E$42,4)) | G38: =IF(A38=0,,VLOOKUP(A38,'TRANSPORTE 2026'!$A$6:$E$42,5)) -> 0 | H38: =+ROUND(E38*F38*G38,3) -> 0
B39: =IF(A39=0,"",VLOOKUP(A39,'TRANSPORTE 2026'!$A$6:E45,2)) | C39: =IF(A39=0,"",VLOOKUP(A39,'TRANSPORTE 2026'!$A$6:E45,3)) | D39: =IF(A39=0,"",VLOOKUP(A39,'TRANSPORTE 2026'!$A$6:$E$42,4)) | G39: =IF(A39=0,,VLOOKUP(A39,'TRANSPORTE 2026'!$A$6:$E$42,5)) -> 0 | H39: =+ROUND(E39*F39*G39,3) -> 0 | I39: EQUIPO: | J39: Transporte de acero
B40: =IF(A40=0,"",VLOOKUP(A40,'TRANSPORTE 2026'!$A$6:E45,2)) | C40: =IF(A40=0,"",VLOOKUP(A40,'TRANSPORTE 2026'!$A$6:E45,3)) | D40: =IF(A40=0,"",VLOOKUP(A40,'TRANSPORTE 2026'!$A$6:$E$42,4)) | G40: =IF(A40=0,,VLOOKUP(A40,'TRANSPORTE 2026'!$A$6:$E$42,5)) -> 0 | H40: =+ROUND(E40*F40*G40,3) -> 0 | I40: ID | J40: {=_xlfn._xlws.FILTER('TRANSPORTE 2026'!A6:A42,'TRANSPORTE 2026'!C6:C42='APU CAP 2 ITEM- 2.5'!J39,"")} -> #NAME? | K40: {=_xlfn._xlws.FILTER('TRANSPORTE 2026'!D6:D42,'TRANSPORTE 2026'!C6:C42='APU CAP 2 ITEM- 2.5'!J39,"")} -> #NAME?
B41: Subtotal transportes | H41: =SUM(H36:H40) -> 0 | J41: #NAME? | K41: #NAME?
B43: IV. MANO DE OBRA
B44: CODIGO | C44: DESCRIPCIÓN | D44: JORNAL | E44: % PRE. | F44: JORNAL TOTAL | G44: RENDIMIENTO | H44: VALOR UNITARIO
A45: 2 | C45: =IF(A45=0,"",VLOOKUP(A45,'MANO DE OBRA'!A53:G60,2)) -> Cuadrilla AA 1 Of y 2 Ay | D45: =IF(A45=0,"",VLOOKUP(A45,'MANO DE OBRA'!A53:G60,3)) -> 221782 | E45: =IF(A45=0,,0.85) -> 0.85 | F45: =IF(A45=0,"",VLOOKUP(A45,'MANO DE OBRA'!A53:G60,6)) -> 410296.7 | H45: =IF(AND(E45>0,F45>0,G45>0),ROUND(F45/G45,3),0) -> 0
E46: =IF(A46=0,,0.85) -> 0 | H46: =IF(AND(E46>0,F46>0,G46>0),ROUND(F46/G46,3),0) -> 0
E47: =IF(A47=0,,0.85) -> 0 | H47: =IF(AND(E47>0,F47>0,G47>0),ROUND(F47/G47,3),0) -> 0 | I47: EQUIPO: | J47: Cuadrilla AA 1 Ay
E48: =IF(A48=0,,0.85) -> 0 | H48: =IF(AND(E48>0,F48>0,G48>0),ROUND(F48/G48,3),0) -> 0 | I48: ID | J48: {=_xlfn._xlws.FILTER('MANO DE OBRA'!A53:A60,'MANO DE OBRA'!B53:B60='APU CAP 2 ITEM- 2.5'!J47,"")} -> 3
B49: Subtotal mano de obra | H49: =ROUND(SUM(H45:H48),0) -> 0
B51: V. COSTOS DIRECTOS | H51: =+ROUND(H49+H32+H41+H19,0) -> 0

Sheet APU CAP 2 ITEM- 2.6
B2: ANÁLISIS DE PRECIO UNITARIO
B3: =CONCATENATE("PROYECTO: ",'PRESUPUESTO '!E5) -> PROYECTO: RECUPERACION Y CONSERVACIÓN DE ÁREAS DE IMPORTANCIA ESTRATEGICA DE LA ZONA DE INFLUENCIA DEL COMPLEJO CENAGOSO DE CASCALOA DE MAGANGUÉ, BOLÍVAR
B5: =_xlfn.CONCAT("CAPITULO ",K5) -> CAPITULO 2 | D5: =VLOOKUP(K5,'PRESUPUESTO '!B12:K26,2) -> EXPLANACIONES | H5: UNIDAD: | J5: CAPITULO | K5: ='PRESUPUESTO '!B17 -> 2
B6: =_xlfn.CONCAT("ÍTEM ",K6) -> #REF! | D6: =VLOOKUP(K6,'PRESUPUESTO '!B12:K26,5) -> #REF! | H6: =VLOOKUP(K6,'PRESUPUESTO '!B12:K26,6) -> #REF! | J6: ITEM | K6: ='PRESUPUESTO '!#REF! -> #REF! | O6: EQUIPOS
B9: I. EQUIPO | I9: EQUIPO: | J9: Astilladora de madera para triturar, potencia aproximada 75 HP | O9: {=_xlfn._xlws.FILTER('EQUIPOS 2026'!C6:C153,ISNUMBER(FIND(J9,'EQUIPOS 2026'!C6:C153)),"NO ENCONTRADO")} -> Astilladora de madera para triturar, potencia aproximada 75 HP
B10: CODIGO | C10: DESCRIPCIÓN | E10: TIPO | F10: TARIFA/HORAD | G10: RENDIMIENTO | H10: VALOR UNITARIO | I10: ID | J10: {=_xlfn._xlws.FILTER('EQUIPOS 2026'!A6:A153,'EQUIPOS 2026'!C6:C153='APU CAP 2 ITEM- 2.6'!J9,"")} -> 3
B11: =IF(A11=0,"",VLOOKUP(A11,'EQUIPOS 2026'!$A$6:$E$153,2)) | C11: =IF(A11=0,"",VLOOKUP(A11,'EQUIPOS 2026'!$A$6:$E$153,3)) | F11: =IF(A11=0,,VLOOKUP(A11,'EQUIPOS 2026'!$A$6:$E$153,5)) -> 0 | H11: =+ROUND(F11*G11,3) -> 0
B12: =IF(A12=0,"",VLOOKUP(A12,'EQUIPOS 2026'!$A$6:$E$153,2)) | C12: =IF(A12=0,"",VLOOKUP(A12,'EQUIPOS 2026'!$A$6:$E$153,3)) | F12: =IF(A12=0,,VLOOKUP(A12,'EQUIPOS 2026'!$A$6:$E$153,5)) -> 0 | H12: =+ROUND(F12*G12,3) -> 0
B13: =IF(A13=0,"",VLOOKUP(A13,'EQUIPOS 2026'!$A$6:$E$153,2)) | C13: =IF(A13=0,"",VLOOKUP(A13,'EQUIPOS 2026'!$A$6:$E$153,3)) | F13: =IF(A13=0,,VLOOKUP(A13,'EQUIPOS 2026'!$A$6:$E$153,5)) -> 0 | H13: =+ROUND(F13*G13,3) -> 0
B14: =IF(A14=0,"",VLOOKUP(A14,'EQUIPOS 2026'!$A$6:$E$153,2)) | C14: =IF(A14=0,"",VLOOKUP(A14,'EQUIPOS 2026'!$A$6:$E$153,3)) | F14: =IF(A14=0,,VLOOKUP(A14,'EQUIPOS 2026'!$A$6:$E$153,5)) -> 0 | H14: =+ROUND(F14*G14,3) -> 0
B15: =IF(A15=0,"",VLOOKUP(A15,'EQUIPOS 2026'!$A$6:$E$153,2)) | C15: =IF(A15=0,"",VLOOKUP(A15,'EQUIPOS 2026'!$A$6:$E$153,3)) | F15: =IF(A15=0,,VLOOKUP(A15,'EQUIPOS 2026'!$A$6:$E$153,5)) -> 0 | H15: =+ROUND(F15*G15,3) -> 0
B16: =IF(A16=0,"",VLOOKUP(A16,'EQUIPOS 2026'!$A$6:$E$153,2)) | C16: =IF(A16=0,"",VLOOKUP(A16,'EQUIPOS 2026'!$A$6:$E$153,3)) | F16: =IF(A16=0,,VLOOKUP(A16,'EQUIPOS 2026'!$A$6:$E$153,5)) -> 0 | H16: =+ROUND(F16*G16,3) -> 0
B17: =IF(A17=0,"",VLOOKUP(A17,'EQUIPOS 2026'!$A$6:$E$153,2)) | C17: =IF(A17=0,"",VLOOKUP(A17,'EQUIPOS 2026'!$A$6:$E$153,3)) | F17: =IF(A17=0,,VLOOKUP(A17,'EQUIPOS 2026'!$A$6:$E$153,5)) -> 0 | H17: =+ROUND(F17*G17,3) -> 0
B18: =IF(A18=0,"",VLOOKUP(A18,'EQUIPOS 2026'!$A$6:$E$153,2)) | C18: =IF(A18=0,"",VLOOKUP(A18,'EQUIPOS 2026'!$A$6:$E$153,3)) | F18: =IF(A18=0,,VLOOKUP(A18,'EQUIPOS 2026'!$A$6:$E$153,5)) -> 0 | H18: =+ROUND(F18*G18,3) -> 0
B19: Subtotal Equipo | H19: =SUM(H11:H18) -> 0
B21: II. MATERIALES EN OBRA | P21: MATERIALES
B22: CODIGO | C22: DESCRIPCIÓN | E22: UNIDAD | F22: VALOR UNITARIO | G22: CANTIDAD | H22: VALOR UNITARIO
B23: =IF(A23=0,"",VLOOKUP(A23,MATERIALES!A6:$E$475,2)) | C23: =IF(A23=0,"",VLOOKUP(A23,MATERIALES!A6:$E$475,3)) | E23: =IF(A23=0,"",VLOOKUP(A23,MATERIALES!A6:$E$475,4)) | F23: =IF(A23=0,,VLOOKUP(A23,MATERIALES!A6:$E$475,5)) -> 0 | H23: =+ROUND(G23*F23,3) -> 0
B24: =IF(A24=0,"",VLOOKUP(A24,MATERIALES!A7:$E$475,2)) | C24: =IF(A24=0,"",VLOOKUP(A24,MATERIALES!A7:$E$475,3)) | E24: =IF(A24=0,"",VLOOKUP(A24,MATERIALES!A7:$E$475,4)) | F24: =IF(A24=0,,VLOOKUP(A24,MATERIALES!A7:$E$475,5)) -> 0 | H24: =+ROUND(G24*F24,3) -> 0 | P24: {=_xlfn._xlws.FILTER(MATERIALES!C6:C467,ISNUMBER(FIND(J25,MATERIALES!C6:C467)),"NO ENCONTRADO")} -> #NAME?
B25: =IF(A25=0,"",VLOOKUP(A25,MATERIALES!A8:$E$475,2)) | C25: =IF(A25=0,"",VLOOKUP(A25,MATERIALES!A8:$E$475,3)) | E25: =IF(A25=0,"",VLOOKUP(A25,MATERIALES!A8:$E$475,4)) | F25: =IF(A25=0,,VLOOKUP(A25,MATERIALES!A8:$E$475,5)) -> 0 | H25: =+ROUND(G25*F25,3) -> 0 | I25: EQUIPO: | J25: Acero A-37
B26: =IF(A26=0,"",VLOOKUP(A26,MATERIALES!A9:$E$475,2)) | C26: =IF(A26=0,"",VLOOKUP(A26,MATERIALES!A9:$E$475,3)) | E26: =IF(A26=0,"",VLOOKUP(A26,MATERIALES!A9:$E$475,4)) | F26: =IF(A26=0,,VLOOKUP(A26,MATERIALES!A9:$E$475,5)) -> 0 | H26: =+ROUND(G26*F26,3) -> 0 | I26: ID | J26: {=_xlfn._xlws.FILTER(MATERIALES!A6:A467,MATERIALES!C6:C467='APU CAP 2 ITEM- 2.6'!J25,"")} -> #NAME?
B27: =IF(A27=0,"",VLOOKUP(A27,MATERIALES!A10:$E$475,2)) | C27: =IF(A27=0,"",VLOOKUP(A27,MATERIALES!A10:$E$475,3)) | E27: =IF(A27=0,"",VLOOKUP(A27,MATERIALES!A10:$E$475,4)) | F27: =IF(A27=0,,VLOOKUP(A27,MATERIALES!A10:$E$475,5)) -> 0 | H27: =+ROUND(G27*F27,3) -> 0
B28: =IF(A28=0,"",VLOOKUP(A28,MATERIALES!A11:$E$475,2)) | C28: =IF(A28=0,"",VLOOKUP(A28,MATERIALES!A11:$E$475,3)) | E28: =IF(A28=0,"",VLOOKUP(A28,MATERIALES!A11:$E$475,4)) | F28: =IF(A28=0,,VLOOKUP(A28,MATERIALES!A11:$E$475,5)) -> 0 | H28: =+ROUND(G28*F28,3) -> 0 | I28: ID | J28: {=_xlfn._xlws.FILTER(MATERIALES!A8:A469,MATERIALES!C8:C469='APU CAP 2 ITEM- 2.6'!J27,"")} -> #NAME?
B29: =IF(A29=0,"",VLOOKUP(A29,MATERIALES!A12:$E$475,2)) | C29: =IF(A29=0,"",VLOOKUP(A29,MATERIALES!A12:$E$475,3)) | E29: =IF(A29=0,"",VLOOKUP(A29,MATERIALES!A12:$E$475,4)) | F29: =IF(A29=0,,VLOOKUP(A29,MATERIALES!A12:$E$475,5)) -> 0 | H29: =+ROUND(G29*F29,3) -> 0 | J29: #NAME?
B30: =IF(A30=0,"",VLOOKUP(A30,MATERIALES!A13:$E$475,2)) | C30: =IF(A30=0,"",VLOOKUP(A30,MATERIALES!A13:$E$475,3)) | E30: =IF(A30=0,"",VLOOKUP(A30,MATERIALES!A13:$E$475,4)) | F30: =IF(A30=0,,VLOOKUP(A30,MATERIALES!A13:$E$475,5)) -> 0 | H30: =+ROUND(G30*F30,3) -> 0
B31: =IF(A31=0,"",VLOOKUP(A31,MATERIALES!A14:$E$475,2)) | C31: =IF(A31=0,"",VLOOKUP(A31,MATERIALES!A14:$E$475,3)) | E31: =IF(A31=0,"",VLOOKUP(A31,MATERIALES!A14:$E$475,4)) | F31: =IF(A31=0,,VLOOKUP(A31,MATERIALES!A14:$E$475,5)) -> 0 | H31: =+ROUND(G31*F31,3) -> 0
B32: Subtotal Materiales en Obra | H32: =SUM(H23:H31) -> 0
Q33: MATERIALES
B34: III. TRANSPORTES
B35: CODIGO | C35: DESCRIPCIÓN | D35: UNIDAD | E35: CANT. (1) | F35: DISTANCIA (2) | G35: TARIFA | H35: VALOR UNITARIO
A36: 1 | B36: =IF(A36=0,"",VLOOKUP(A36,'TRANSPORTE 2026'!$A$6:E42,2)) -> T0100002 | C36: =IF(A36=0,"",VLOOKUP(A36,'TRANSPORTE 2026'!$A$6:E42,3)) -> Transporte de acero | D36: =IF(A36=0,"",VLOOKUP(A36,'TRANSPORTE 2026'!$A$6:$E$42,4)) -> kg-km | G36: =IF(A36=0,,VLOOKUP(A36,'TRANSPORTE 2026'!$A$6:$E$42,5)) -> 9 | H36: =+ROUND(E36*F36*G36,3) -> 0 | Q36: {=_xlfn._xlws.FILTER('TRANSPORTE 2026'!C6:C42,ISNUMBER(FIND(J39,'TRANSPORTE 2026'!C6:C42)),"NO ENCONTRADO")} -> #NAME?
B37: =IF(A37=0,"",VLOOKUP(A37,'TRANSPORTE 2026'!$A$6:E43,2)) | C37: =IF(A37=0,"",VLOOKUP(A37,'TRANSPORTE 2026'!$A$6:E43,3)) | D37: =IF(A37=0,"",VLOOKUP(A37,'TRANSPORTE 2026'!$A$6:$E$42,4)) | G37: =IF(A37=0,,VLOOKUP(A37,'TRANSPORTE 2026'!$A$6:$E$42,5)) -> 0 | H37: =+ROUND(E37*F37*G37,3) -> 0 | Q37: #NAME?
B38: =IF(A38=0,"",VLOOKUP(A38,'TRANSPORTE 2026'!$A$6:E44,2)) | C38: =IF(A38=0,"",VLOOKUP(A38,'TRANSPORTE 2026'!$A$6:E44,3)) | D38: =IF(A38=0,"",VLOOKUP(A38,'TRANSPORTE 2026'!$A$6:$E$42,4)) | G38: =IF(A38=0,,VLOOKUP(A38,'TRANSPORTE 2026'!$A$6:$E$42,5)) -> 0 | H38: =+ROUND(E38*F38*G38,3) -> 0
B39: =IF(A39=0,"",VLOOKUP(A39,'TRANSPORTE 2026'!$A$6:E45,2)) | C39: =IF(A39=0,"",VLOOKUP(A39,'TRANSPORTE 2026'!$A$6:E45,3)) | D39: =IF(A39=0,"",VLOOKUP(A39,'TRANSPORTE 2026'!$A$6:$E$42,4)) | G39: =IF(A39=0,,VLOOKUP(A39,'TRANSPORTE 2026'!$A$6:$E$42,5)) -> 0 | H39: =+ROUND(E39*F39*G39,3) -> 0 | I39: EQUIPO: | J39: Transporte de acero
B40: =IF(A40=0,"",VLOOKUP(A40,'TRANSPORTE 2026'!$A$6:E45,2)) | C40: =IF(A40=0,"",VLOOKUP(A40,'TRANSPORTE 2026'!$A$6:E45,3)) | D40: =IF(A40=0,"",VLOOKUP(A40,'TRANSPORTE 2026'!$A$6:$E$42,4)) | G40: =IF(A40=0,,VLOOKUP(A40,'TRANSPORTE 2026'!$A$6:$E$42,5)) -> 0 | H40: =+ROUND(E40*F40*G40,3) -> 0 | I40: ID | J40: {=_xlfn._xlws.FILTER('TRANSPORTE 2026'!A6:A42,'TRANSPORTE 2026'!C6:C42='APU CAP 2 ITEM- 2.6'!J39,"")} -> #NAME? | K40: {=_xlfn._xlws.FILTER('TRANSPORTE 2026'!D6:D42,'TRANSPORTE 2026'!C6:C42='APU CAP 2 ITEM- 2.6'!J39,"")} -> #NAME?
B41: Subtotal transportes | H41: =SUM(H36:H40) -> 0 | J41: #NAME? | K41: #NAME?
B43: IV. MANO DE OBRA
B44: CODIGO | C44: DESCRIPCIÓN | D44: JORNAL | E44: % PRE. | F44: JORNAL TOTAL | G44: RENDIMIENTO | H44: VALOR UNITARIO
A45: 2 | C45: =IF(A45=0,"",VLOOKUP(A45,'MANO DE OBRA'!A53:G60,2)) -> Cuadrilla AA 1 Of y 2 Ay | D45: =IF(A45=0,"",VLOOKUP(A45,'MANO DE OBRA'!A53:G60,3)) -> 221782 | E45: =IF(A45=0,,0.85) -> 0.85 | F45: =IF(A45=0,"",VLOOKUP(A45,'MANO DE OBRA'!A53:G60,6)) -> 410296.7 | H45: =IF(AND(E45>0,F45>0,G45>0),ROUND(F45/G45,3),0) -> 0
E46: =IF(A46=0,,0.85) -> 0 | H46: =IF(AND(E46>0,F46>0,G46>0),ROUND(F46/G46,3),0) -> 0
E47: =IF(A47=0,,0.85) -> 0 | H47: =IF(AND(E47>0,F47>0,G47>0),ROUND(F47/G47,3),0) -> 0 | I47: EQUIPO: | J47: Cuadrilla AA 1 Ay
E48: =IF(A48=0,,0.85) -> 0 | H48: =IF(AND(E48>0,F48>0,G48>0),ROUND(F48/G48,3),0) -> 0 | I48: ID | J48: {=_xlfn._xlws.FILTER('MANO DE OBRA'!A53:A60,'MANO DE OBRA'!B53:B60='APU CAP 2 ITEM- 2.6'!J47,"")} -> 3
B49: Subtotal mano de obra | H49: =ROUND(SUM(H45:H48),0) -> 0
B51: V. COSTOS DIRECTOS | H51: =+ROUND(H49+H32+H41+H19,0) -> 0

Sheet APU CAP 3 ITEM- 3.2
B2: ANÁLISIS DE PRECIO UNITARIO
B3: =CONCATENATE("PROYECTO: ",'PRESUPUESTO '!E5) -> PROYECTO: RECUPERACION Y CONSERVACIÓN DE ÁREAS DE IMPORTANCIA ESTRATEGICA DE LA ZONA DE INFLUENCIA DEL COMPLEJO CENAGOSO DE CASCALOA DE MAGANGUÉ, BOLÍVAR
B5: =_xlfn.CONCAT("CAPITULO ",K5) -> CAPITULO 3 | D5: =VLOOKUP(K5,'PRESUPUESTO '!B12:K26,2) -> SUBBASE,BASE Y AFIRMADOS | H5: UNIDAD: | J5: CAPITULO | K5: ='PRESUPUESTO '!B23 -> 3
B6: =_xlfn.CONCAT("ÍTEM ",K6) -> #REF! | D6: =VLOOKUP(K6,'PRESUPUESTO '!B12:K26,5) -> #REF! | H6: =VLOOKUP(K6,'PRESUPUESTO '!B12:K26,6) -> #REF! | J6: ITEM | K6: ='PRESUPUESTO '!#REF! -> #REF! | O6: EQUIPOS
B9: I. EQUIPO | I9: EQUIPO: | J9: Astilladora de madera para triturar, potencia aproximada 75 HP | O9: {=_xlfn._xlws.FILTER('EQUIPOS 2026'!C6:C153,ISNUMBER(FIND(J9,'EQUIPOS 2026'!C6:C153)),"NO ENCONTRADO")} -> Astilladora de madera para triturar, potencia aproximada 75 HP
B10: CODIGO | C10: DESCRIPCIÓN | E10: TIPO | F10: TARIFA/HORAD | G10: RENDIMIENTO | H10: VALOR UNITARIO | I10: ID | J10: {=_xlfn._xlws.FILTER('EQUIPOS 2026'!A6:A153,'EQUIPOS 2026'!C6:C153='APU CAP 3 ITEM- 3.2'!J9,"")} -> 3
B11: =IF(A11=0,"",VLOOKUP(A11,'EQUIPOS 2026'!$A$6:$E$153,2)) | C11: =IF(A11=0,"",VLOOKUP(A11,'EQUIPOS 2026'!$A$6:$E$153,3)) | F11: =IF(A11=0,,VLOOKUP(A11,'EQUIPOS 2026'!$A$6:$E$153,5)) -> 0 | H11: =+ROUND(F11*G11,3) -> 0
B12: =IF(A12=0,"",VLOOKUP(A12,'EQUIPOS 2026'!$A$6:$E$153,2)) | C12: =IF(A12=0,"",VLOOKUP(A12,'EQUIPOS 2026'!$A$6:$E$153,3)) | F12: =IF(A12=0,,VLOOKUP(A12,'EQUIPOS 2026'!$A$6:$E$153,5)) -> 0 | H12: =+ROUND(F12*G12,3) -> 0
B13: =IF(A13=0,"",VLOOKUP(A13,'EQUIPOS 2026'!$A$6:$E$153,2)) | C13: =IF(A13=0,"",VLOOKUP(A13,'EQUIPOS 2026'!$A$6:$E$153,3)) | F13: =IF(A13=0,,VLOOKUP(A13,'EQUIPOS 2026'!$A$6:$E$153,5)) -> 0 | H13: =+ROUND(F13*G13,3) -> 0
B14: =IF(A14=0,"",VLOOKUP(A14,'EQUIPOS 2026'!$A$6:$E$153,2)) | C14: =IF(A14=0,"",VLOOKUP(A14,'EQUIPOS 2026'!$A$6:$E$153,3)) | F14: =IF(A14=0,,VLOOKUP(A14,'EQUIPOS 2026'!$A$6:$E$153,5)) -> 0 | H14: =+ROUND(F14*G14,3) -> 0
B15: =IF(A15=0,"",VLOOKUP(A15,'EQUIPOS 2026'!$A$6:$E$153,2)) | C15: =IF(A15=0,"",VLOOKUP(A15,'EQUIPOS 2026'!$A$6:$E$153,3)) | F15: =IF(A15=0,,VLOOKUP(A15,'EQUIPOS 2026'!$A$6:$E$153,5)) -> 0 | H15: =+ROUND(F15*G15,3) -> 0
B16: =IF(A16=0,"",VLOOKUP(A16,'EQUIPOS 2026'!$A$6:$E$153,2)) | C16: =IF(A16=0,"",VLOOKUP(A16,'EQUIPOS 2026'!$A$6:$E$153,3)) | F16: =IF(A16=0,,VLOOKUP(A16,'EQUIPOS 2026'!$A$6:$E$153,5)) -> 0 | H16: =+ROUND(F16*G16,3) -> 0
B17: =IF(A17=0,"",VLOOKUP(A17,'EQUIPOS 2026'!$A$6:$E$153,2)) | C17: =IF(A17=0,"",VLOOKUP(A17,'EQUIPOS 2026'!$A$6:$E$153,3)) | F17: =IF(A17=0,,VLOOKUP(A17,'EQUIPOS 2026'!$A$6:$E$153,5)) -> 0 | H17: =+ROUND(F17*G17,3) -> 0
B18: =IF(A18=0,"",VLOOKUP(A18,'EQUIPOS 2026'!$A$6:$E$153,2)) | C18: =IF(A18=0,"",VLOOKUP(A18,'EQUIPOS 2026'!$A$6:$E$153,3)) | F18: =IF(A18=0,,VLOOKUP(A18,'EQUIPOS 2026'!$A$6:$E$153,5)) -> 0 | H18: =+ROUND(F18*G18,3) -> 0
B19: Subtotal Equipo | H19: =SUM(H11:H18) -> 0
B21: II. MATERIALES EN OBRA | P21: MATERIALES
B22: CODIGO | C22: DESCRIPCIÓN | E22: UNIDAD | F22: VALOR UNITARIO | G22: CANTIDAD | H22: VALOR UNITARIO
B23: =IF(A23=0,"",VLOOKUP(A23,MATERIALES!A6:$E$475,2)) | C23: =IF(A23=0,"",VLOOKUP(A23,MATERIALES!A6:$E$475,3)) | E23: =IF(A23=0,"",VLOOKUP(A23,MATERIALES!A6:$E$475,4)) | F23: =IF(A23=0,,VLOOKUP(A23,MATERIALES!A6:$E$475,5)) -> 0 | H23: =+ROUND(G23*F23,3) -> 0
B24: =IF(A24=0,"",VLOOKUP(A24,MATERIALES!A7:$E$475,2)) | C24: =IF(A24=0,"",VLOOKUP(A24,MATERIALES!A7:$E$475,3)) | E24: =IF(A24=0,"",VLOOKUP(A24,MATERIALES!A7:$E$475,4)) | F24: =IF(A24=0,,VLOOKUP(A24,MATERIALES!A7:$E$475,5)) -> 0 | H24: =+ROUND(G24*F24,3) -> 0 | P24: {=_xlfn._xlws.FILTER(MATERIALES!C6:C467,ISNUMBER(FIND(J25,MATERIALES!C6:C467)),"NO ENCONTRADO")} -> #NAME?
B25: =IF(A25=0,"",VLOOKUP(A25,MATERIALES!A8:$E$475,2)) | C25: =IF(A25=0,"",VLOOKUP(A25,MATERIALES!A8:$E$475,3)) | E25: =IF(A25=0,"",VLOOKUP(A25,MATERIALES!A8:$E$475,4)) | F25: =IF(A25=0,,VLOOKUP(A25,MATERIALES!A8:$E$475,5)) -> 0 | H25: =+ROUND(G25*F25,3) -> 0 | I25: EQUIPO: | J25: Acero A-37
B26: =IF(A26=0,"",VLOOKUP(A26,MATERIALES!A9:$E$475,2)) | C26: =IF(A26=0,"",VLOOKUP(A26,MATERIALES!A9:$E$475,3)) | E26: =IF(A26=0,"",VLOOKUP(A26,MATERIALES!A9:$E$475,4)) | F26: =IF(A26=0,,VLOOKUP(A26,MATERIALES!A9:$E$475,5)) -> 0 | H26: =+ROUND(G26*F26,3) -> 0 | I26: ID | J26: {=_xlfn._xlws.FILTER(MATERIALES!A6:A467,MATERIALES!C6:C467='APU CAP 3 ITEM- 3.2'!J25,"")} -> #NAME?
B27: =IF(A27=0,"",VLOOKUP(A27,MATERIALES!A10:$E$475,2)) | C27: =IF(A27=0,"",VLOOKUP(A27,MATERIALES!A10:$E$475,3)) | E27: =IF(A27=0,"",VLOOKUP(A27,MATERIALES!A10:$E$475,4)) | F27: =IF(A27=0,,VLOOKUP(A27,MATERIALES!A10:$E$475,5)) -> 0 | H27: =+ROUND(G27*F27,3) -> 0
B28: =IF(A28=0,"",VLOOKUP(A28,MATERIALES!A11:$E$475,2)) | C28: =IF(A28=0,"",VLOOKUP(A28,MATERIALES!A11:$E$475,3)) | E28: =IF(A28=0,"",VLOOKUP(A28,MATERIALES!A11:$E$475,4)) | F28: =IF(A28=0,,VLOOKUP(A28,MATERIALES!A11:$E$475,5)) -> 0 | H28: =+ROUND(G28*F28,3) -> 0 | I28: ID | J28: {=_xlfn._xlws.FILTER(MATERIALES!A8:A469,MATERIALES!C8:C469='APU CAP 3 ITEM- 3.2'!J27,"")} -> #NAME?
B29: =IF(A29=0,"",VLOOKUP(A29,MATERIALES!A12:$E$475,2)) | C29: =IF(A29=0,"",VLOOKUP(A29,MATERIALES!A12:$E$475,3)) | E29: =IF(A29=0,"",VLOOKUP(A29,MATERIALES!A12:$E$475,4)) | F29: =IF(A29=0,,VLOOKUP(A29,MATERIALES!A12:$E$475,5)) -> 0 | H29: =+ROUND(G29*F29,3) -> 0 | J29: #NAME?
B30: =IF(A30=0,"",VLOOKUP(A30,MATERIALES!A13:$E$475,2)) | C30: =IF(A30=0,"",VLOOKUP(A30,MATERIALES!A13:$E$475,3)) | E30: =IF(A30=0,"",VLOOKUP(A30,MATERIALES!A13:$E$475,4)) | F30: =IF(A30=0,,VLOOKUP(A30,MATERIALES!A13:$E$475,5)) -> 0 | H30: =+ROUND(G30*F30,3) -> 0
B31: =IF(A31=0,"",VLOOKUP(A31,MATERIALES!A14:$E$475,2)) | C31: =IF(A31=0,"",VLOOKUP(A31,MATERIALES!A14:$E$475,3)) | E31: =IF(A31=0,"",VLOOKUP(A31,MATERIALES!A14:$E$475,4)) | F31: =IF(A31=0,,VLOOKUP(A31,MATERIALES!A14:$E$475,5)) -> 0 | H31: =+ROUND(G31*F31,3) -> 0
B32: Subtotal Materiales en Obra | H32: =SUM(H23:H31) -> 0
Q33: MATERIALES
B34: III. TRANSPORTES
B35: CODIGO | C35: DESCRIPCIÓN | D35: UNIDAD | E35: CANT. (1) | F35: DISTANCIA (2) | G35: TARIFA | H35: VALOR UNITARIO
A36: 1 | B36: =IF(A36=0,"",VLOOKUP(A36,'TRANSPORTE 2026'!$A$6:E42,2)) -> T0100002 | C36: =IF(A36=0,"",VLOOKUP(A36,'TRANSPORTE 2026'!$A$6:E42,3)) -> Transporte de acero | D36: =IF(A36=0,"",VLOOKUP(A36,'TRANSPORTE 2026'!$A$6:$E$42,4)) -> kg-km | G36: =IF(A36=0,,VLOOKUP(A36,'TRANSPORTE 2026'!$A$6:$E$42,5)) -> 9 | H36: =+ROUND(E36*F36*G36,3) -> 0 | Q36: {=_xlfn._xlws.FILTER('TRANSPORTE 2026'!C6:C42,ISNUMBER(FIND(J39,'TRANSPORTE 2026'!C6:C42)),"NO ENCONTRADO")} -> #NAME?
B37: =IF(A37=0,"",VLOOKUP(A37,'TRANSPORTE 2026'!$A$6:E43,2)) | C37: =IF(A37=0,"",VLOOKUP(A37,'TRANSPORTE 2026'!$A$6:E43,3)) | D37: =IF(A37=0,"",VLOOKUP(A37,'TRANSPORTE 2026'!$A$6:$E$42,4)) | G37: =IF(A37=0,,VLOOKUP(A37,'TRANSPORTE 2026'!$A$6:$E$42,5)) -> 0 | H37: =+ROUND(E37*F37*G37,3) -> 0 | Q37: #NAME?
B38: =IF(A38=0,"",VLOOKUP(A38,'TRANSPORTE 2026'!$A$6:E44,2)) | C38: =IF(A38=0,"",VLOOKUP(A38,'TRANSPORTE 2026'!$A$6:E44,3)) | D38: =IF(A38=0,"",VLOOKUP(A38,'TRANSPORTE 2026'!$A$6:$E$42,4)) | G38: =IF(A38=0,,VLOOKUP(A38,'TRANSPORTE 2026'!$A$6:$E$42,5)) -> 0 | H38: =+ROUND(E38*F38*G38,3) -> 0
B39: =IF(A39=0,"",VLOOKUP(A39,'TRANSPORTE 2026'!$A$6:E45,2)) | C39: =IF(A39=0,"",VLOOKUP(A39,'TRANSPORTE 2026'!$A$6:E45,3)) | D39: =IF(A39=0,"",VLOOKUP(A39,'TRANSPORTE 2026'!$A$6:$E$42,4)) | G39: =IF(A39=0,,VLOOKUP(A39,'TRANSPORTE 2026'!$A$6:$E$42,5)) -> 0 | H39: =+ROUND(E39*F39*G39,3) -> 0 | I39: EQUIPO: | J39: Transporte de acero
B40: =IF(A40=0,"",VLOOKUP(A40,'TRANSPORTE 2026'!$A$6:E45,2)) | C40: =IF(A40=0,"",VLOOKUP(A40,'TRANSPORTE 2026'!$A$6:E45,3)) | D40: =IF(A40=0,"",VLOOKUP(A40,'TRANSPORTE 2026'!$A$6:$E$42,4)) | G40: =IF(A40=0,,VLOOKUP(A40,'TRANSPORTE 2026'!$A$6:$E$42,5)) -> 0 | H40: =+ROUND(E40*F40*G40,3) -> 0 | I40: ID | J40: {=_xlfn._xlws.FILTER('TRANSPORTE 2026'!A6:A42,'TRANSPORTE 2026'!C6:C42='APU CAP 3 ITEM- 3.2'!J39,"")} -> #NAME? | K40: {=_xlfn._xlws.FILTER('TRANSPORTE 2026'!D6:D42,'TRANSPORTE 2026'!C6:C42='APU CAP 3 ITEM- 3.2'!J39,"")} -> #NAME?
B41: Subtotal transportes | H41: =SUM(H36:H40) -> 0 | J41: #NAME? | K41: #NAME?
B43: IV. MANO DE OBRA
B44: CODIGO | C44: DESCRIPCIÓN | D44: JORNAL | E44: % PRE. | F44: JORNAL TOTAL | G44: RENDIMIENTO | H44: VALOR UNITARIO
A45: 2 | C45: =IF(A45=0,"",VLOOKUP(A45,'MANO DE OBRA'!A53:G60,2)) -> Cuadrilla AA 1 Of y 2 Ay | D45: =IF(A45=0,"",VLOOKUP(A45,'MANO DE OBRA'!A53:G60,3)) -> 221782 | E45: =IF(A45=0,,0.85) -> 0.85 | F45: =IF(A45=0,"",VLOOKUP(A45,'MANO DE OBRA'!A53:G60,6)) -> 410296.7 | H45: =IF(AND(E45>0,F45>0,G45>0),ROUND(F45/G45,3),0) -> 0
E46: =IF(A46=0,,0.85) -> 0 | H46: =IF(AND(E46>0,F46>0,G46>0),ROUND(F46/G46,3),0) -> 0
E47: =IF(A47=0,,0.85) -> 0 | H47: =IF(AND(E47>0,F47>0,G47>0),ROUND(F47/G47,3),0) -> 0 | I47: EQUIPO: | J47: Cuadrilla AA 1 Ay
E48: =IF(A48=0,,0.85) -> 0 | H48: =IF(AND(E48>0,F48>0,G48>0),ROUND(F48/G48,3),0) -> 0 | I48: ID | J48: {=_xlfn._xlws.FILTER('MANO DE OBRA'!A53:A60,'MANO DE OBRA'!B53:B60='APU CAP 3 ITEM- 3.2'!J47,"")} -> 3
B49: Subtotal mano de obra | H49: =ROUND(SUM(H45:H48),0) -> 0
B51: V. COSTOS DIRECTOS | H51: =+ROUND(H49+H32+H41+H19,0) -> 0

Sheet APU CAP 3 ITEM- 3.3
B2: ANÁLISIS DE PRECIO UNITARIO
B3: =CONCATENATE("PROYECTO: ",'PRESUPUESTO '!E5) -> PROYECTO: RECUPERACION Y CONSERVACIÓN DE ÁREAS DE IMPORTANCIA ESTRATEGICA DE LA ZONA DE INFLUENCIA DEL COMPLEJO CENAGOSO DE CASCALOA DE MAGANGUÉ, BOLÍVAR
B5: =_xlfn.CONCAT("CAPITULO ",K5) -> CAPITULO 3 | D5: =VLOOKUP(K5,'PRESUPUESTO '!B12:K26,2) -> SUBBASE,BASE Y AFIRMADOS | H5: UNIDAD: | J5: CAPITULO | K5: ='PRESUPUESTO '!B23 -> 3
B6: =_xlfn.CONCAT("ÍTEM ",K6) -> #REF! | D6: =VLOOKUP(K6,'PRESUPUESTO '!B12:K26,5) -> #REF! | H6: =VLOOKUP(K6,'PRESUPUESTO '!B12:K26,6) -> #REF! | J6: ITEM | K6: ='PRESUPUESTO '!#REF! -> #REF! | O6: EQUIPOS
B9: I. EQUIPO | I9: EQUIPO: | J9: Astilladora de madera para triturar, potencia aproximada 75 HP | O9: {=_xlfn._xlws.FILTER('EQUIPOS 2026'!C6:C153,ISNUMBER(FIND(J9,'EQUIPOS 2026'!C6:C153)),"NO ENCONTRADO")} -> Astilladora de madera para triturar, potencia aproximada 75 HP
B10: CODIGO | C10: DESCRIPCIÓN | E10: TIPO | F10: TARIFA/HORAD | G10: RENDIMIENTO | H10: VALOR UNITARIO | I10: ID | J10: {=_xlfn._xlws.FILTER('EQUIPOS 2026'!A6:A153,'EQUIPOS 2026'!C6:C153='APU CAP 3 ITEM- 3.3'!J9,"")} -> 3
B11: =IF(A11=0,"",VLOOKUP(A11,'EQUIPOS 2026'!$A$6:$E$153,2)) | C11: =IF(A11=0,"",VLOOKUP(A11,'EQUIPOS 2026'!$A$6:$E$153,3)) | F11: =IF(A11=0,,VLOOKUP(A11,'EQUIPOS 2026'!$A$6:$E$153,5)) -> 0 | H11: =+ROUND(F11*G11,3) -> 0
B12: =IF(A12=0,"",VLOOKUP(A12,'EQUIPOS 2026'!$A$6:$E$153,2)) | C12: =IF(A12=0,"",VLOOKUP(A12,'EQUIPOS 2026'!$A$6:$E$153,3)) | F12: =IF(A12=0,,VLOOKUP(A12,'EQUIPOS 2026'!$A$6:$E$153,5)) -> 0 | H12: =+ROUND(F12*G12,3) -> 0
B13: =IF(A13=0,"",VLOOKUP(A13,'EQUIPOS 2026'!$A$6:$E$153,2)) | C13: =IF(A13=0,"",VLOOKUP(A13,'EQUIPOS 2026'!$A$6:$E$153,3)) | F13: =IF(A13=0,,VLOOKUP(A13,'EQUIPOS 2026'!$A$6:$E$153,5)) -> 0 | H13: =+ROUND(F13*G13,3) -> 0
B14: =IF(A14=0,"",VLOOKUP(A14,'EQUIPOS 2026'!$A$6:$E$153,2)) | C14: =IF(A14=0,"",VLOOKUP(A14,'EQUIPOS 2026'!$A$6:$E$153,3)) | F14: =IF(A14=0,,VLOOKUP(A14,'EQUIPOS 2026'!$A$6:$E$153,5)) -> 0 | H14: =+ROUND(F14*G14,3) -> 0
B15: =IF(A15=0,"",VLOOKUP(A15,'EQUIPOS 2026'!$A$6:$E$153,2)) | C15: =IF(A15=0,"",VLOOKUP(A15,'EQUIPOS 2026'!$A$6:$E$153,3)) | F15: =IF(A15=0,,VLOOKUP(A15,'EQUIPOS 2026'!$A$6:$E$153,5)) -> 0 | H15: =+ROUND(F15*G15,3) -> 0
B16: =IF(A16=0,"",VLOOKUP(A16,'EQUIPOS 2026'!$A$6:$E$153,2)) | C16: =IF(A16=0,"",VLOOKUP(A16,'EQUIPOS 2026'!$A$6:$E$153,3)) | F16: =IF(A16=0,,VLOOKUP(A16,'EQUIPOS 2026'!$A$6:$E$153,5)) -> 0 | H16: =+ROUND(F16*G16,3) -> 0
B17: =IF(A17=0,"",VLOOKUP(A17,'EQUIPOS 2026'!$A$6:$E$153,2)) | C17: =IF(A17=0,"",VLOOKUP(A17,'EQUIPOS 2026'!$A$6:$E$153,3)) | F17: =IF(A17=0,,VLOOKUP(A17,'EQUIPOS 2026'!$A$6:$E$153,5)) -> 0 | H17: =+ROUND(F17*G17,3) -> 0
B18: =IF(A18=0,"",VLOOKUP(A18,'EQUIPOS 2026'!$A$6:$E$153,2)) | C18: =IF(A18=0,"",VLOOKUP(A18,'EQUIPOS 2026'!$A$6:$E$153,3)) | F18: =IF(A18=0,,VLOOKUP(A18,'EQUIPOS 2026'!$A$6:$E$153,5)) -> 0 | H18: =+ROUND(F18*G18,3) -> 0
B19: Subtotal Equipo | H19: =SUM(H11:H18) -> 0
B21: II. MATERIALES EN OBRA | P21: MATERIALES
B22: CODIGO | C22: DESCRIPCIÓN | E22: UNIDAD | F22: VALOR UNITARIO | G22: CANTIDAD | H22: VALOR UNITARIO
B23: =IF(A23=0,"",VLOOKUP(A23,MATERIALES!A6:$E$475,2)) | C23: =IF(A23=0,"",VLOOKUP(A23,MATERIALES!A6:$E$475,3)) | E23: =IF(A23=0,"",VLOOKUP(A23,MATERIALES!A6:$E$475,4)) | F23: =IF(A23=0,,VLOOKUP(A23,MATERIALES!A6:$E$475,5)) -> 0 | H23: =+ROUND(G23*F23,3) -> 0
B24: =IF(A24=0,"",VLOOKUP(A24,MATERIALES!A7:$E$475,2)) | C24: =IF(A24=0,"",VLOOKUP(A24,MATERIALES!A7:$E$475,3)) | E24: =IF(A24=0,"",VLOOKUP(A24,MATERIALES!A7:$E$475,4)) | F24: =IF(A24=0,,VLOOKUP(A24,MATERIALES!A7:$E$475,5)) -> 0 | H24: =+ROUND(G24*F24,3) -> 0 | P24: {=_xlfn._xlws.FILTER(MATERIALES!C6:C467,ISNUMBER(FIND(J25,MATERIALES!C6:C467)),"NO ENCONTRADO")} -> #NAME?
